Workbook
Name Alfalfa_hay: '[1]Crop and grazing yields'!$V$153
Name Carrots_Processed: '[2]Crop and grazing yields'!$V$27
Name Corn: '[1]Crop and grazing yields'!$V$150
Name Corn_Silage: '[1]Crop and grazing yields'!$V$151
Name Fat_content: '[3]Dairy processing conversions'!$L$47
Name grazing_land_yield: '[1]Crop and grazing yields'!$V$174
Name Hay_haylage_exlc_alfalfa: '[1]Crop and grazing yields'!$V$152
Name Percent__Dedicated__beef: '[4]Livestock feed requirements'!$B$39
Name Skimsolid_content: '[3]Dairy processing conversions'!$L$48
Name Soybeans: '[1]Crop and grazing yields'!$V$161
Name Tomatoes_Processed: '[2]Crop and grazing yields'!$V$59

Sheet README
A1: Iowa UrbanFEWS LCA | B1: Localized Food System LCA (Midwest US)
A2: This spreadsheet models the Des Moines, Iowa, US, Statistical Metropolitan Area (DM-MSA) food system under three scenarios. (1) current food production and consumption conditions (BASE), (2) 50% of the nutritional requirements are produced locally within the MSA under current consumption conditions (LOCAL), and (3) a local scenario where land use is based on an Agent Based Model (ABM-LCA) of producers in the DM-MSA. The Model Controls tabs (1. LCA Controls & 2. ABM-LCA Controls) can be used to generate Life Cycle Assessment (LCA) model results which vary by scenario. LCA outputs quantify the environmental impacts of the food system generated at a metropolitan scale (DM-MSA) which are connected with additional models as part of the Iowa Urban FEWS project. All tabs in this spreadsheet besides the control panel are the dataset, sources and equations supporting this model. The underlying LCA model is modified from the US Environmentally-Extended Input-Output Model (USEEIO) v2.0.1-411 model as described in Ingwersen et al. 2022 (https://doi.org/10.1038/s41597-022-01293-7), and Yang et al., 2017 (https://doi.org/10.1016/j.jclepro.2017.04.150).
A5: Tab Name | B5: Description | E5: Scenarios
A6: README | B6: Description of tables, scenarios, and key equations | E6: BASE | F6: Current food production and consumption conditions to meet 50% of dietary needs for the DM-MSA
A7: 1. LCA Contols | B7: A control panel where the year (2020 - 2050) can be selected and model results are displayed for two scenarios: the baseline 50% food consumption (BASE) and 50% local diet (LOCAL) food system scenarios. | E7: LOCAL | F7: Food production with 50% of dietary needs for the DM-MSA grown within the DM-MSA under current consumption conditions
A8: Table 1.1 | B8: Model Inputs: identify year of simulation (population values auto-populate) | E8: ABM-LOCAL | F8: A scenario with land use for food grown within the DM-MSA determined based on an Agent Based Model (ABM) for the DM-MSA under current consumption conditions
A9: Table 1.2 | B9: Land use for table food by food group and scenario
A10: Table 1.3 | B10: Environmental impacts by scenario | E10: Summary Table: % of each food group included in the 50% modeled diet (details in 11. Diets tab)
A11: 2. ABM-LCA Controls | B11: A control panel where the year (2020 - 2050) can be selected and model results are displayed for one scenario: table food land use in the DM-MSA come from an Agent Based Model (ABM) and the amount of current consumption this amount of land use would produce is displayed. | E11: Food groups | F11: % included by food group | G11: servings /person/day
A12: Table 2.1 | B12: Model Inputs: identify year of simulation (population values auto-populate) | E12: Protein | F12: =SUM('11. Diet'!I3:I7)/G12 -> 0.50066796 | G12: 7.71
A13: Table 2.2 | B13: Land use for table food by food group and scenario | E13: Protein - Legumes | F13: ='11. Diet'!I7/G13 -> 0.49609375 | G13: 0.32
A14: Table 2.3 | B14: Environmental impacts by scenario | E14: Dairy | F14: =SUM('11. Diet'!I8:I9)/G14 -> 0.50337748 | G14: 1.51
A15: Table 2.4 | B15: Percentage of 50% Local consumption land use listed in Table 2.1 will provide by food group | E15: Fruits | F15: =SUM('11. Diet'!I10:I18)/G15 -> 0.49886364 | G15: 0.88
A16: 3. Outputs BASE | B16: The USEEIO dataset converts $/MSA/year into environmental outputs by category for the BASE food system scenario using the functional unit of kg /MSA/year. | E16: Vegetables | F16: =SUM('11. Diet'!I19:I41)/G16 -> 0.50160541 | G16: 1.85
A17: Table 3.1 | B17: Outputs of the BASE scenario | E17: Vegetable - Dark Green | G17: 0.15
A18: 4. Outputs LOCAL | B18: A modified USEEIO for a local food system (LOCAL) scenario calculating environmental outputs first by category for the LOCAL scenario using the functional unit of kg/MSA/year | E18: Vegetable - Red Orange | G18: 0.2
A19: Table 4.1 | B19: Outputs of the LOCAL scenario | E19: Vegetable - Starchy | G19: 0.3
A20: 5. Outputs ABM-LOCAL | B20: USEEIO outputs for the ABM scenario | E20: Vegetable - Legumes | F20: =SUM('11. Diet'!I34)/G20 -> 0.49609375 | G20: =G13/6.35 -> 0.050393701
A21: Table 5.1 | B21: Outputs of the ABM-LOCAL scenario | E21: Vegetable - Other | G21: 0.25
A22: 6. ABM Inputs | B22: Inputs for the ABM scenario | E22: Grains | F22: =SUM('11. Diet'!I42:I43)/G22 -> 0.50209639 | G22: 6.64
A23: Table 6.1 | B23: ABM-LCA model Inputs | E23: Oil | F23: =SUM('11. Diet'!I44:I45)/G23 -> 0.50016432 | G23: 63.9
A24: Table 6.2 | B24: Local livestock feed proportions | E24: Sugar | F24: =SUM('11. Diet'!I46:I47)/G24 -> 0.50326786 | G24: 22.4
A25: 7. BASE to LOCAL | B25: Adjustments made from BASE to LOCAL by food system stage based on adjustment factors in Local Prod through Waste, Losses tabs
A26: Table 7.1 | B26: Proportional difference between BASE and LOCAL scenarios | E26: Full name for modeled foods | F26: Short food name
A27: Table 7.2 | B27: Proportion emissions by food system stage | E27: 311615/packaged poultry/us | F27: Chicken
A28: 8. Prices | B28: Average food costs by USEEIO category with BASE to LOCAL adjustments integrated. Prices are inputs to Outputs tabs. | E28: 31161a/packaged meat (except poultry)/us | F28: Beef
A29: Table 8.1 | B29: Food prices | E29: 31161a/packaged meat (except poultry)/us | F29: Pork
A30: Table 8.2 | B30: Food prices within sub-groups | E30: 112300/poultry farms/us | F30: Eggs
A31: 9. Price adj | B31: Price adjustments to change year (inflation corrected) and convert from consumer to producer prices | E31: 1111b0/fresh wheat, corn, rice, and other grains/us | F31: Beans, dry
A32: Table 9.1 | B32: Price adjustment ratios by year | E32: 311513/cheese/us | F32: Cheese
A33: 10. Population | B33: Current and projected future population for the MSA the model adjusts consumption requirements accordingly. | E33: 31151a/fluid milk and butter/us | F33: Milk
A34: Table 10.1 | B34: Population projections for the DM-MSA | E34: 111300/fresh fruits and tree nuts/us | F34: Apple
A35: 11. Diets | B35: Foods are grouped into categories and 50% of consumption for the current diet is quantified. Consumption amounts in kg/MSA/year inform the 8. Prices tab which are used in the Outputs tabs (3-5). | F35: Melon
A36: Table 11.1 | B36: Diet composition | F36: Blueberries
A37: Table 11.2 | B37: Preserved fruit/ vegetable weights | F37: Cherries
A38: Table 11.3 | B38: Processed grain weights | F38: Grapes
A39: Table 11.4 | B39: Percent of consumption for each food type included in each food category | F39: Pears
A40: Table 11.5 | B40: ABM-LCA preserved fruit/ vegetable weights | F40: Raspberries
A41: 12. Nutrition | B41: The macronutritional value of the current modeled diet to check that the diet meets 50% of the nutritional requirements for the MSA. | F41: Strawberries
A42: Table 12.1 | B42: Dietary marconutrient summary | E42: 311420/fruit and vegetable preservation/us | F42: Preserved, Fruit
A43: Table 12.2 | B43: Dietary macronutrients | E43: 111200/fresh vegetables, melons, and potatoes/us | F43: Broccoli
A44: 13. Yields | B44: Crop and feed yields which connect to 14. Land Req | F44: Collard Greens
A45: Table 13.1 | B45: Agricultural yields | F45: Kale
A46: Table 13.2 | B46: Preserved fruit and vegetable yields | F46: Lettuce, loose-leaf
A47: 14. Land Req | B47: The total land use for the scenarios required for each scenario | F47: Spinach
A48: Table 14.1 | B48: Agricultural land requirements | E48: 311420/fruit and vegetable preservation/us | F48: Preserved, Dark Green
A49: 15. Ag Prod | B49: Local production practices are quantified | E49: 111200/fresh vegetables, melons, and potatoes/us | F49: Carrots
A50: Table 15.1 | B50: Agricultural production BASE to LOCAL GWP and energy | F50: Pumpkin
A51: Table 15.2 | B51: Agricultural production BASE to LOCAL land use | F51: Sweet Potatoes
A52: Table 15.3 | B52: Adjustment factors for local production practices | F52: Tomatoes
A53: 16. Processing, Market | B53: Current and future market and processing assumptions are quantified | E53: 311420/fruit and vegetable preservation/us | F53: Preserved, Orange & Red
A54: Table 16.1 | B54: Packaging emissions for BASE and LOCAL scenarios | E54: 111200/fresh vegetables, melons, and potatoes/us | F54: Corn, Sweet
A55: Table 16.2 | B55: Retail emissions for BASE and LOCAL scenarios | F55: Green Peas
A56: Table 16.3 | B56: Adjustment factor for local packaging | F56: Potatoes
A57: Table 16.4 | B57: Adjustment factor for local retail | E57: 311420/fruit and vegetable preservation/us | F57: Preserved, Starchy
A58: Table 16.5 | B58: Wholesale market share | E58: 111200/fresh vegetables, melons, and potatoes/us | F58: Beans, dry
A59: Table 16.6 | B59: Local wholesale market channels (% of total) | E59: 111200/fresh vegetables, melons, and potatoes/us | F59: Beans, Snap
A60: 17. Tranport | B60: Transportation distances by scenario and food type | F60: Cabbage
A61: Table 17.1 | B61: Food transport for BASE and LOCAL scenarios | F61: Cucumber
A62: 18. Losses, Waste | B62: Losses and waste to account for the amount of food production to meet consumption needs, as well as conversion factors for value-added foods (e.g., cheese, high fructose corn syrup) | F62: Lettuce, Iceberg
A63: Table 18.1 | B63: Food waste and losses | F63: Onions
A64: Table 18.2 | B64: Local adjustment factor for losses and waste by food group | F64: Squash
E65: 311420/fruit and vegetable preservation/us | F65: Preserved, Other
A66: Key Equations | E66: 311210/flours and malts/us | F66: Wheat flour
A67: Adjustment factor equation: Table 15.3, 16.3, 16.4, 17.2, 18.2. Average difference between BASE and LOCAL for each food type weighted by contribution to the food group | F67: Corn flour
A68: (Adjustment factor (BASE/LOCAL) food type 1 total GWP * (Food type 1 consumption (unit/capita/day) / Food group consumption (unit/capita/day))) + (Adjustment factor (BASE/LOCAL) food 2 total GWP * (Food type 1 consumption (unit/capita/day) / Food group consumption (unit/capita/day))) ... food 3... food 4... etc. | E68: 311225/refined vegetable, olive, and seed oils/us | F68: Soybean Oil
A69: Outputs USEEIO equation: Table 3.1, 4.1, 5.1 | F69: Canola Oil
A70: (MSA FS LOCAL ($/MSA/year) by food category 1 * environmental impact 1) + (MSA FS LOCAL ($/MSA/year) by food category 2 * environmental impact 1) .... food category 3...4...5 | E70: 311300/sugar, candy, and chocolate/us, 312110/soft drinks, bottled water, and ice/us | F70: Corn Syrup
F71: Sugar,cane and beet
A72: Notes | E72: 1111b0/fresh wheat, corn, rice, and other grains/us | F72: Corn, Commodity
A73: Fruit and Vegetables Preserved catergories are all a weighted average by food type (based on 50% diet inclusion) with proportions found in Table 11.2 | E73: 1111a0/fresh soybeans, canola, flaxseeds, and other oilseeds/us | F73: Soybean, Commodity

Sheet 1. LCA Controls
A1: 1. LCA control panel
A2: Iowa UrbanFEWS LCA model of the Des Moines Metropolitan Statistical Area (MSA) Food System generates LCA outputs which vary by scenario for food systems under current production and consumpion and in a future scenario where 50% of the nutritional requirements are produced locally within the MSA
A4: Table 1.1: Model inputs
A5: Model Year | B5: 2040 | C5: Range: 2020 - 2050
A6: Model Population | B6: =VLOOKUP(B5,'10. Population'!A3:B34, 2, FALSE) -> 823018 | C6: Auto-populates from 10. Population
A8: Model outputs
A9: Table 1.2: Land use for table food by food group and scenario
A10: Total agricultural land use (ha) | B10: BASE | C10: LOCAL
A11: Protein (cropland) | B11: =SUM('14. Land Req '!D4:D8) -> 11882.411 | C11: =SUM('14. Land Req '!E4:E8) -> 10616.591
A12: Protein (pasture/forage) | B12: ='14. Land Req '!F5 -> 38928.865 | C12: =SUM('14. Land Req '!G4:G8) -> 37750.574
A13: Dairy (cropland) | B13: =SUM('14. Land Req '!D9:D10) -> 525.18401 | C13: =SUM('14. Land Req '!E9:E10) -> 288.26284
A14: Dairy (pasture/forage) | B14: =SUM('14. Land Req '!F9:F10) -> 4164.7216 | C14: =SUM('14. Land Req '!G9:G10) -> 6737.9789
A15: Fruit (orchard/vineyard) | B15: =SUM('14. Land Req '!D11, '14. Land Req '!D14:D16, ('14. Land Req '!D19 * (SUM('11. Diet'!B51:B53,'11. Diet'!B55:B57))) ) -> 893.70384 | C15: =SUM('14. Land Req '!E11,'14. Land Req '!E14:E16)+('14. Land Req '!E19*(SUM('11. Diet'!B51:B53,'11. Diet'!B55:B57))) -> 1121
A16: Fruit (berry/melon) | B16: =SUM('14. Land Req '!D12:D13,'14. Land Req '!D17:D18) + ('14. Land Req '!D19*(SUM('11. Diet'!B54,'11. Diet'!B58:B59))) -> 707.45033 | C16: =SUM('14. Land Req '!E12:E13, '14. Land Req '!E17:E18) + ('14. Land Req '!E19*(SUM('11. Diet'!B54,'11. Diet'!B58:B59))) -> 731.70054
A17: Vegetables (specialty) | B17: =SUM('14. Land Req '!D20:D26, '14. Land Req '!D28:D30, '14. Land Req '!D33, '14. Land Req '!D37:D41, ('14. Land Req '!D34*'2. ABM-LCA Controls'!$B59), ('14. Land Req '!D42*'2. ABM-LCA Controls'!$B61)) -> 1531.0113 | C17: =SUM('14. Land Req '!E20:E26, '14. Land Req '!E28:E30, '14. Land Req '!E33, '14. Land Req '!E37:E41, ('14. Land Req '!E34*'2. ABM-LCA Controls'!$B59), ('14. Land Req '!E42*'2. ABM-LCA Controls'!$B61)) -> 1347.7091
A18: Vegetables (field) | B18: =SUM('14. Land Req '!D27, '14. Land Req '!D31:D32, '14. Land Req '!D35:D36, ('14. Land Req '!D34*'2. ABM-LCA Controls'!$B60), ('14. Land Req '!D42*'2. ABM-LCA Controls'!$B62)) -> 1081.5863 | C18: =SUM('14. Land Req '!E27, '14. Land Req '!E31:E32, '14. Land Req '!E35:E36, ('14. Land Req '!E34*'2. ABM-LCA Controls'!$B60), ('14. Land Req '!E42*'2. ABM-LCA Controls'!$B62)) -> 1009.7118
A19: Grains | B19: =SUM('14. Land Req '!D43:D44) -> 14141.878 | C19: =SUM('14. Land Req '!E43:E44) -> 12440.968
A20: Oil | B20: =SUM('14. Land Req '!D45:D46) -> 29555.907 | C20: =SUM('14. Land Req '!E45:E46) -> 23238.271
A21: Sugar | B21: =SUM('14. Land Req '!D47:D48) -> 4659.2341 | C21: =SUM('14. Land Req '!E47:E48) -> 4279.1004
A22: Commodity crops (corn/soy) | B22: =SUM('14. Land Req '!D49:D50) -> 468681.83 | C22: =SUM('14. Land Req '!E49:E50) -> 397349.16
A23: Pasture LU (ha) | B23: =SUM(B12,B14) -> 43093.587 | C23: =SUM(C12,C14) -> 44488.553
A24: % MSA agricultural (ag) land in pasture | C24: =C23/'14. Land Req '!$B$66 -> 0.064072369
A25: Cropland LU (ha) | B25: =SUM(B11, B13, B15:B21) -> 64978.367 | C25: =SUM(C11, C13, C15:C21) -> 55073.315
A26: % of MSA ag land in crop production | C26: =C25/'14. Land Req '!$B$66 -> 0.079316532
A27: Total LU (ha) | B27: =SUM(B23,B25) -> 108071.95 | C27: =SUM(C23,C25) -> 99561.868
A28: Total % | C28: =SUM(C24,C26) -> 0.1433889
A30: Table 1.3: Environmental impacts by scenario
A31: Environmental impacts | B31: BASE | C31: LOCAL
A32: Energy Use (MJ) | B32: ='3. Outputs BASE'!B8 -> 7.4429876e+09 | C32: ='4. Outputs LOCAL'!B8 -> 6.4325932e+09
A33: Freshwater withdrawals (m3) | B33: ='3. Outputs BASE'!B11 -> 2.6912461e+11 | C33: ='4. Outputs LOCAL'!B11 -> 1.9029584e+11
A34: Global Warming Potential (kg co2 eq) | B34: ='3. Outputs BASE'!B12 -> 1.6417699e+09 | C34: ='4. Outputs LOCAL'!B12 -> 1.4080033e+09
A36: BASE only environmental impacts | B36: BASE
A37: Acid Rain Potential (kg so2-eq) | B37: ='3. Outputs BASE'!B4 -> 10691887
A38: Commercial Construction and Demolition Debris | B38: ='3. Outputs BASE'!B5 -> 4954033.3
A39: Commercial Municipal Solid Waste | B39: ='3. Outputs BASE'!B6 -> 9082193
A40: Commercial RCRA Hazardous Waste | B40: ='3. Outputs BASE'!B7 -> 4825280.4
A41: Eutrophication Potential (kg n eq) | B41: ='3. Outputs BASE'!B9 -> 13386973
A42: Freshwater Aquatic Ecotoxicity Potential (ctue) | B42: ='3. Outputs BASE'!B10 -> 1.3973198e+10
A43: Hazardous Air Pollutants Release (kg) | B43: ='3. Outputs BASE'!B11 -> 2.6912461e+11
A44: Human Health - Cancer Potential (ctuh) | B44: ='3. Outputs BASE'!B12 -> 1.6417699e+09
A45: Human Health - Noncancer Potential (ctuh - disease cases/kg emitted) | B45: ='3. Outputs BASE'!B13 -> 116728.49
A46: Human Health - Respiratory Effects Potential (kg pm2.5 eq) | B46: ='3. Outputs BASE'!B14 -> 0.4889522
A47: Human Health - Toxicity Potential (ctuh) | B47: ='3. Outputs BASE'!B15 -> 5.5345629
A48: Jobs Supported (# of jobs) | B48: ='3. Outputs BASE'!B16 -> 3604055.2
A49: Mineral and metals use (kg) | B49: ='3. Outputs BASE'!B17 -> 6.0235151
A50: Nonnrenewsable Energy Use (MJ) | B50: ='3. Outputs BASE'!B18 -> 6145.9859
A51: Ozone Depletion Potential (kg cfc11-eq) | B51: ='3. Outputs BASE'!B19 -> 8.5134325e+09
A52: Pesticide Release (kg) | B52: ='3. Outputs BASE'!B20 -> 6.5915761e+08
... A55: Value Added ($) | B55: ='3. Outputs BASE'!B23 -> 445329.82
A58: Notes
A59: Fruit (orchard/vineyard) includes all perennial fruits - apple, cherry, grape, pear
A60: Fruit (berry/melon) includes melon, blueberry, raspberry, strawberry
A61: Vegetable (field) include sweet corn, pumpkin, snap beans, dried beans, and pea, all other vegetables are listed as specialty

Sheet 2. ABM-LCA Controls
A1: 2. ABM-LCA control panel
A2: Iowa UrbanFEWS LCA model of the Des Moines Metropolitan Statistical Area (MSA) Food System generates LCA outputs which vary by scenario for food system based on land use supplied by an Agent Based Model (ABM) of MSA producers. The percentage of nutritional requirements produced locally within the MSA are then tabulated.
A4: Table 2.1: Model inputs
A5: Model Year | B5: 2020 | C5: Range: 2020 - 2050
A6: Model Population | B6: =VLOOKUP(B5,'10. Population'!A3:B34, 2, FALSE) -> 704990 | C6: Auto-populates from 10. Population
A9: Table 2.2: Land use for table food by food group and scenario
A10: Total agricultural land use (ha) | B10: ABM-LOCAL
A11: Protein (cropland) | B11: 9094.0791
A12: Protein (pasture/forages) | B12: 32336.811
A13: Dairy (cropland) | B13: 246.92342
A14: Dairy (pasture/forage) | B14: 5771.6936
A15: Fruit (orchard/vineyard) | B15: 960.23878
A16: Fruit (berry/melon) | B16: 626.76826
A17: Vegetables (specialty) | B17: 1324.4915
A18: Vegetables (field) | B18: 1179.9467
A19: Grains | B19: 10656.824
A20: Oil | B20: 19905.699
A21: Sugar | B21: 3665.4399
A22: Commodity crops (corn/soy)
A23: Pasture LU (ha) | B23: =SUM(B12,B14) -> 38108.505
A24: % MSA agricultural (ag) land in pasture | B24: =B23/'14. Land Req '!$B$66 -> 0.054883829
A25: Cropland LU (ha) | B25: =SUM(B11, B13, B15:B21) -> 47660.411
A26: % of MSA ag land in crop production | B26: =B25/'14. Land Req '!$B$66 -> 0.068640475
A27: Total LU (ha) | B27: =SUM(B23,B25) -> 85768.915
A28: Total % | B28: =SUM(B24,B26) -> 0.1235243
A29: Model outputs
A30: Table 2.3: Environmental impacts by scenario
A31: Environmental Impacts | B31: ABM-LOCAL
A32: Energy Use (MJ) | B32: ='5. Outputs ABM-LOCAL'!B4 -> 2.6697863e+09
A33: Freshwater withdrawals (m3) | B33: ='5. Outputs ABM-LOCAL'!B5 -> 5.5253737e+10
A34: Global Warming Potential (kg co2 eq) | B34: ='5. Outputs ABM-LOCAL'!B6 -> 4.9809518e+08
A36: Table 2.4: Percent nutritional intake by food group | B36: Proportion local of 50% Diet by ABM-LCA food group (%)
A37: Protein (animal-based) | B37: =SUM('6. ABM-LCA Inputs'!G3:G6)/SUM('6. ABM-LCA Inputs'!B3:B6) -> 1
A38: Protein (plant-based) | B38: =SUM('6. ABM-LCA Inputs'!G7)/SUM('6. ABM-LCA Inputs'!B7) -> 1
A39: Dairy | B39: =SUM('6. ABM-LCA Inputs'!G8:G9)/ SUM('6. ABM-LCA Inputs'!B8:B9) -> 1
A40: Fruit (orchard/vineyard) | B40: =(SUM('6. ABM-LCA Inputs'!G10, '6. ABM-LCA Inputs'!G13:G15) + ('6. ABM-LCA Inputs'!G18*'11. Diet'!F61)) / (SUM('6. ABM-LCA Inputs'!B10, '6. ABM-LCA Inputs'!B13:B15) + ('6. ABM-LCA Inputs'!B18*'11. Diet'!F61)) -> 1
A41: Fruit (berry/melon) | B41: =(SUM('6. ABM-LCA Inputs'!G11:G12, '6. ABM-LCA Inputs'!G16:G17) + ('6. ABM-LCA Inputs'!G18*'11. Diet'!F62))/ (SUM('6. ABM-LCA Inputs'!B11:B12, '6. ABM-LCA Inputs'!B16:B17) + ('6. ABM-LCA Inputs'!B18*'11. Diet'!F62)) -> 1
A42: Vegetables (specialty) | B42: =(SUM('6. ABM-LCA Inputs'!G19:G25, '6. ABM-LCA Inputs'!G27:G29, '6. ABM-LCA Inputs'!G32, '6. ABM-LCA Inputs'!G36:G40) + ('6. ABM-LCA Inputs'!G33*'11. Diet'!$E$63) + ('6. ABM-LCA Inputs'!G41*'11. Diet'!$E$65)) / (SUM('6. ABM-LCA Inputs'!B19:B25, '6. ABM-LCA Inputs'!B27:B29, '6. ABM-LCA Inputs'!B32, '6. ABM-LCA Inputs'!B36:B40) + ('6. ABM-LCA Inputs'!B33*'11. Diet'!$E$63) + ('6. ABM-LCA Inputs'!B41*'11. Diet'!$E$65)) -> 0.91608648
A43: Vegetables (field) | B43: =(SUM('6. ABM-LCA Inputs'!G26, '6. ABM-LCA Inputs'!G30:G31, '6. ABM-LCA Inputs'!G34:G35) + ('6. ABM-LCA Inputs'!G33*'11. Diet'!$E$64) + ('6. ABM-LCA Inputs'!G41*'11. Diet'!$E$66))/(SUM('6. ABM-LCA Inputs'!B26, '6. ABM-LCA Inputs'!B30:B31, '6. ABM-LCA Inputs'!B34:B35) + ('6. ABM-LCA Inputs'!B33*'11. Diet'!$E$64) + ('6. ABM-LCA Inputs'!B41*'11. Diet'!$E$66)) -> 1.0737221
A44: Grains | B44: =(SUM('6. ABM-LCA Inputs'!G42:G43)) / (SUM('6. ABM-LCA Inputs'!B42:B43)) -> 1
A45: Oil | B45: =(SUM('6. ABM-LCA Inputs'!G44:G45)) / (SUM('6. ABM-LCA Inputs'!B44:B45)) -> 1
A46: Sugar | B46: =(SUM('6. ABM-LCA Inputs'!G46:G47)) / (SUM('6. ABM-LCA Inputs'!B46:B47)) -> 1
A47: Proportion of 50% Diet produced in the MSA (% local) | B47: =AVERAGE(B37:B46) -> 0.99898086
A49: Notes
A50: Fruit (orchard/vineyard) includes all perennial fruits - Apple, Cherry, Grape, Pear
A51: Fruit (berry/melon) includes Melon, Blueberry, Raspberry, Strawberry
A52: Vegetable (field) include sweet corn, pumpkin, snap beans, dried beans, and pea, all other vegetables are listed as Vegetable (specialty)

Sheet 3. Outputs BASE
A1: 3.1 Outputs of the BASE scenario
A2: MSA FS BASE ($/MSA/year) by food category | B2: =SUM(C2:T2) -> 9.6434739e+08 | C2: ='8. Prices'!$C3 -> 57915802 | D2: =SUM('8. Prices'!C4:C5) -> 1.1665979e+08 | E2: ='8. Prices'!$C6 -> 16701263 | F2: ='8. Prices'!$C7 -> 3874311.7 | G2: =SUM('8. Prices'!C8) -> 48567712 | H2: =SUM('8. Prices'!C9) -> 10597503 | I2: =(SUM('8. Prices'!C10:C17))+((SUM('8. Prices'!C18)) *0.85) -> 46821867 | J2: =(SUM('8. Prices'!C19:C23, '8. Prices'!C25:C28, '8. Prices'!C30:C32, '8. Prices'!C34:C39)) + ((SUM('8. Prices'!C24, '8. Prices'!C29, '8. Prices'!C33, '8. Prices'!C40)) *0.85) -> 68549350 | K2: =((SUM('8. Prices'!C18, '8. Prices'!C24, '8. Prices'!C29, '8. Prices'!C33, '8. Prices'!C40)) *0.15) -> 6626687.3 | L2: ='8. Prices'!$C41 -> 10628586 | M2: ='8. Prices'!$C42 -> 32603718 | N2: ='8. Prices'!$C43 -> 11393346 | O2: ='8. Prices'!C44 -> 3305815.2 | P2: =SUM('8. Prices'!$C45:$C46) -> 10395664 | Q2: =SUM('8. Prices'!$C47:$C48)*0.656 -> 12114059 | R2: =SUM('8. Prices'!$C47:$C48)*0.344 -> 6352494.5 | S2: ='8. Prices'!C50 -> 1.7882354e+08 | T2: ='8. Prices'!C49 -> 3.2241588e+08
A3: Environmental Impacts | B3: BASE | C3: 311615/packaged poultry/us | D3: 31161a/packaged meat (except poultry)/us | E3: 112300/poultry farms/us | F3: 1111b0/fresh wheat, corn, rice, and other grains/us | G3: 311513/cheese/us | H3: 31151a/fluid milk and butter/us | I3: 111300/fresh fruits and tree nuts/us | J3: 111200/fresh vegetables, melons, and potatoes/us | K3: 311420/fruit and vegetable preservation/us | L3: 311230/breakfast cereals/us | M3: 311810/bread and other baked goods/us | N3: 3118a0/cookies, crackers, pastas, and tortillas/us | O3: 311210/flours and malts/us | P3: 311225/refined vegetable, olive, and seed oils/us | Q3: 311300/sugar, candy, and chocolate/us | R3: 312110/soft drinks, bottled water, and ice/us | S3: 1111a0/fresh soybeans, canola, flaxseeds, and other oilseeds/us | T3: 1111b0/fresh wheat, corn, rice, and other grains/us
A4: Acidification Potential | B4: =(C4*$C$2)+(D4*$D$2)+(E4*$E$2)+(F4*$F$2)+(G4*$G$2)+(H4*$H$2)+(I4*$I$2)+(J4*$J$2)+(K4*$K$2)+(L4*$L$2)+(M4*$M$2)+(N4*$N$2)+(O4*$O$2)+(P4*$P$2)+(Q4*$Q$2)+(S4*$S$2)+(T4*$T$2) -> 10691887 | C4: 0.013187603 | D4: 0.021092445 | E4: 0.023387754 | F4: 0.014158051 | G4: 0.012497515 | H4: 0.010868286 | I4: 0.0036877408 | J4: 0.0068571386 | K4: 0.0036576241 | L4: 0.0029477321 | M4: 0.0026449998 | N4: 0.0041461355 | O4: 0.0091413083 | P4: 0.0040758521 | Q4: 0.0027536555 | R4: 0.0016837132 | S4: 0.004459002 | T4: 0.014158051
A5: Commercial Construction and Demolition Debris | B5: =(C5*$C$2)+(D5*$D$2)+(E5*$E$2)+(F5*$F$2)+(G5*$G$2)+(H5*$H$2)+(I5*$I$2)+(J5*$J$2)+(K5*$K$2)+(L5*$L$2)+(M5*$M$2)+(N5*$N$2)+(O5*$O$2)+(P5*$P$2)+(Q5*$Q$2)+(S5*$S$2)+(T5*$T$2) -> 4954033.3 | C5: 0.0038657476 | D5: 0.0034433565 | E5: 0.0044581216 | F5: 0.0067071101 | G5: 0.0041982332 | H5: 0.0041842981 | I5: 0.0030253071 | J5: 0.0050199593 | K5: 0.0035699334 | L5: 0.0038456429 | M5: 0.0043349566 | N5: 0.0040436066 | O5: 0.0059289981 | P5: 0.0049060528 | Q5: 0.0037875688 | R5: 0.0035324278 | S5: 0.0053857302 | T5: 0.0067071101
A6: Commercial Municipal Solid Waste | B6: =(C6*$C$2)+(D6*$D$2)+(E6*$E$2)+(F6*$F$2)+(G6*$G$2)+(H6*$H$2)+(I6*$I$2)+(J6*$J$2)+(K6*$K$2)+(L6*$L$2)+(M6*$M$2)+(N6*$N$2)+(O6*$O$2)+(P6*$P$2)+(Q6*$Q$2)+(S6*$S$2)+(T6*$T$2) -> 9082193 | C6: 0.011484259 | D6: 0.010330612 | E6: 0.010824935 | F6: 0.0089774041 | G6: 0.012104943 | H6: 0.010497136 | I6: 0.0072716236 | J6: 0.0083993286 | K6: 0.010497452 | L6: 0.009683169 | M6: 0.024146752 | N6: 0.010141802 | O6: 0.010275886 | P6: 0.011208463 | Q6: 0.0098340678 | R6: 0.008641708 | S6: 0.0063837232 | T6: 0.0089774041
A7: Commercial RCRA Hazardous Waste | B7: =(C7*$C$2)+(D7*$D$2)+(E7*$E$2)+(F7*$F$2)+(G7*$G$2)+(H7*$H$2)+(I7*$I$2)+(J7*$J$2)+(K7*$K$2)+(L7*$L$2)+(M7*$M$2)+(N7*$N$2)+(O7*$O$2)+(P7*$P$2)+(Q7*$Q$2)+(S7*$S$2)+(T7*$T$2) -> 4825280.4 | C7: 0.0038991882 | D7: 0.0024918276 | E7: 0.0053477607 | F7: 0.0070724437 | G7: 0.0040825201 | H7: 0.0050360625 | I7: 0.0033645476 | J7: 0.0044597973 | K7: 0.0047454714 | L7: 0.00396187 | M7: 0.0038317335 | N7: 0.0047816892 | O7: 0.0079125862 | P7: 0.0049211276 | Q7: 0.0068115221 | R7: 0.0099532516 | S7: 0.0043846702 | T7: 0.0070724437
A8: Energy Use | B8: =(C8*$C$2)+(D8*$D$2)+(E8*$E$2)+(F8*$F$2)+(G8*$G$2)+(H8*$H$2)+(I8*$I$2)+(J8*$J$2)+(K8*$K$2)+(L8*$L$2)+(M8*$M$2)+(N8*$N$2)+(O8*$O$2)+(P8*$P$2)+(Q8*$Q$2)+(S8*$S$2)+(T8*$T$2) -> 7.4429876e+09 | C8: 11.488643 | D8: 6.8239098 | E8: 15.811533 | F8: 9.0002672 | G8: 8.5255359 | H8: 8.5379324 | I8: 3.6274601 | J8: 5.436187 | K8: 8.4366376 | L8: 9.1965958 | M8: 7.1371818 | N8: 8.6598623 | O8: 10.603874 | P8: 8.409129 | Q8: 11.148237 | R8: 9.9489815 | S8: 5.5428253 | T8: 9.0002672
A9: Eutrophication Potential | B9: =(C9*$C$2)+(D9*$D$2)+(E9*$E$2)+(F9*$F$2)+(G9*$G$2)+(H9*$H$2)+(I9*$I$2)+(J9*$J$2)+(K9*$K$2)+(L9*$L$2)+(M9*$M$2)+(N9*$N$2)+(O9*$O$2)+(P9*$P$2)+(Q9*$Q$2)+(S9*$S$2)+(T9*$T$2) -> 13386973 | C9: 0.0038826433 | D9: 0.0039323712 | E9: 0.00708932 | F9: 0.028855576 | G9: 0.0032863068 | H9: 0.0030248409 | I9: 0.00075435547 | J9: 0.010657923 | K9: 0.0017974401 | L9: 0.0040892827 | M9: 0.0031753146 | N9: 0.0049349494 | O9: 0.017145072 | P9: 0.0062635621 | Q9: 0.0014966802 | R9: 0.0012926381 | S9: 0.010384743 | T9: 0.028855576
A10: Freshwater Ecotoxicity Potential | B10: =(C10*$C$2)+(D10*$D$2)+(E10*$E$2)+(F10*$F$2)+(G10*$G$2)+(H10*$H$2)+(I10*$I$2)+(J10*$J$2)+(K10*$K$2)+(L10*$L$2)+(M10*$M$2)+(N10*$N$2)+(O10*$O$2)+(P10*$P$2)+(Q10*$Q$2)+(S10*$S$2)+(T10*$T$2) -> 1.3973198e+10 | C10: 2.1551647 | D10: 1.2570095 | E10: 4.1768203 | F10: 10.273305 | G10: 1.6998237 | H10: 1.5525392 | I10: 22.498207 | J10: 35.960705 | K10: 3.1319901 | L10: 5.986427 | M10: 1.8466619 | N10: 2.8355468 | O10: 6.2115252 | P10: 14.163129 | Q10: 3.2006211 | R10: 0.70219977 | S10: 35.112613 | T10: 10.273305
A11: Freshwater withdrawals | B11: =(C11*$C$2)+(D11*$D$2)+(E11*$E$2)+(F11*$F$2)+(G11*$G$2)+(H11*$H$2)+(I11*$I$2)+(J11*$J$2)+(K11*$K$2)+(L11*$L$2)+(M11*$M$2)+(N11*$N$2)+(O11*$O$2)+(P11*$P$2)+(Q11*$Q$2)+(S11*$S$2)+(T11*$T$2) -> 2.6912461e+11 | C11: 80.634795 | D11: 252.99446 | E11: 112.29363 | F11: 430.56332 | G11: 60.680259 | H11: 56.662583 | I11: 846.64626 | J11: 479.01443 | K11: 109.84362 | L11: 68.985961 | M11: 69.424782 | N11: 99.873642 | O11: 264.62411 | P11: 68.001096 | Q11: 70.381685 | R11: 39.508977 | S11: 51.750189 | T11: 430.56332
A12: Greenhouse Gases | B12: =(C12*$C$2)+(D12*$D$2)+(E12*$E$2)+(F12*$F$2)+(G12*$G$2)+(H12*$H$2)+(I12*$I$2)+(J12*$J$2)+(K12*$K$2)+(L12*$L$2)+(M12*$M$2)+(N12*$N$2)+(O12*$O$2)+(P12*$P$2)+(Q12*$Q$2)+(S12*$S$2)+(T12*$T$2) -> 1.6417699e+09 | C12: 1.0123674 | D12: 2.5143711 | E12: 1.3324452 | F12: 2.4682477 | G12: 1.8196896 | H12: 1.632627 | I12: 0.70979513 | J12: 0.99290382 | K12: 0.86379923 | L12: 0.79679524 | M12: 0.63548062 | N12: 0.8692235 | O12: 1.8137862 | P12: 1.0259956 | Q12: 0.73907815 | R12: 0.68006424 | S12: 1.0333425 | T12: 2.4682477
A13: Hazardous Air Pollutants | B13: =(C13*$C$2)+(D13*$D$2)+(E13*$E$2)+(F13*$F$2)+(G13*$G$2)+(H13*$H$2)+(I13*$I$2)+(J13*$J$2)+(K13*$K$2)+(L13*$L$2)+(M13*$M$2)+(N13*$N$2)+(O13*$O$2)+(P13*$P$2)+(Q13*$Q$2)+(S13*$S$2)+(T13*$T$2) -> 116728.49 | C13: 0.00013786001 | D13: 0.00010732522 | E13: 0.00021878594 | F13: 0.00014973662 | G13: 0.00023517128 | H13: 0.00021301601 | I13: 5.7446887e-05 | J13: 9.8931974e-05 | K13: 8.7771827e-05 | L13: 8.4759195e-05 | M13: 5.9769291e-05 | N13: 8.616327e-05 | O13: 0.00012336281 | P13: 0.00011239168 | Q13: 0.00010331218 | R13: 8.1530109e-05 | S13: 7.4491324e-05 | T13: 0.00014973662
A14: Human Health - Cancer | B14: =(C14*$C$2)+(D14*$D$2)+(E14*$E$2)+(F14*$F$2)+(G14*$G$2)+(H14*$H$2)+(I14*$I$2)+(J14*$J$2)+(K14*$K$2)+(L14*$L$2)+(M14*$M$2)+(N14*$N$2)+(O14*$O$2)+(P14*$P$2)+(Q14*$Q$2)+(S14*$S$2)+(T14*$T$2) -> 0.4889522 | C14: 3.1816993e-10 | D14: 3.4274692e-10 | E14: 4.7612413e-10 | F14: 8.8837154e-10 | G14: 3.1963017e-10 | H14: 2.9832839e-10 | I14: 2.2755381e-10 | J14: 3.421464e-10 | K14: 2.1148309e-10 | L14: 2.7048924e-10 | M14: 1.9878821e-10 | N14: 2.9422718e-10 | O14: 6.5252322e-10 | P14: 3.1600744e-10 | Q14: 2.8123996e-10 | R14: 2.0020708e-10 | S14: 3.1857608e-10 | T14: 8.8837154e-10
A15: Human Health - Noncancer | B15: =(C15*$C$2)+(D15*$D$2)+(E15*$E$2)+(F15*$F$2)+(G15*$G$2)+(H15*$H$2)+(I15*$I$2)+(J15*$J$2)+(K15*$K$2)+(L15*$L$2)+(M15*$M$2)+(N15*$N$2)+(O15*$O$2)+(P15*$P$2)+(Q15*$Q$2)+(S15*$S$2)+(T15*$T$2) -> 5.5345629 | C15: 4.0903361e-09 | D15: 3.3279996e-09 | E15: 5.1004382e-09 | F15: 7.5694013e-09 | G15: 3.9781843e-09 | H15: 4.0560543e-09 | I15: 3.7200483e-09 | J15: 7.0058251e-09 | K15: 3.9877548e-09 | L15: 4.4226234e-09 | M15: 3.334204e-09 | N15: 4.3146539e-09 | O15: 6.5033905e-09 | P15: 5.0692613e-09 | Q15: 6.5109925e-09 | R15: 5.0981871e-09 | S15: 6.0362837e-09 | T15: 7.5694013e-09
... A26: Value Added | B26: =(C26*$C$2)+(D26*$D$2)+(E26*$E$2)+(F26*$F$2)+(G26*$G$2)+(H26*$H$2)+(I26*$I$2)+(J26*$J$2)+(K26*$K$2)+(L26*$L$2)+(M26*$M$2)+(N26*$N$2)+(O26*$O$2)+(P26*$P$2)+(Q26*$Q$2)+(S26*$S$2)+(T26*$T$2) -> 9.5063959e+08 | C26: 0.99083024 | D26: 0.9918236 | E26: 0.9884199 | F26: 0.99152228 | G26: 0.98805455 | H26: 0.99039653 | I26: 0.99780738 | J26: 0.99648447 | K26: 0.99057804 | L26: 0.99064851 | M26: 0.9919778 | N26: 0.99151401 | O26: 0.9894784 | P26: 0.98893161 | Q26: 0.99250625 | R26: 0.99051967 | S26: 0.9937117 | T26: 0.99152228
A28: Sources
A29: Yang, Yi, Wesley W. Ingwersen, Troy R. Hawkins, Michael Srocka, and David E. Meyer. 2017. USEEIO: A new and transparent United States environmentally-extended input-output model. Journal of Cleaner Production 158. Elsevier Ltd: 308–318. https://doi.org/10.1016/j.jclepro.2017.04.150.
A30: Ingwersen, W. W., Li, M., Young, B., Vendries, J., & Birney, C. (2022). USEEIO v2. 0, The US Environmentally-Extended Input-Output Model v2. 0. Scientific Data, 9(1), 1-24. https://doi.org/10.1038/s41597-022-01293-7.
A31: Heller, M. C., Willits-Smith, A., Meyer, R., Keoleian, G. A., & Rose, D. (2018). Greenhouse gas emissions and energy use associated with production of individual self-selected US diets. Environmental Research Letters, 13(4), 044004. https://doi.org/10.1088/1748-9326/aab0ac.
A32: Clune, S., Crossin, E., & Verghese, K. (2017). Systematic review of greenhouse gas emissions for different fresh food categories. Journal of Cleaner Production, 140, 766-783. https://doi.org/10.1016/j.jclepro.2016.04.082.
A34: Notes
A35: All inputs by food category per dollar are based on the US Environmentally Extended Input Output Model (USEEIO) Version 2.0 (Yang et al. 2017; Ingwersen et al. 2022)
A36: Fruit and vegetable preservation does not include the environmental impacts of production. Thus, 85% of the impacts for preserved fruit and vegetables are allocated to the fresh fruit and vegetable categories to account for production. Percentages were selected based on review LCA studies for which post-farm gate (including processing) made up approximately 15% of total GWP for both studies (Clune et al. 2017; Heller et al 2018)
A38: Equations
A39: Table 3.1 : BASE | B39: (3.1 MSA FS BASE ($/MSA/year) by food category 1 * 3.1 Environmental impacts by food category 1) + ... food category 2...3....4

Sheet 4. Outputs LOCAL
A1: 4.1 Outputs of the LOCAL scenario
A2: MSA FS LOCAL $/MSA/year | B2: =SUM(C2:T2) -> 7.9867658e+08 | C2: ='8. Prices'!$D3 -> 56233535 | D2: =SUM('8. Prices'!D4:D5) -> 1.132712e+08 | E2: ='8. Prices'!$D6 -> 16394708 | F2: ='8. Prices'!$D7 -> 3354969.9 | G2: =SUM('8. Prices'!D8) -> 47981738 | H2: =SUM('8. Prices'!D9) -> 10469643 | I2: =SUM('8. Prices'!D10:D17) -> 10125413 | J2: =((SUM('8. Prices'!D19:D23, '8. Prices'!D25:D28, '8. Prices'!D30:D32, '8. Prices'!D34:D39))+(SUM( '8. Prices'!D24, '8. Prices'!D29, '8. Prices'!D33, '8. Prices'!D40))*0.85) -> 16428884 | K2: =SUM('8. Prices'!D18, '8. Prices'!D24, '8. Prices'!D29, '8. Prices'!D33, '8. Prices'!D40) -> 23504056 | L2: ='8. Prices'!$D41 -> 9332231.1 | M2: ='8. Prices'!$D42 -> 28627086 | N2: ='8. Prices'!$D43 -> 10003714 | O2: ='8. Prices'!D44 -> 2902609.3 | P2: =SUM('8. Prices'!$D45:$D46) -> 8937018.6 | Q2: =SUM('8. Prices'!$D47:$D48)*0.656 -> 10599811 | R2: =SUM('8. Prices'!$D47:$D48)*0.344 -> 5558437.6 | S2: ='8. Prices'!D50 -> 1.5160687e+08 | T2: ='8. Prices'!D49 -> 2.7334466e+08
A3: Environmental impacts | B3: LOCAL | C3: 311615/packaged poultry/us | D3: 31161a/packaged meat (except poultry)/us | E3: 112300/poultry farms/us | F3: 1111b0/fresh wheat, corn, rice, and other grains/us | G3: 311513/cheese/us | H3: 31151a/fluid milk and butter/us | I3: 111300/fresh fruits and tree nuts/us | J3: 111200/fresh vegetables, melons, and potatoes/us | K3: 311420/fruit and vegetable preservation/us | L3: 311230/breakfast cereals/us | M3: 311810/bread and other baked goods/us | N3: 3118a0/cookies, crackers, pastas, and tortillas/us | O3: 311210/flours and malts/us | P3: 311225/refined vegetable, olive, and seed oils/us | Q3: 311300/sugar, candy, and chocolate/us | R3: 312110/soft drinks, bottled water, and ice/us | S3: 1111a0/fresh soybeans, canola, flaxseeds, and other oilseeds/us | T3: 1111b0/fresh wheat, corn, rice, and other grains/us
A4: Acidification Potential | B4: =(C4*$C$2)+(D4*$D$2)+(E4*$E$2)+(F4*$F$2)+(G4*$G$2)+(H4*$H$2)+(I4*$I$2)+(J4*$J$2)+(K4*$K$2)+(L4*$L$2)+(M4*$M$2)+(N4*$N$2)+(O4*$O$2)+(P4*$P$2)+(Q4*$Q$2)+(S4*$S$2)+(T4*$T$2) -> 9293985.9 | C4: 0.013187603 | D4: 0.021092445 | E4: 0.023387754 | F4: 0.014158051 | G4: 0.012497515 | H4: 0.010868286 | I4: 0.0036877408 | J4: 0.0068571386 | K4: 0.0036576241 | L4: 0.0029477321 | M4: 0.0026449998 | N4: 0.0041461355 | O4: 0.0091413083 | P4: 0.0040758521 | Q4: 0.0027536555 | R4: 0.0016837132 | S4: 0.004459002 | T4: 0.014158051
A5: Commercial Construction and Demolition Debris | B5: =(C5*$C$2)+(D5*$D$2)+(E5*$E$2)+(F5*$F$2)+(G5*$G$2)+(H5*$H$2)+(I5*$I$2)+(J5*$J$2)+(K5*$K$2)+(L5*$L$2)+(M5*$M$2)+(N5*$N$2)+(O5*$O$2)+(P5*$P$2)+(Q5*$Q$2)+(S5*$S$2)+(T5*$T$2) -> 4096774.6 | C5: 0.0038657476 | D5: 0.0034433565 | E5: 0.0044581216 | F5: 0.0067071101 | G5: 0.0041982332 | H5: 0.0041842981 | I5: 0.0030253071 | J5: 0.0050199593 | K5: 0.0035699334 | L5: 0.0038456429 | M5: 0.0043349566 | N5: 0.0040436066 | O5: 0.0059289981 | P5: 0.0049060528 | Q5: 0.0037875688 | R5: 0.0035324278 | S5: 0.0053857302 | T5: 0.0067071101
A6: Commercial Municipal Solid Waste | B6: =(C6*$C$2)+(D6*$D$2)+(E6*$E$2)+(F6*$F$2)+(G6*$G$2)+(H6*$H$2)+(I6*$I$2)+(J6*$J$2)+(K6*$K$2)+(L6*$L$2)+(M6*$M$2)+(N6*$N$2)+(O6*$O$2)+(P6*$P$2)+(Q6*$Q$2)+(S6*$S$2)+(T6*$T$2) -> 7711672.3 | C6: 0.011484259 | D6: 0.010330612 | E6: 0.010824935 | F6: 0.0089774041 | G6: 0.012104943 | H6: 0.010497136 | I6: 0.0072716236 | J6: 0.0083993286 | K6: 0.010497452 | L6: 0.009683169 | M6: 0.024146752 | N6: 0.010141802 | O6: 0.010275886 | P6: 0.011208463 | Q6: 0.0098340678 | R6: 0.008641708 | S6: 0.0063837232 | T6: 0.0089774041
A7: Commercial RCRA Hazardous Waste | B7: =(C7*$C$2)+(D7*$D$2)+(E7*$E$2)+(F7*$F$2)+(G7*$G$2)+(H7*$H$2)+(I7*$I$2)+(J7*$J$2)+(K7*$K$2)+(L7*$L$2)+(M7*$M$2)+(N7*$N$2)+(O7*$O$2)+(P7*$P$2)+(Q7*$Q$2)+(S7*$S$2)+(T7*$T$2) -> 4012015.3 | C7: 0.0038991882 | D7: 0.0024918276 | E7: 0.0053477607 | F7: 0.0070724437 | G7: 0.0040825201 | H7: 0.0050360625 | I7: 0.0033645476 | J7: 0.0044597973 | K7: 0.0047454714 | L7: 0.00396187 | M7: 0.0038317335 | N7: 0.0047816892 | O7: 0.0079125862 | P7: 0.0049211276 | Q7: 0.0068115221 | R7: 0.0099532516 | S7: 0.0043846702 | T7: 0.0070724437
A8: Energy Use | B8: =(C8*$C$2)+(D8*$D$2)+(E8*$E$2)+(F8*$F$2)+(G8*$G$2)+(H8*$H$2)+(I8*$I$2)+(J8*$J$2)+(K8*$K$2)+(L8*$L$2)+(M8*$M$2)+(N8*$N$2)+(O8*$O$2)+(P8*$P$2)+(Q8*$Q$2)+(S8*$S$2)+(T8*$T$2) -> 6.4325932e+09 | C8: 11.488643 | D8: 6.8239098 | E8: 15.811533 | F8: 9.0002672 | G8: 8.5255359 | H8: 8.5379324 | I8: 3.6274601 | J8: 5.436187 | K8: 8.4366376 | L8: 9.1965958 | M8: 7.1371818 | N8: 8.6598623 | O8: 10.603874 | P8: 8.409129 | Q8: 11.148237 | R8: 9.9489815 | S8: 5.5428253 | T8: 9.0002672
A9: Eutrophication Potential | B9: =(C9*$C$2)+(D9*$D$2)+(E9*$E$2)+(F9*$F$2)+(G9*$G$2)+(H9*$H$2)+(I9*$I$2)+(J9*$J$2)+(K9*$K$2)+(L9*$L$2)+(M9*$M$2)+(N9*$N$2)+(O9*$O$2)+(P9*$P$2)+(Q9*$Q$2)+(S9*$S$2)+(T9*$T$2) -> 11053084 | C9: 0.0038826433 | D9: 0.0039323712 | E9: 0.00708932 | F9: 0.028855576 | G9: 0.0032863068 | H9: 0.0030248409 | I9: 0.00075435547 | J9: 0.010657923 | K9: 0.0017974401 | L9: 0.0040892827 | M9: 0.0031753146 | N9: 0.0049349494 | O9: 0.017145072 | P9: 0.0062635621 | Q9: 0.0014966802 | R9: 0.0012926381 | S9: 0.010384743 | T9: 0.028855576
A10: Freshwater Ecotoxicity Potential | B10: =(C10*$C$2)+(D10*$D$2)+(E10*$E$2)+(F10*$F$2)+(G10*$G$2)+(H10*$H$2)+(I10*$I$2)+(J10*$J$2)+(K10*$K$2)+(L10*$L$2)+(M10*$M$2)+(N10*$N$2)+(O10*$O$2)+(P10*$P$2)+(Q10*$Q$2)+(S10*$S$2)+(T10*$T$2) -> 9.8036428e+09 | C10: 2.1551647 | D10: 1.2570095 | E10: 4.1768203 | F10: 10.273305 | G10: 1.6998237 | H10: 1.5525392 | I10: 22.498207 | J10: 35.960705 | K10: 3.1319901 | L10: 5.986427 | M10: 1.8466619 | N10: 2.8355468 | O10: 6.2115252 | P10: 14.163129 | Q10: 3.2006211 | R10: 0.70219977 | S10: 35.112613 | T10: 10.273305
A11: Freshwater withdrawals | B11: =(C11*$C$2)+(D11*$D$2)+(E11*$E$2)+(F11*$F$2)+(G11*$G$2)+(H11*$H$2)+(I11*$I$2)+(J11*$J$2)+(K11*$K$2)+(L11*$L$2)+(M11*$M$2)+(N11*$N$2)+(O11*$O$2)+(P11*$P$2)+(Q11*$Q$2)+(S11*$S$2)+(T11*$T$2) -> 1.9029584e+11 | C11: 80.634795 | D11: 252.99446 | E11: 112.29363 | F11: 430.56332 | G11: 60.680259 | H11: 56.662583 | I11: 846.64626 | J11: 479.01443 | K11: 109.84362 | L11: 68.985961 | M11: 69.424782 | N11: 99.873642 | O11: 264.62411 | P11: 68.001096 | Q11: 70.381685 | R11: 39.508977 | S11: 51.750189 | T11: 430.56332
A12: Greenhouse Gases | B12: =(C12*$C$2)+(D12*$D$2)+(E12*$E$2)+(F12*$F$2)+(G12*$G$2)+(H12*$H$2)+(I12*$I$2)+(J12*$J$2)+(K12*$K$2)+(L12*$L$2)+(M12*$M$2)+(N12*$N$2)+(O12*$O$2)+(P12*$P$2)+(Q12*$Q$2)+(S12*$S$2)+(T12*$T$2) -> 1.4080033e+09 | C12: 1.0123674 | D12: 2.5143711 | E12: 1.3324452 | F12: 2.4682477 | G12: 1.8196896 | H12: 1.632627 | I12: 0.70979513 | J12: 0.99290382 | K12: 0.86379923 | L12: 0.79679524 | M12: 0.63548062 | N12: 0.8692235 | O12: 1.8137862 | P12: 1.0259956 | Q12: 0.73907815 | R12: 0.68006424 | S12: 1.0333425 | T12: 2.4682477
A13: Hazardous Air Pollutants | B13: =(C13*$C$2)+(D13*$D$2)+(E13*$E$2)+(F13*$F$2)+(G13*$G$2)+(H13*$H$2)+(I13*$I$2)+(J13*$J$2)+(K13*$K$2)+(L13*$L$2)+(M13*$M$2)+(N13*$N$2)+(O13*$O$2)+(P13*$P$2)+(Q13*$Q$2)+(S13*$S$2)+(T13*$T$2) -> 99827.32 | C13: 0.00013786001 | D13: 0.00010732522 | E13: 0.00021878594 | F13: 0.00014973662 | G13: 0.00023517128 | H13: 0.00021301601 | I13: 5.7446887e-05 | J13: 9.8931974e-05 | K13: 8.7771827e-05 | L13: 8.4759195e-05 | M13: 5.9769291e-05 | N13: 8.616327e-05 | O13: 0.00012336281 | P13: 0.00011239168 | Q13: 0.00010331218 | R13: 8.1530109e-05 | S13: 7.4491324e-05 | T13: 0.00014973662
A14: Human Health - Cancer | B14: =(C14*$C$2)+(D14*$D$2)+(E14*$E$2)+(F14*$F$2)+(G14*$G$2)+(H14*$H$2)+(I14*$I$2)+(J14*$J$2)+(K14*$K$2)+(L14*$L$2)+(M14*$M$2)+(N14*$N$2)+(O14*$O$2)+(P14*$P$2)+(Q14*$Q$2)+(S14*$S$2)+(T14*$T$2) -> 0.4088448 | C14: 3.1816993e-10 | D14: 3.4274692e-10 | E14: 4.7612413e-10 | F14: 8.8837154e-10 | G14: 3.1963017e-10 | H14: 2.9832839e-10 | I14: 2.2755381e-10 | J14: 3.421464e-10 | K14: 2.1148309e-10 | L14: 2.7048924e-10 | M14: 1.9878821e-10 | N14: 2.9422718e-10 | O14: 6.5252322e-10 | P14: 3.1600744e-10 | Q14: 2.8123996e-10 | R14: 2.0020708e-10 | S14: 3.1857608e-10 | T14: 8.8837154e-10
A15: Human Health - Noncancer | B15: =(C15*$C$2)+(D15*$D$2)+(E15*$E$2)+(F15*$F$2)+(G15*$G$2)+(H15*$H$2)+(I15*$I$2)+(J15*$J$2)+(K15*$K$2)+(L15*$L$2)+(M15*$M$2)+(N15*$N$2)+(O15*$O$2)+(P15*$P$2)+(Q15*$Q$2)+(S15*$S$2)+(T15*$T$2) -> 4.4931126 | C15: 4.0903361e-09 | D15: 3.3279996e-09 | E15: 5.1004382e-09 | F15: 7.5694013e-09 | G15: 3.9781843e-09 | H15: 4.0560543e-09 | I15: 3.7200483e-09 | J15: 7.0058251e-09 | K15: 3.9877548e-09 | L15: 4.4226234e-09 | M15: 3.334204e-09 | N15: 4.3146539e-09 | O15: 6.5033905e-09 | P15: 5.0692613e-09 | Q15: 6.5109925e-09 | R15: 5.0981871e-09 | S15: 6.0362837e-09 | T15: 7.5694013e-09
... A26: Value Added | B26: =(C26*$C$2)+(D26*$D$2)+(E26*$E$2)+(F26*$F$2)+(G26*$G$2)+(H26*$H$2)+(I26*$I$2)+(J26*$J$2)+(K26*$K$2)+(L26*$L$2)+(M26*$M$2)+(N26*$N$2)+(O26*$O$2)+(P26*$P$2)+(Q26*$Q$2)+(S26*$S$2)+(T26*$T$2) -> 7.8660154e+08 | C26: 0.99083024 | D26: 0.9918236 | E26: 0.9884199 | F26: 0.99152228 | G26: 0.98805455 | H26: 0.99039653 | I26: 0.99780738 | J26: 0.99648447 | K26: 0.99057804 | L26: 0.99064851 | M26: 0.9919778 | N26: 0.99151401 | O26: 0.9894784 | P26: 0.98893161 | Q26: 0.99250625 | R26: 0.99051967 | S26: 0.9937117 | T26: 0.99152228
A28: Sources
A29: Yang, Yi, Wesley W. Ingwersen, Troy R. Hawkins, Michael Srocka, and David E. Meyer. 2017. USEEIO: A new and transparent United States environmentally-extended input-output model. Journal of Cleaner Production 158. Elsevier Ltd: 308–318. https://doi.org/10.1016/j.jclepro.2017.04.150.
A30: Ingwersen, W. W., Li, M., Young, B., Vendries, J., & Birney, C. (2022). USEEIO v2. 0, The US Environmentally-Extended Input-Output Model v2. 0. Scientific Data, 9(1), 1-24. https://doi.org/10.1038/s41597-022-01293-7.
A31: Heller, M. C., Willits-Smith, A., Meyer, R., Keoleian, G. A., & Rose, D. (2018). Greenhouse gas emissions and energy use associated with production of individual self-selected US diets. Environmental Research Letters, 13(4), 044004. https://doi.org/10.1088/1748-9326/aab0ac.
A32: Clune, S., Crossin, E., & Verghese, K. (2017). Systematic review of greenhouse gas emissions for different fresh food categories. Journal of Cleaner Production, 140, 766-783. https://doi.org/10.1016/j.jclepro.2016.04.082.
A34: Notes
A35: All inputs by food category per dollar are based on the US Environmentally Extended Input Output Model (USEEIO) Version 2.0 (Yang et al. 2017; Ingwersen et al. 2022)
A36: Fruit and vegetable preservation does not include the environmental impacts of production. Thus, 85% of the impacts for preserved fruit and vegetables are allocated to the fresh fruit and vegetable categories to account for production. Percentages were selected based on review LCA studies for which post-farm gate (including processing) made up approximately 15% of total GWP for both studies (Clune et al. 2017; Heller et al 2018)
A38: Equations
A39: Table 4.1 : LOCAL | B39: (4.1 MSA FS BASE ($/MSA/year) by food category 1 * 4.1 Environmental impacts by food category 1) + ... food category 2...3....4

Sheet 5. Outputs ABM-LOCAL
A1: 5.1 Outputs of the ABM-LCA scenario
A2: MSA FS LOCAL $/MSA/year | B2: =SUM(C2:T2) -> 3.1408201e+08 | C2: ='6. ABM-LCA Inputs'!H3 -> 48169153 | D2: =SUM('6. ABM-LCA Inputs'!H4:H5) -> 97027115 | E2: ='6. ABM-LCA Inputs'!H6 -> 14043563 | F2: ='6. ABM-LCA Inputs'!H7 -> 2873837.8 | G2: ='6. ABM-LCA Inputs'!H8 -> 41100736 | H2: ='6. ABM-LCA Inputs'!H9 -> 8968204.1 | I2: =SUM('6. ABM-LCA Inputs'!H10:H17) -> 8673340.2 | J2: =SUM('6. ABM-LCA Inputs'!H19:H23, '6. ABM-LCA Inputs'!H25:H28, '6. ABM-LCA Inputs'!H30:H32, '6. ABM-LCA Inputs'!H34:H40) -> 11515514 | K2: =SUM( '6. ABM-LCA Inputs'!G24, '6. ABM-LCA Inputs'!G29, '6. ABM-LCA Inputs'!G33, '6. ABM-LCA Inputs'!G41) -> 10719868 | L2: ='6. ABM-LCA Inputs'!H42*'11. Diet'!B81 -> 4375521.8 | M2: ='6. ABM-LCA Inputs'!H42*'11. Diet'!B82 -> 27239164 | N2: ='6. ABM-LCA Inputs'!H42*'11. Diet'!B83 -> 9456673.6 | O2: 0 | P2: =SUM('6. ABM-LCA Inputs'!H44:H45) -> 7655371.7 | Q2: =SUM('6. ABM-LCA Inputs'!H46:H47)*0.656 -> 9079705.3 | R2: =SUM('6. ABM-LCA Inputs'!H46:H47)*0.344 -> 4761308.9 | S2: ='6. ABM-LCA Inputs'!H49 -> 3016850.1 | T2: ='6. ABM-LCA Inputs'!H48 -> 5406081.2
A3: Environmental impacts | B3: ABM-LOCAL | C3: 311615/packaged poultry/us | D3: 31161a/packaged meat (except poultry)/us | E3: 112300/poultry farms/us | F3: 1111b0/fresh wheat, corn, rice, and other grains/us | G3: 311513/cheese/us | H3: 31151a/fluid milk and butter/us | I3: 111300/fresh fruits and tree nuts/us | J3: 111200/fresh vegetables, melons, and potatoes/us | K3: 311420/fruit and vegetable preservation/us | L3: 311230/breakfast cereals/us | M3: 311810/bread and other baked goods/us | N3: 3118a0/cookies, crackers, pastas, and tortillas/us | O3: 311210/flours and malts/us | P3: 311225/refined vegetable, olive, and seed oils/us | Q3: 311300/sugar, candy, and chocolate/us | R3: 312110/soft drinks, bottled water, and ice/us | S3: 1111a0/fresh soybeans, canola, flaxseeds, and other oilseeds/us | T3: 1111b0/fresh wheat, corn, rice, and other grains/us
A4: Energy Use | B4: =(C4*$C$2)+(D4*$D$2)+(E4*$E$2)+(F4*$F$2)+(G4*$G$2)+(H4*$H$2)+(I4*$I$2)+(J4*$J$2)+(K4*$K$2)+(L4*$L$2)+(M4*$M$2)+(N4*$N$2)+(O4*$O$2)+(P4*$P$2)+(Q4*$Q$2)++(R4*R2) + (S4*$S$2)+(T4*$T$2) -> 2.6697863e+09 | C4: 11.488643 | D4: 6.8239098 | E4: 15.811533 | F4: 9.0002672 | G4: 8.5255359 | H4: 8.5379324 | I4: 3.6274601 | J4: 5.436187 | K4: 8.4366376 | L4: 9.1965958 | M4: 7.1371818 | N4: 8.6598623 | O4: 10.603874 | P4: 8.409129 | Q4: 11.148237 | R4: 9.9489815 | S4: 5.5428253 | T4: 9.0002672
A5: Freshwater withdrawals | B5: =(C5*$C$2)+(D5*$D$2)+(E5*$E$2)+(F5*$F$2)+(G5*$G$2)+(H5*$H$2)+(I5*$I$2)+(J5*$J$2)+(K5*$K$2)+(L5*$L$2)+(M5*$M$2)+(N5*$N$2)+(O5*$O$2)+(P5*$P$2)+(Q5*$Q$2)++(R5*R2) + (S5*$S$2)+(T5*$T$2) -> 5.5253737e+10 | C5: 80.634795 | D5: 252.99446 | E5: 112.29363 | F5: 430.56332 | G5: 60.680259 | H5: 56.662583 | I5: 846.64626 | J5: 479.01443 | K5: 109.84362 | L5: 68.985961 | M5: 69.424782 | N5: 99.873642 | O5: 264.62411 | P5: 68.001096 | Q5: 70.381685 | R5: 39.508977 | S5: 51.750189 | T5: 430.56332
A6: Greenhouse Gases | B6: =(C6*$C$2)+(D6*$D$2)+(E6*$E$2)+(F6*$F$2)+(G6*$G$2)+(H6*$H$2)+(I6*$I$2)+(J6*$J$2)+(K6*$K$2)+(L6*$L$2)+(M6*$M$2)+(N6*$N$2)+(O6*$O$2)+(P6*$P$2)+(Q6*$Q$2)++(R6*R2) + (S6*$S$2)+(T6*$T$2) -> 4.9809518e+08 | C6: 1.0123674 | D6: 2.5143711 | E6: 1.3324452 | F6: 2.4682477 | G6: 1.8196896 | H6: 1.632627 | I6: 0.70979513 | J6: 0.99290382 | K6: 0.86379923 | L6: 0.79679524 | M6: 0.63548062 | N6: 0.8692235 | O6: 1.8137862 | P6: 1.0259956 | Q6: 0.73907815 | R6: 0.68006424 | S6: 1.0333425 | T6: 2.4682477
A8: Sources
A9: Yang, Yi, Wesley W. Ingwersen, Troy R. Hawkins, Michael Srocka, and David E. Meyer. 2017. USEEIO: A new and transparent United States environmentally-extended input-output model. Journal of Cleaner Production 158. Elsevier Ltd: 308–318. https://doi.org/10.1016/j.jclepro.2017.04.150.
A10: Ingwersen, W. W., Li, M., Young, B., Vendries, J., & Birney, C. (2022). USEEIO v2. 0, The US Environmentally-Extended Input-Output Model v2. 0. Scientific Data, 9(1), 1-24. https://doi.org/10.1038/s41597-022-01293-7.
A11: Heller, M. C., Willits-Smith, A., Meyer, R., Keoleian, G. A., & Rose, D. (2018). Greenhouse gas emissions and energy use associated with production of individual self-selected US diets. Environmental Research Letters, 13(4), 044004. https://doi.org/10.1088/1748-9326/aab0ac.
A12: Clune, S., Crossin, E., & Verghese, K. (2017). Systematic review of greenhouse gas emissions for different fresh food categories. Journal of Cleaner Production, 140, 766-783. https://doi.org/10.1016/j.jclepro.2016.04.082.
A14: Notes
A15: All inputs by food category per dollar are based on the US Environmentally Extended Input Output Model (USEEIO) Version 2.0 (Yang et al. 2017; Ingwersen et al. 2022)
A16: Fruit and vegetable preservation does not include the environmental impacts of production. Thus, 85% of the impacts for preserved fruit and vegetables are allocated to the fresh fruit and vegetable categories to account for production. Percentages were selected based on review LCA studies for which post-farm gate (including processing) made up approximately 15% of total GWP for both studies (Clune et al. 2017; Heller et al 2018)
A18: Equations
A19: Table 5.1: ABM-LOCAL | B19: (5.1 MSA FS BASE ($/MSA/year) by food category 1 * 5.1 Environmental impacts by food category 1) + ... food category 2...3....4

Sheet 6. ABM-LCA Inputs
A1: Table 6.1: ABM-LCA model Inputs
A2: Food type | B2: 50% LOCAL Diet (kg/MSA/yr) | C2: Proportion of cropland for ABM-LCA food group | D2: Proportion of pasture for ABM-LCA food group | E2: Total cropland use by food type | F2: Total pasture land use by food type | G2: ABM scenario LOCAL 50% diet (kg/MSA/yr) | H2: Price ($/kg MSA consumption/yr)
A3: Chicken | B3: =(('11. Diet'!I3*('11. Diet'!K3/1000))*365*'2. ABM-LCA Controls'!$B$6) -> 10221838 | C3: ='14. Land Req '!E4/SUM('14. Land Req '!$E$4:$E$8) -> 0.39422139 | D3: ='14. Land Req '!G4/SUM('14. Land Req '!$G$4:$G$8) -> 0.0088693484 | E3: =C3*'2. ABM-LCA Controls'!$B$11 -> 3585.0805 | F3: =D3*'2. ABM-LCA Controls'!$B$12 -> 286.80644 | G3: =((E3 * (('13. Yields'!K3/B52) + ('13. Yields'!K4/C52)) /'15. Ag Prod'!G45)) / (PRODUCT('18. Waste, Losses'!H4:L4)) -> 10221838 | H3: =G3*'8. Prices'!H3*'7. BASE to LOCAL'!$O$4 -> 48169153
A4: Beef | B4: =(('11. Diet'!I4*('11. Diet'!K4/1000))*365*'2. ABM-LCA Controls'!$B$6) -> 8050828.5 | C4: ='14. Land Req '!E5/SUM('14. Land Req '!$E$4:$E$8) -> 0.072105778 | D4: ='14. Land Req '!G5/SUM('14. Land Req '!$G$4:$G$8) -> 0.97832281 | E4: =C4*'2. ABM-LCA Controls'!$B$11 -> 655.73565 | F4: =D4*'2. ABM-LCA Controls'!$B$12 -> 31635.84 | G4: =(((E4*(('13. Yields'!K7/B53)+('13. Yields'!K8/C53)))/'15. Ag Prod'!G46)/PRODUCT('18. Waste, Losses'!H5:L5)) -> 8050828.5 | H4: =G4*'8. Prices'!H4*'7. BASE to LOCAL'!$O$4 -> 71576260
A5: Pork | B5: =(('11. Diet'!I5*('11. Diet'!K5/1000))*365*'2. ABM-LCA Controls'!$B$6) -> 6286882.9 | C5: ='14. Land Req '!E6/SUM('14. Land Req '!$E$4:$E$8) -> 0.33907785 | D5: ='14. Land Req '!G6/SUM('14. Land Req '!$G$4:$G$8) -> 0.011736473 | E5: =C5*'2. ABM-LCA Controls'!$B$11 -> 3083.6008 | F5: =D5*'2. ABM-LCA Controls'!$B$12 -> 379.52009 | G5: =((E5 * (('13. Yields'!K9/B54) + ('13. Yields'!K10/C54)))/'15. Ag Prod'!G47) / PRODUCT('18. Waste, Losses'!H6:L6) -> 6286882.9 | H5: =G5*'8. Prices'!H5*'7. BASE to LOCAL'!$O$4 -> 25450855
A6: Eggs | B6: =(('11. Diet'!I6*('11. Diet'!K6/1000))*365*'2. ABM-LCA Controls'!$B$6) -> 4307559.4 | C6: ='14. Land Req '!E7/SUM('14. Land Req '!$E$4:$E$8) -> 0.076191499 | D6: ='14. Land Req '!G7/SUM('14. Land Req '!$G$4:$G$8) -> 0.0010713665 | E6: =C6*'2. ABM-LCA Controls'!$B$11 -> 692.89152 | F6: =D6*'2. ABM-LCA Controls'!$B$12 -> 34.644576 | G6: =((E6 * (('13. Yields'!K11/B55) + ('13. Yields'!K12/C55)))/'15. Ag Prod'!G48) / PRODUCT('18. Waste, Losses'!H7:L7) -> 4307559.4 | H6: =G6*'8. Prices'!H6*'7. BASE to LOCAL'!$O$5 -> 14043563
A7: Beans, dry | B7: =(('11. Diet'!I7*('11. Diet'!K7/1000))*365*'2. ABM-LCA Controls'!$B$6) -> 1787177.2 | C7: ='14. Land Req '!E8/SUM('14. Land Req '!$E$4:$E$8) -> 0.11840348 | D7: 0 | E7: =C7*'2. ABM-LCA Controls'!$B$11 -> 1076.7706 | F7: =D7*'2. ABM-LCA Controls'!$B$12 -> 0 | G7: =(E7*('13. Yields'!K13))/PRODUCT('18. Waste, Losses'!H8:L8) -> 1787177.2 | H7: =G7*'8. Prices'!H7*'7. BASE to LOCAL'!O9 -> 2873837.8
A8: Cheese | B8: =(('11. Diet'!I8*('11. Diet'!K8/1000))*365*'2. ABM-LCA Controls'!$B$6) -> 4832247.9 | C8: ='14. Land Req '!E9/SUM('14. Land Req '!$E$9:$E$10) -> 0.61751425 | D8: ='14. Land Req '!G9/SUM('14. Land Req '!$G$9:$G$10) -> 0.69832763 | E8: =C8*'2. ABM-LCA Controls'!$B$13 -> 152.47873 | F8: =D8*'2. ABM-LCA Controls'!$B$14 -> 4030.5331 | G8: =((E8 * (('13. Yields'!K17/B56) + ('13. Yields'!K18/C56) + ('13. Yields'!K16/E56)))/'15. Ag Prod'!G49) / PRODUCT('18. Waste, Losses'!H9:L9) -> 4832247.9 | H8: =G8*'8. Prices'!H8*'7. BASE to LOCAL'!$O$6 -> 41100736
A9: Milk | B9: =(('11. Diet'!I9*('11. Diet'!K9/1000))*365*'2. ABM-LCA Controls'!$B$6) -> 20079428 | C9: ='14. Land Req '!E10/SUM('14. Land Req '!$E$9:$E$10) -> 0.38248575 | D9: ='14. Land Req '!G10/SUM('14. Land Req '!$G$9:$G$10) -> 0.30167237 | E9: =C9*'2. ABM-LCA Controls'!$B$13 -> 94.44469 | F9: =D9*'2. ABM-LCA Controls'!$B$14 -> 1741.1605 | G9: =((E9*(('13. Yields'!K22/B56)+('13. Yields'!K23/C56)+('13. Yields'!K16/E56))) /'15. Ag Prod'!G50) /(PRODUCT('18. Waste, Losses'!H10:L10)) -> 20079428 | H9: =G9*'8. Prices'!H9*'7. BASE to LOCAL'!$O$6 -> 8968204.1
A10: Apple | B10: =(('11. Diet'!I10*('11. Diet'!K10/1000))*365*'2. ABM-LCA Controls'!$B$6) -> 3509863.2 | C10: ='14. Land Req '!E11/(SUM('14. Land Req '!E$11,'14. Land Req '!E$14:E$16) +('14. Land Req '!E$19*'11. Diet'!$E$61)) -> 0.27791361 | E10: ='2. ABM-LCA Controls'!B$15*C10 -> 266.86343 | G10: =(E10*'13. Yields'!K24) / PRODUCT('18. Waste, Losses'!H11:L11) -> 3509863.2 | H10: =G10*'8. Prices'!H10*'7. BASE to LOCAL'!$O$7 -> 2751590.4
A11: Melon | B11: =(('11. Diet'!I11*('11. Diet'!K11/1000))*365*'2. ABM-LCA Controls'!$B$6) -> 3193358 | C11: ='14. Land Req '!E12/(SUM('14. Land Req '!E$12:E$13, '14. Land Req '!E$17:E$18) +('14. Land Req '!E$19*'11. Diet'!E$62)) -> 0.45819635 | E11: ='2. ABM-LCA Controls'!B$16*C11 -> 287.18293 | G11: =(E11*'13. Yields'!K25)/PRODUCT('18. Waste, Losses'!H12:L12) -> 3193358 | H11: =G11*'8. Prices'!H11*'7. BASE to LOCAL'!$O$7 -> 860243.49
A12: Blueberries | B12: =(('11. Diet'!I12*('11. Diet'!K12/1000))*365*'2. ABM-LCA Controls'!$B$6) -> 410427.55 | C12: ='14. Land Req '!E13/(SUM('14. Land Req '!E$12:E$13, '14. Land Req '!E$17:E$18) +('14. Land Req '!E$19*'11. Diet'!E$62)) -> 0.1942293 | E12: ='2. ABM-LCA Controls'!B$16*C12 -> 121.73676 | G12: =(E12*'13. Yields'!K26)/PRODUCT('18. Waste, Losses'!H13:L13) -> 410427.55 | H12: =G12*'8. Prices'!H12*'7. BASE to LOCAL'!$O$7 -> 871925.95
A13: Cherries | B13: =(('11. Diet'!I13*('11. Diet'!K13/1000))*365*'2. ABM-LCA Controls'!$B$6) -> 119654.43 | C13: ='14. Land Req '!E14/(SUM('14. Land Req '!E$11,'14. Land Req '!E$14:E$16) +('14. Land Req '!E$19*'11. Diet'!$E$61)) -> 0.021106049 | E13: ='2. ABM-LCA Controls'!B$15*C13 -> 20.266846 | G13: =(E13*'13. Yields'!K27)/PRODUCT('18. Waste, Losses'!H14:L14) -> 119654.43 | H13: =G13*'8. Prices'!H13*'7. BASE to LOCAL'!$O$7 -> 207692.05
A14: Grapes | B14: =(('11. Diet'!I14*('11. Diet'!K14/1000))*365*'2. ABM-LCA Controls'!$B$6) -> 1389535.3 | C14: ='14. Land Req '!E15/(SUM('14. Land Req '!E$11,'14. Land Req '!E$14:E$16) +('14. Land Req '!E$19*'11. Diet'!$E$61)) -> 0.29114385 | E14: ='2. ABM-LCA Controls'!B$15*C14 -> 279.56761 | G14: =(E14*'13. Yields'!K28)/PRODUCT('18. Waste, Losses'!H15:L15) -> 1389535.3 | H14: =G14*'8. Prices'!H14*'7. BASE to LOCAL'!$O$7 -> 1690095.9
A15: Pears | B15: =(('11. Diet'!I15*('11. Diet'!K15/1000))*365*'2. ABM-LCA Controls'!$B$6) -> 594412.32 | C15: ='14. Land Req '!E16/(SUM('14. Land Req '!E$11,'14. Land Req '!E$14:E$16) +('14. Land Req '!E$19*'11. Diet'!$E$61)) -> 0.045682291 | E15: ='2. ABM-LCA Controls'!B$15*C15 -> 43.865908 | G15: =(E15*'13. Yields'!K29)/PRODUCT('18. Waste, Losses'!H16:L16) -> 594412.32 | H15: =G15*'8. Prices'!H15*'7. BASE to LOCAL'!$O$7 -> 437230.01
A16: Raspberries | B16: =(('11. Diet'!I16*('11. Diet'!K16/1000))*365*'2. ABM-LCA Controls'!$B$6) -> 186557.98 | C16: ='14. Land Req '!E17/(SUM('14. Land Req '!E$12:E$13, '14. Land Req '!E$17:E$18) +('14. Land Req '!E$19*'11. Diet'!E$62)) -> 0.091147456 | E16: ='2. ABM-LCA Controls'!B$16*C16 -> 57.128333 | G16: =(E16*'13. Yields'!K30)/PRODUCT('18. Waste, Losses'!H17:L17) -> 186557.98 | H16: =G16*'8. Prices'!H16*'7. BASE to LOCAL'!$O$7 -> 621127.62
A17: Strawberries | B17: =(('11. Diet'!I17*('11. Diet'!K17/1000))*365*'2. ABM-LCA Controls'!$B$6) -> 1156659.5 | C17: ='14. Land Req '!E18/(SUM('14. Land Req '!E$12:E$13, '14. Land Req '!E$17:E$18) +('14. Land Req '!E$19*'11. Diet'!E$62)) -> 0.17544119 | E17: ='2. ABM-LCA Controls'!B$16*C17 -> 109.96097 | G17: =(E17*'13. Yields'!K31)/PRODUCT('18. Waste, Losses'!H18:L18) -> 1156659.5 | H17: =G17*'8. Prices'!H17*'7. BASE to LOCAL'!$O$7 -> 1233434.8
A18: Preserved, Fruit | B18: =(('11. Diet'!I18*('11. Diet'!K18/1000))*365*'2. ABM-LCA Controls'!$B$6) -> 8544355.4 | C18: =('14. Land Req '!E$19)/(SUM('14. Land Req '!E$11:E$19)) -> 0.2523204 | E18: =SUM('2. ABM-LCA Controls'!B$15:B$16) * C18 -> 400.43426 | G18: =(E18*'13. Yields'!K32)/PRODUCT('18. Waste, Losses'!H19:L19) -> 8544355.4 | H18: =G18*'8. Prices'!H18*'7. BASE to LOCAL'!$O$9 -> 12600737
A19: Broccoli | B19: =(('11. Diet'!I19*('11. Diet'!K19/1000))*365*'2. ABM-LCA Controls'!$B$6) -> 764347.34 | C19: ='14. Land Req '!E20/(SUM('14. Land Req '!E$20:E$26, '14. Land Req '!E$28:E$30, '14. Land Req '!E$33, '14. Land Req '!E$37:E$41) + ('14. Land Req '!E$34*'11. Diet'!$E$63) + ('14. Land Req '!E$42*'11. Diet'!$E$65)) -> 0.068073973 | E19: ='2. ABM-LCA Controls'!B$17*C19 -> 90.163396 | G19: =(E19*'13. Yields'!K33)/PRODUCT('18. Waste, Losses'!H20:L20) -> 688935.48 | H19: =G19*'8. Prices'!H19*'7. BASE to LOCAL'!$O$7 -> 569807.11
A20: Collard Greens | B20: =(('11. Diet'!I20*('11. Diet'!K20/1000))*365*'2. ABM-LCA Controls'!$B$6) -> 99609.095 | C20: ='14. Land Req '!E21/(SUM('14. Land Req '!E$20:E$26, '14. Land Req '!E$28:E$30, '14. Land Req '!E$33, '14. Land Req '!E$37:E$41) + ('14. Land Req '!E$34*'11. Diet'!$E$63) + ('14. Land Req '!E$42*'11. Diet'!$E$65)) -> 0.014171979 | E20: ='2. ABM-LCA Controls'!B$17*C20 -> 18.770666 | G20: =(E20*'13. Yields'!K34)/PRODUCT('18. Waste, Losses'!H21:L21) -> 89781.485 | H20: =G20*'8. Prices'!H20*'7. BASE to LOCAL'!$O$7 -> 100606.47
A21: Kale | B21: =(('11. Diet'!I21*('11. Diet'!K21/1000))*365*'2. ABM-LCA Controls'!$B$6) -> 28459.741 | C21: ='14. Land Req '!E22/(SUM('14. Land Req '!E$20:E$26, '14. Land Req '!E$28:E$30, '14. Land Req '!E$33, '14. Land Req '!E$37:E$41) + ('14. Land Req '!E$34*'11. Diet'!$E$63) + ('14. Land Req '!E$42*'11. Diet'!$E$65)) -> 0.0018815882 | E21: ='2. ABM-LCA Controls'!B$17*C21 -> 2.4921475 | G21: =(E21*'13. Yields'!K35)/PRODUCT('18. Waste, Losses'!H22:L22) -> 25651.853 | H21: =G21*'8. Prices'!H21*'7. BASE to LOCAL'!$O$7 -> 31483.457
A22: Lettuce, loose-leaf | B22: =(('11. Diet'!I22*('11. Diet'!K22/1000))*365*'2. ABM-LCA Controls'!$B$6) -> 1380297.5 | C22: ='14. Land Req '!E23/(SUM('14. Land Req '!E$20:E$26, '14. Land Req '!E$28:E$30, '14. Land Req '!E$33, '14. Land Req '!E$37:E$41) + ('14. Land Req '!E$34*'11. Diet'!$E$63) + ('14. Land Req '!E$42*'11. Diet'!$E$65)) -> 0.050943248 | E22: ='2. ABM-LCA Controls'!B$17*C22 -> 67.473897 | G22: =(E22*'13. Yields'!K36)/PRODUCT('18. Waste, Losses'!H23:L23) -> 1244114.9 | H22: =G22*'8. Prices'!H22*'7. BASE to LOCAL'!$O$7 -> 795815.42
A23: Spinach | B23: =(('11. Diet'!I23*('11. Diet'!K23/1000))*365*'2. ABM-LCA Controls'!$B$6) -> 270367.54 | C23: ='14. Land Req '!E24/(SUM('14. Land Req '!E$20:E$26, '14. Land Req '!E$28:E$30, '14. Land Req '!E$33, '14. Land Req '!E$37:E$41) + ('14. Land Req '!E$34*'11. Diet'!$E$63) + ('14. Land Req '!E$42*'11. Diet'!$E$65)) -> 0.02190615 | E23: ='2. ABM-LCA Controls'!B$17*C23 -> 29.014509 | G23: =(E23*'13. Yields'!K37)/PRODUCT('18. Waste, Losses'!H24:L24) -> 243692.6 | H23: =G23*'8. Prices'!H23*'7. BASE to LOCAL'!$O$7 -> 397751.93
A24: Preserved, Dark Green | B24: =(('11. Diet'!I24*('11. Diet'!K24/1000))*365*'2. ABM-LCA Controls'!$B$6) -> 409616.99 | C24: ='14. Land Req '!E25/(SUM('14. Land Req '!E$20:E$26, '14. Land Req '!E$28:E$30, '14. Land Req '!E$33, '14. Land Req '!E$37:E$41) + ('14. Land Req '!E$34*'11. Diet'!$E$63) + ('14. Land Req '!E$42*'11. Diet'!$E$65)) -> 0.026646878 | E24: ='2. ABM-LCA Controls'!B$17*C24 -> 35.293563 | G24: =(E24*'13. Yields'!K38)/PRODUCT('18. Waste, Losses'!H25:L25) -> 369203.45 | H24: =G24*'8. Prices'!H24*'7. BASE to LOCAL'!$O$9 -> 943118.23
A25: Carrots | B25: =(('11. Diet'!I25*('11. Diet'!K25/1000))*365*'2. ABM-LCA Controls'!$B$6) -> 1016419.3 | C25: ='14. Land Req '!E26/(SUM('14. Land Req '!E$20:E$26, '14. Land Req '!E$28:E$30, '14. Land Req '!E$33, '14. Land Req '!E$37:E$41) + ('14. Land Req '!E$34*'11. Diet'!$E$63) + ('14. Land Req '!E$42*'11. Diet'!$E$65)) -> 0.023844133 | E25: ='2. ABM-LCA Controls'!B$17*C25 -> 31.581351 | G25: =(E25*'13. Yields'!K39)/PRODUCT('18. Waste, Losses'!H26:L26) -> 916137.6 | H25: =G25*'8. Prices'!H25*'7. BASE to LOCAL'!$O$8 -> 281953.83
A26: Pumpkin | B26: =(('11. Diet'!I26*('11. Diet'!K26/1000))*365*'2. ABM-LCA Controls'!$B$6) -> 280531.74 | C26: ='14. Land Req '!E27 / (SUM('14. Land Req '!E$27, '14. Land Req '!E$31:E$32, '14. Land Req '!E$35:E$36) + ('14. Land Req '!E$34*'11. Diet'!$E$64) + ('14. Land Req '!E$42*'11. Diet'!$E$66)) -> 0.014991599 | E26: ='2. ABM-LCA Controls'!B$18*C26 -> 17.689288 | G26: =(E26*'13. Yields'!K40)/PRODUCT('18. Waste, Losses'!H27:L27) -> 319829.35 | H26: =G26*'8. Prices'!H26*'7. BASE to LOCAL'!$O$7 -> 59867.777
A27: Sweet Potatoes | B27: =(('11. Diet'!I27*('11. Diet'!K27/1000))*365*'2. ABM-LCA Controls'!$B$6) -> 607818.76 | C27: ='14. Land Req '!E28/(SUM('14. Land Req '!E$20:E$26, '14. Land Req '!E$28:E$30, '14. Land Req '!E$33, '14. Land Req '!E$37:E$41) + ('14. Land Req '!E$34*'11. Diet'!$E$63) + ('14. Land Req '!E$42*'11. Diet'!$E$65)) -> 0.037150165 | E27: ='2. ABM-LCA Controls'!B$17*C27 -> 49.205076 | G27: =(E27*'13. Yields'!K41)/PRODUCT('18. Waste, Losses'!H28:L28) -> 547850.29 | H27: =G27*'8. Prices'!H27*'7. BASE to LOCAL'!$O$8 -> 212925.79
A28: Tomatoes | B28: =(('11. Diet'!I28*('11. Diet'!K28/1000))*365*'2. ABM-LCA Controls'!$B$6) -> 2972010.1 | C28: ='14. Land Req '!E29/(SUM('14. Land Req '!E$20:E$26, '14. Land Req '!E$28:E$30, '14. Land Req '!E$33, '14. Land Req '!E$37:E$41) + ('14. Land Req '!E$34*'11. Diet'!$E$63) + ('14. Land Req '!E$42*'11. Diet'!$E$65)) -> 0.099212613 | E28: ='2. ABM-LCA Controls'!B$17*C28 -> 131.40626 | G28: =(E28*'13. Yields'!K42)/PRODUCT('18. Waste, Losses'!H29:L29) -> 2678786.3 | H28: =G28*'8. Prices'!H28*'7. BASE to LOCAL'!$O$7 -> 2355880.4
A29: Preserved, Orange & Red | B29: =(('11. Diet'!I29*('11. Diet'!K29/1000))*365*'2. ABM-LCA Controls'!$B$6) -> 4677561.8 | C29: ='14. Land Req '!E30/(SUM('14. Land Req '!E$20:E$26, '14. Land Req '!E$28:E$30, '14. Land Req '!E$33, '14. Land Req '!E$37:E$41) + ('14. Land Req '!E$34*'11. Diet'!$E$63) + ('14. Land Req '!E$42*'11. Diet'!$E$65)) -> 0.091934809 | E29: ='2. ABM-LCA Controls'!B$17*C29 -> 121.76687 | G29: =(E29*'13. Yields'!K43)/PRODUCT('18. Waste, Losses'!H30:L30) -> 4216065.2 | H29: =G29*((('8. Prices'!H29*0.9)*'7. BASE to LOCAL'!$O$9) +(('8. Prices'!H29*0.1)*'7. BASE to LOCAL'!$O$10)) -> 6958258.7
A30: Corn, Sweet | B30: =(('11. Diet'!I30*('11. Diet'!K30/1000))*365*'2. ABM-LCA Controls'!$B$6) -> 396403.54 | C30: ='14. Land Req '!E31 / (SUM('14. Land Req '!E$27, '14. Land Req '!E$31:E$32, '14. Land Req '!E$35:E$36) + ('14. Land Req '!E$34*'11. Diet'!$E$64) + ('14. Land Req '!E$42*'11. Diet'!$E$66)) -> 0.10538619 | E30: ='2. ABM-LCA Controls'!B$18*C30 -> 124.35008 | G30: =(E30*'13. Yields'!K44)/PRODUCT('18. Waste, Losses'!H31:L31) -> 451932.78 | H30: =G30*'8. Prices'!H30*'7. BASE to LOCAL'!$O$7 -> 627859.72
A31: Green Peas | B31: =(('11. Diet'!I31*('11. Diet'!K31/1000))*365*'2. ABM-LCA Controls'!$B$6) -> 0 | C31: ='14. Land Req '!E32 / (SUM('14. Land Req '!E$27, '14. Land Req '!E$31:E$32, '14. Land Req '!E$35:E$36) + ('14. Land Req '!E$34*'11. Diet'!$E$64) + ('14. Land Req '!E$42*'11. Diet'!$E$66)) -> 0 | E31: ='2. ABM-LCA Controls'!B$18*C31 -> 0 | G31: =(E31*'13. Yields'!K45)/PRODUCT('18. Waste, Losses'!H32:L32) -> 0 | H31: =G31*'8. Prices'!H31*'7. BASE to LOCAL'!$O$7 -> 0
A32: Potatoes | B32: =(('11. Diet'!I32*('11. Diet'!K32/1000))*365*'2. ABM-LCA Controls'!$B$6) -> 6098516 | C32: ='14. Land Req '!E33/(SUM('14. Land Req '!E$20:E$26, '14. Land Req '!E$28:E$30, '14. Land Req '!E$33, '14. Land Req '!E$37:E$41) + ('14. Land Req '!E$34*'11. Diet'!$E$63) + ('14. Land Req '!E$42*'11. Diet'!$E$65)) -> 0.14946501 | E32: ='2. ABM-LCA Controls'!B$17*C32 -> 197.96513 | G32: =((E32)*(('13. Yields'!K46)))/PRODUCT('18. Waste, Losses'!H33:L33) -> 5496825.6 | H32: =G32*'8. Prices'!H32*'7. BASE to LOCAL'!$O$8 -> 1324173
A33: Preserved, Starchy | B33: =(('11. Diet'!I33*('11. Diet'!K33/1000))*365*'2. ABM-LCA Controls'!$B$6) -> 5325020.9 | C33: =('14. Land Req '!E34)/(SUM('14. Land Req '!E$20:E$42)) -> 0.14389739 | E33: =SUM('2. ABM-LCA Controls'!B$17:B$18) * C33 -> 360.3821 | G33: =((E33)*(('13. Yields'!K47)))/PRODUCT('18. Waste, Losses'!H34:L34) -> 5325020.9 | H33: =G33*((('8. Prices'!H33*0.25)*'7. BASE to LOCAL'!$O$9)*(('8. Prices'!H33*0.75)*'7. BASE to LOCAL'!$O$10)) -> 3902548.4
A34: Beans, dry | B34: =(('11. Diet'!I34*('11. Diet'!K34/1000))*365*'2. ABM-LCA Controls'!$B$6) -> 1125780.9 | C34: ='14. Land Req '!E35 / (SUM('14. Land Req '!E$27, '14. Land Req '!E$31:E$32, '14. Land Req '!E$35:E$36) + ('14. Land Req '!E$34*'11. Diet'!$E$64) + ('14. Land Req '!E$42*'11. Diet'!$E$66)) -> 0.68985814 | E34: ='2. ABM-LCA Controls'!B$18*C34 -> 813.99582 | G34: =((E34)*(('13. Yields'!K48)))/PRODUCT('18. Waste, Losses'!H35:L35) -> 1283483.2 | H34: =G34*'8. Prices'!H7*'7. BASE to LOCAL'!$O$9 -> 2063881.9
A35: Beans, Snap | B35: =(('11. Diet'!I35*('11. Diet'!K35/1000))*365*'2. ABM-LCA Controls'!$B$6) -> 223612.25 | C35: ='14. Land Req '!E36 / (SUM('14. Land Req '!E$27, '14. Land Req '!E$31:E$32, '14. Land Req '!E$35:E$36) + ('14. Land Req '!E$34*'11. Diet'!$E$64) + ('14. Land Req '!E$42*'11. Diet'!$E$66)) -> 0.025453642 | E35: ='2. ABM-LCA Controls'!B$18*C35 -> 30.03394 | G35: =((E35)*(('13. Yields'!K49)))/PRODUCT('18. Waste, Losses'!H36:L36) -> 254936.44 | H35: =G35*'8. Prices'!H34*'7. BASE to LOCAL'!$O$7 -> 231410.31
A36: Cabbage | B36: =(('11. Diet'!I36*('11. Diet'!K36/1000))*365*'2. ABM-LCA Controls'!$B$6) -> 786708.56 | C36: ='14. Land Req '!E37/(SUM('14. Land Req '!E$20:E$26, '14. Land Req '!E$28:E$30, '14. Land Req '!E$33, '14. Land Req '!E$37:E$41) + ('14. Land Req '!E$34*'11. Diet'!$E$63) + ('14. Land Req '!E$42*'11. Diet'!$E$65)) -> 0.022096557 | E36: ='2. ABM-LCA Controls'!B$17*C36 -> 29.266701 | G36: =((E36)*(('13. Yields'!K50)))/PRODUCT('18. Waste, Losses'!H37:L37) -> 709090.5 | H36: =G36*'8. Prices'!H35*'7. BASE to LOCAL'!$O$7 -> 187354.68
A37: Cucumber | B37: =(('11. Diet'!I37*('11. Diet'!K37/1000))*365*'2. ABM-LCA Controls'!$B$6) -> 829398.18 | C37: ='14. Land Req '!E38/(SUM('14. Land Req '!E$20:E$26, '14. Land Req '!E$28:E$30, '14. Land Req '!E$33, '14. Land Req '!E$37:E$41) + ('14. Land Req '!E$34*'11. Diet'!$E$63) + ('14. Land Req '!E$42*'11. Diet'!$E$65)) -> 0.051043558 | E37: ='2. ABM-LCA Controls'!B$17*C37 -> 67.606757 | G37: =((E37)*(('13. Yields'!K51)))/PRODUCT('18. Waste, Losses'!H38:L38) -> 747568.28 | H37: =G37*'8. Prices'!H36*'7. BASE to LOCAL'!$O$7 -> 401414.07
A38: Lettuce, Iceberg | B38: =(('11. Diet'!I38*('11. Diet'!K38/1000))*365*'2. ABM-LCA Controls'!$B$6) -> 1351837.7 | C38: ='14. Land Req '!E39/(SUM('14. Land Req '!E$20:E$26, '14. Land Req '!E$28:E$30, '14. Land Req '!E$33, '14. Land Req '!E$37:E$41) + ('14. Land Req '!E$34*'11. Diet'!$E$63) + ('14. Land Req '!E$42*'11. Diet'!$E$65)) -> 0.037986689 | E38: ='2. ABM-LCA Controls'!B$17*C38 -> 50.313046 | G38: =((E38)*(('13. Yields'!K52)))/PRODUCT('18. Waste, Losses'!H39:L39) -> 1218463 | H38: =G38*'8. Prices'!H37*'7. BASE to LOCAL'!$O$7 -> 426260.09
A39: Onions | B39: =(('11. Diet'!I39*('11. Diet'!K39/1000))*365*'2. ABM-LCA Controls'!$B$6) -> 2602033.5 | C39: ='14. Land Req '!E40/(SUM('14. Land Req '!E$20:E$26, '14. Land Req '!E$28:E$30, '14. Land Req '!E$33, '14. Land Req '!E$37:E$41) + ('14. Land Req '!E$34*'11. Diet'!$E$63) + ('14. Land Req '!E$42*'11. Diet'!$E$65)) -> 0.054750762 | E39: ='2. ABM-LCA Controls'!B$17*C39 -> 72.516917 | G39: =((E39)*(('13. Yields'!K53)))/PRODUCT('18. Waste, Losses'!H40:L40) -> 2345312.3 | H39: =G39*'8. Prices'!H38*'7. BASE to LOCAL'!$O$7 -> 1049448.6
A40: Squash | B40: =(('11. Diet'!I40*('11. Diet'!K40/1000))*365*'2. ABM-LCA Controls'!$B$6) -> 631196.41 | C40: ='14. Land Req '!E41/(SUM('14. Land Req '!E$20:E$26, '14. Land Req '!E$28:E$30, '14. Land Req '!E$33, '14. Land Req '!E$37:E$41) + ('14. Land Req '!E$34*'11. Diet'!$E$63) + ('14. Land Req '!E$42*'11. Diet'!$E$65)) -> 0.034504416 | E40: ='2. ABM-LCA Controls'!B$17*C40 -> 45.700805 | G40: =((E40)*(('13. Yields'!K54)))/PRODUCT('18. Waste, Losses'!H41:L41) -> 568921.45 | H40: =G40*'8. Prices'!H39*'7. BASE to LOCAL'!$O$7 -> 397619.19
A41: Preserved, Other | B41: =(('11. Diet'!I41*('11. Diet'!K41/1000))*365*'2. ABM-LCA Controls'!$B$6) -> 809578 | C41: =('14. Land Req '!E42)/(SUM('14. Land Req '!E$20:E$42)) -> 0.04979561 | E41: =SUM('2. ABM-LCA Controls'!B$17:B$18)*C41 -> 124.71003 | G41: =((E41)*(('13. Yields'!K55)))/PRODUCT('18. Waste, Losses'!H42:L42) -> 809578 | H41: =G41*'8. Prices'!H40*'7. BASE to LOCAL'!$O$7 -> 652673.93
A42: Wheat flour | B42: =(('11. Diet'!I42*('11. Diet'!K42/1000))*365*'2. ABM-LCA Controls'!$B$6) -> 18768731 | C42: ='14. Land Req '!E43/SUM('14. Land Req '!E$43:E$44) -> 0.90537751 | E42: ='2. ABM-LCA Controls'!B$19*C42 -> 9648.4489 | G42: =(E42*'13. Yields'!K56)/PRODUCT('18. Waste, Losses'!H43:L43) -> 18768731 | H42: =G42*(('8. Prices'!H41*'11. Diet'!B81)+('8. Prices'!H42*'11. Diet'!B82)+('8. Prices'!H43*'11. Diet'!B83))*'7. BASE to LOCAL'!$O$11 -> 41084712
A43: Corn flour | B43: =(('11. Diet'!I43*('11. Diet'!K43/1000))*365*'2. ABM-LCA Controls'!$B$6) -> 5552416.3 | C43: ='14. Land Req '!E44/SUM('14. Land Req '!E$43:E$44) -> 0.094622486 | E43: ='2. ABM-LCA Controls'!B$19*C43 -> 1008.3752 | G43: =(E43*'13. Yields'!K57)/PRODUCT('18. Waste, Losses'!H44:L44) -> 5552416.3 | H43: =G43*'8. Prices'!H44*'7. BASE to LOCAL'!$O$11 -> 2486349.7
A44: Soybean Oil | B44: =(('11. Diet'!I44*('11. Diet'!K44/1000))*365*'2. ABM-LCA Controls'!$B$6) -> 6579295.2 | C44: ='14. Land Req '!E45/SUM('14. Land Req '!E$45:E$46) -> 0.84498475 | E44: ='2. ABM-LCA Controls'!B$20*C44 -> 16820.012 | G44: =(E44*'13. Yields'!K58)/PRODUCT('18. Waste, Losses'!H45:L45) -> 6579295.2 | H44: =G44*'8. Prices'!H45*'7. BASE to LOCAL'!$O$12 -> 4569611
A45: Canola Oil | B45: =(('11. Diet'!I45*('11. Diet'!K45/1000))*365*'2. ABM-LCA Controls'!$B$6) -> 1644823.8 | C45: ='14. Land Req '!E46/SUM('14. Land Req '!E$45:E$46) -> 0.15501525 | E45: ='2. ABM-LCA Controls'!B$20*C45 -> 3085.6868 | G45: =(E45*'13. Yields'!K59)/PRODUCT('18. Waste, Losses'!H46:L46) -> 1644823.8 | H45: =G45*'8. Prices'!H46*'7. BASE to LOCAL'!$O$12 -> 3085760.7
A46: Corn Syrup | B46: =(('11. Diet'!I46*('11. Diet'!K46/1000))*365*'2. ABM-LCA Controls'!$B$6) -> 17258697 | C46: ='14. Land Req '!E47/SUM('14. Land Req '!E$47:E$48) -> 0.93652977 | E46: ='2. ABM-LCA Controls'!B$21*C46 -> 3432.7936 | G46: =(E46*'13. Yields'!K60)/PRODUCT('18. Waste, Losses'!H47:L47) -> 17258697 | H46: =G46*'8. Prices'!H47*'7. BASE to LOCAL'!$O$13 -> 12685154
A47: Sugar, cane and beet | B47: =(('11. Diet'!I47*('11. Diet'!K47/1000))*365*'2. ABM-LCA Controls'!$B$6) -> 1572642.3 | C47: ='14. Land Req '!E48/SUM('14. Land Req '!E$47:E$48) -> 0.063470232 | E47: ='2. ABM-LCA Controls'!B$21*C47 -> 232.64632 | G47: =(E47*'13. Yields'!K61)/PRODUCT('18. Waste, Losses'!H48:L48) -> 1572642.3 | H47: =G47*'8. Prices'!H48*'7. BASE to LOCAL'!$O$13 -> 1155860.5
A48: Corn, Commodity | B48: ='14. Land Req '!C49 -> 1.0034679e+09 | C48: ='14. Land Req '!E49/SUM('14. Land Req '!E$49:E$50) -> 0.53057367 | E48: ='2. ABM-LCA Controls'!B$22*C48 -> 0 | G48: =('2. ABM-LCA Controls'!B$11*C48)*(AVERAGE('13. Yields'!K62,'13. Yields'!K64,'13. Yields'!K66,'13. Yields'!K68,'13. Yields'!K70,'13. Yields'!K72)) -> 22681252 | H48: =G48*'8. Prices'!H49*'7. BASE to LOCAL'!$O$13 -> 5406081.2
A49: Soybean, Commodity | B49: ='14. Land Req '!C50 -> 2.8653727e+08 | C49: ='14. Land Req '!E50/SUM('14. Land Req '!E$49:E$50) -> 0.46942633 | E49: ='2. ABM-LCA Controls'!B$22*C49 -> 0 | G49: =('2. ABM-LCA Controls'!B$11*C49)*(AVERAGE('13. Yields'!K63,'13. Yields'!K65,'13. Yields'!K67,'13. Yields'!K69,'13. Yields'!K71,'13. Yields'!K73)) -> 6516397.1 | H49: =G49*'8. Prices'!H50*'7. BASE to LOCAL'!$O$13 -> 3016850.1
A51: Table 6.2: Local livestock feed proportions | B51: Corn (kg as consumed/ kg liveweight) | C51: Soybean (kg as consumed/ kg liveweight) | D51: Grass (kg as consumed/ kg liveweight) | E51: Corn silage (kg as consumed/ kg liveweight) | F51: Grazed forage (kg dry basis/ kg liveweight)
A52: Chicken | B52: 1.43 | C52: 0.68
A53: Beef | B53: 2.14 | C53: 0.13 | D53: 5.09 | F53: 7.61
A54: Pork | B54: 2.37 | C54: 0.57
A55: Eggs | B55: 2.01 | C55: 0.57
A56: Dairy (whole milk) | B56: 0.13 | C56: 0.07 | D56: 0.66 | E56: 0.96
A58: Sources
A59: Peters, C.J., Picardy, J., Darrouzet-Nardi, A.F., Wilkins, J.L., Griffin, T.S., Fick, G.W., 2016. Carrying capacity of U.S. agricultural land: Ten diet scenarios. Elementa 2016. https://doi.org/10.12952/journal.elementa.000116
A61: Notes
A62: The ABM scenario production combines the input of LU by category multiplied by the proportion to convert to individual food types multiplied by the LOCAL scenario yield
A63: LOCAL 50% diet includes loss adjustments
A64: Proportion of cropland for ABM-LCA food group includes preserved fruit and vegetables across the two ABM LCA food groups
A66: Equations
A67: Table 6.1: Proportion of cropland [column C], Proportion [column D] for ABM-LCA food group
A68: 14.1 Land Req LOCAL food type 1 (ha/MSA/yr) / 14.1 Land Land Req LOCAL ABM-LCA food group total
A69: Table 6.1: ABM scenario LOCAL 50% diet (kg/MSA/yr) Protein (animal-based) equation
A70: ((6.1 Total cropland use by food type [column E] * ((13.1 Modeled MSA yield [corn] (kg/ha/yr) * 6.2 kg corn/kg liveweight) + (13.1 Modeled MSA yield soybean * 6.2 kg soybean/kg liveweight)) / 15.2 Cropland adjustment factor (BASE to LOCAL))) / (18.1 Conversion (kg farm commodity / kg product) + 18.1 LOCAL Loss adjustment factors [H5:L5])
A71: Table 6.1: ABM scenario LOCAL 50% diet (kg/MSA/yr) Dairy equation
... A74: (6.1 Total cropland use by food type [column E] * 13.1 Modeled MSA yield (kg/ha/yr)) / (18.1 Conversion (kg farm commodity / kg product) + 18.1 LOCAL Loss adjustment factors [H5:L5])

Sheet 7. BASE to LOCAL
A1: Table 7.1: Proportional change between BASE and LOCAL scenarios
B2: BASE | I2: LOCAL
A3: Summary Table by food group | B3: production (%) | C3: processing (%) | D3: transport (%) | E3: retail (%) | F3: food service (%) | G3: institution (%) | I3: production (%) | J3: processing (%) | K3: transport (%) | L3: retail (% ) | M3: food service (%) | N3: institution (%) | O3: Adjustment factor
A4: meat | B4: =SUM($K$17:$K$26)/SUM(K17:K90) -> 0.12574311 | C4: =SUM($K$27:$K$51)/SUM(K17:K90) -> 0.19176725 | D4: =SUM($K$52:$K$57)/SUM(K17:K90) -> 0.012340119 | E4: =SUM($K$58:$K$62)/SUM(K17:K90) -> 0.048369663 | F4: =SUM($K$63:$K$74)/SUM(K17:K90) -> 0.16060169 | G4: =SUM($K$75:$K$90)/SUM(K17:K90) -> 0.46117817 | I4: =B4*'15. Ag Prod'!B54 -> 0.13317779 | J4: =C4 -> 0.19176725 | K4: =D4*'17. Transport'!K4 -> 0.0027038392 | L4: =E4*'16. Packaging, Market'!J13 -> 0.0215245 | M4: =F4 -> 0.16060169 | N4: =G4 -> 0.46117817 | O4: =SUM(I4:N4) -> 0.97095324
A5: eggs | B5: =SUM($O$17:$O$26)/SUM(O17:O90) -> 0.29880137 | C5: =SUM($O$27:$O$51)/SUM(O17:O90) -> 0.38484589 | D5: =SUM($O$52:$O$57)/SUM(O17:O90) -> 0.013270548 | E5: =SUM($O$58:$O$62)/SUM(O17:O90) -> 0.046232877 | F5: =SUM($O$63:$O$74)/SUM(O17:O90) -> 0.087328767 | G5: =SUM($O$75:$O$90)/SUM(O17:O90) -> 0.16952055 | I5: =B5*'15. Ag Prod'!B54 -> 0.31646828 | J5: =C5 -> 0.38484589 | K5: =D5*'17. Transport'!K4 -> 0.0029077052 | L5: =E5*'16. Packaging, Market'!J13 -> 0.02057363 | M5: =F5 -> 0.087328767 | N5: =G5 -> 0.16952055 | O5: =SUM(I5:N5) -> 0.98164482
A6: milk | B6: =SUM($N$17:$N$26)/SUM(N17:N90) -> 0.10956029 | C6: =SUM($N$27:$N$51)/SUM(N17:N90) -> 0.37359639 | D6: =SUM($N$52:$N$57)/SUM(N17:N90) -> 0.0098646238 | E6: =SUM($N$58:$N$62)/SUM(N17:N90) -> 0.072410536 | F6: =SUM($N$63:$N$74)/SUM(N17:N90) -> 0.18060657 | G6: =SUM($N$75:$N$90)/SUM(N17:N90) -> 0.25396159 | I6: =B6*'15. Ag Prod'!B55 -> 0.14614809 | J6: =C6 -> 0.37359639 | K6: =D6*'17. Transport'!K5 -> 0.0013995771 | L6: =E6*'16. Packaging, Market'!J14 -> 0.032222689 | M6: =F6 -> 0.18060657 | N6: =G6 -> 0.25396159 | O6: =SUM(I6:N6) -> 0.9879349
A7: fruit and vegetables, fresh | B7: =SUM($I$17:$I$26)/SUM(I17:I90) -> 0.73375984 | C7: =SUM($I$27:$I$51)/SUM(I17:I90) -> 0 | D7: =SUM($I$52:$I$57)/SUM(I17:I90) -> 0.11146654 | E7: =SUM($I$58:$I$62)/SUM(I17:I90) -> 0.095226378 | F7: =SUM($I$63:$I$74)/SUM(I17:I90) -> 0.014517717 | G7: =SUM($I$75:$I$90)/SUM(I17:I90) -> 0.045029528 | I7: =B7*'15. Ag Prod'!$B$57 -> 0.21037664 | J7: =C7 -> 0 | K7: =D7*'17. Transport'!K8 -> 0.00038169742 | L7: =E7*'16. Packaging, Market'!J17 -> 0.042375738 | M7: =F7 -> 0.014517717 | N7: =G7 -> 0.045029528 | O7: =SUM(I7:N7) -> 0.31268132
A8: roots and tubers, fresh | B8: =SUM($F$17:$F$26)/SUM(F17:F90) -> 0.66532258 | C8: =SUM($F$27:$F$51)/SUM(F17:F90) -> 0 | D8: =SUM($F$52:$F$57)/SUM(F17:F90) -> 0.28225806 | E8: =SUM($F$58:$F$62)/SUM(F17:F90) -> 0.0080645161 | F8: =SUM($F$63:$F$74)/SUM(F17:F90) -> 0.012096774 | G8: =SUM($F$75:$F$90)/SUM(F17:F90) -> 0.032258065 | I8: =B8*'15. Ag Prod'!$B$57 -> 0.19075496 | J8: =C8 -> 0 | K8: =D8*'17. Transport'!K8 -> 0.00096654278 | L8: =E8*'16. Packaging, Market'!J17 -> 0.0035887097 | M8: =F8 -> 0.012096774 | N8: =G8 -> 0.032258065 | O8: =SUM(I8:N8) -> 0.23966505
A9: fruit and vegetables, processed | B9: =SUM($J$17:$J$26)/SUM(J17:J90) -> 0 | C9: =SUM($J$27:$J$51)/SUM(J17:J90) -> 0.46298138 | D9: =SUM($J$52:$J$57)/SUM(J17:J90) -> 0.130027 | E9: =SUM($J$58:$J$62)/SUM(J17:J90) -> 0.022168538 | F9: =SUM($J$63:$J$74)/SUM(J17:J90) -> 0.15546398 | G9: =SUM($J$75:$J$90)/SUM(J17:J90) -> 0.2293591 | I9: =B9*'15. Ag Prod'!$B$57 -> 0 | J9: =C9 -> 0.46298138 | K9: =D9*'17. Transport'!K9 -> 0.0082830449 | L9: =E9*'16. Packaging, Market'!J18 -> 0.0098649993 | M9: =F9 -> 0.15546398 | N9: =G9 -> 0.2293591 | O9: =SUM(I9:N9) -> 0.86595251
A10: roots and tubers, processed | B10: =SUM($G$17:$G$26)/SUM(G17:G90) -> 0 | C10: =SUM($G$27:$G$51)/SUM(G17:G90) -> 0.48148148 | D10: =SUM($G$52:$G$57)/SUM(G17:G90) -> 0.051851852 | E10: =SUM($G$58:$G$62)/SUM(G17:G90) -> 0.0074074074 | F10: =SUM($G$63:$G$74)/SUM(G17:G90) -> 0.17037037 | G10: =SUM($G$75:$G$90)/SUM(G17:G90) -> 0.28888889 | I10: =B10*'15. Ag Prod'!B59 -> 0 | J10: =C10 -> 0.48148148 | K10: =D10*'17. Transport'!K9 -> 0.0033030926 | L10: =E10*'16. Packaging, Market'!J18 -> 0.0032962963 | M10: =F10 -> 0.17037037 | N10: =G10 -> 0.28888889 | O10: =SUM(I10:N10) -> 0.94734013
A11: grains | B11: =SUM($E$17:$E$26)/SUM(E17:E90) -> 0.088920505 | C11: =SUM($E$27:$E$51)/SUM(E17:E90) -> 0.52294149 | D11: =SUM($E$52:$E$57)/SUM(E17:E90) -> 0.051307131 | E11: =SUM($E$58:$E$62)/SUM(E17:E90) -> 0.14849724 | F11: =SUM($E$63:$E$74)/SUM(E17:E90) -> 0.065534412 | G11: =SUM($E$75:$E$90)/SUM(E17:E90) -> 0.12279922 | I11: =B11*'15. Ag Prod'!B60 -> 0.088920505 | J11: =C11 -> 0.52294149 | K11: =D11*'17. Transport'!K10 -> 0.011754429 | L11: =E11*'16. Packaging, Market'!J19 -> 0.066081273 | M11: =F11 -> 0.065534412 | N11: =G11 -> 0.12279922 | O11: =SUM(I11:N11) -> 0.87803133
A12: oil | B12: =SUM($H$17:$H$26)/SUM(H17:H90) -> 0.27218291 | C12: =SUM($H$27:$H$51)/SUM(H17:H90) -> 0.40990746 | D12: =SUM($H$52:$H$57)/SUM(H17:H90) -> 0.023679913 | E12: =SUM($H$58:$H$62)/SUM(H17:H90) -> 0.21393576 | F12: =SUM($H$63:$H$74)/SUM(H17:H90) -> 0.059063691 | G12: =SUM($H$75:$H$90)/SUM(H17:H90) -> 0.021230267 | I12: =B12*'15. Ag Prod'!B61 -> 0.27218291 | J12: =C12 -> 0.40990746 | K12: =D12*'17. Transport'!K11 -> 0.0021014054 | L12: =E12*'16. Packaging, Market'!J20 -> 0.095201415 | M12: =F12 -> 0.059063691 | N12: =G12 -> 0.021230267 | O12: =SUM(I12:N12) -> 0.85968714
A13: sugar | B13: =SUM($P$17:$P$26)/SUM(P17:P90) -> 0.25397547 | C13: =SUM($P$27:$P$51)/SUM(P17:P90) -> 0.31826443 | D13: =SUM($P$52:$P$57)/SUM(P17:P90) -> 0.16560654 | E13: =SUM($P$58:$P$62)/SUM(P17:P90) -> 0.023171286 | F13: =SUM($P$63:$P$74)/SUM(P17:P90) -> 0.14856883 | G13: =SUM($P$75:$P$90)/SUM(P17:P90) -> 0.090413448 | I13: =B13*'15. Ag Prod'!B62 -> 0.25397547 | J13: =C13 -> 0.31826443 | K13: =D13*'17. Transport'!K12 -> 0.053467369 | L13: =E13*'16. Packaging, Market'!J21 -> 0.010311222 | M13: =F13 -> 0.14856883 | N13: =G13 -> 0.090413448 | O13: =SUM(I13:N13) -> 0.87500076
A15: Table 7.2: Proportion emissions by food system stage | E15: Proportion industry output by food commodity group | R15: Source
A16: BEA industry code | B16: Industry name | C16: Food supply chain stage | D16: Food system proportion of industry output | E16: cereals | F16: roots and tubers, fresh | G16: roots and tubers, processed | H16: oilseeds and pulses | I16: fruits and vegetables, fresh | J16: fruits and vegetables, processed | K16: meat | L16: fish, fresh | M16: fish, processed | N16: milk | O16: eggs | P16: sugar | Q16: beverages | R16: Food supply chain proportion | S16: Commodity proportion
A17: 1111A0 | B17: Fresh soybeans, canola, flaxseeds, and other oilseeds | C17: production | D17: 1 | E17: 0 | F17: 0 | G17: 0 | H17: 1 | I17: 0 | J17: 0 | K17: 0 | L17: 0 | M17: 0 | N17: 0 | O17: 0 | P17: 0 | Q17: 0 | R17: — | S17: —
A18: 1111B0 | B18: Fresh wheat, corn, rice, and other grains | C18: production | D18: 1 | E18: 1 | F18: 0 | G18: 0 | H18: 0 | I18: 0 | J18: 0 | K18: 0 | L18: 0 | M18: 0 | N18: 0 | O18: 0 | P18: 0 | Q18: 0 | R18: — | S18: —
A19: 111200 | B19: Fresh vegetables, melons, and potatoes | C19: production | D19: 1 | E19: 0 | F19: 0.165 | G19: 0 | H19: 0 | I19: 0.835 | J19: 0 | K19: 0 | L19: 0 | M19: 0 | N19: 0 | O19: 0 | P19: 0 | Q19: 0 | R19: — | S19: a
A20: 111300 | B20: Fresh fruits and tree nuts | C20: production | D20: 1 | E20: 0 | F20: 0 | G20: 0 | H20: 0 | I20: 1 | J20: 0 | K20: 0 | L20: 0 | M20: 0 | N20: 0 | O20: 0 | P20: 0 | Q20: 0 | R20: — | S20: —
A21: 111400 | B21: Greenhouse crops, mushrooms, nurseries, and flowers | C21: production | D21: 0.147 | E21: 0 | F21: 0 | G21: 0 | H21: 0 | I21: 1 | J21: 0 | K21: 0 | L21: 0 | M21: 0 | N21: 0 | O21: 0 | P21: 0 | Q21: 0 | R21: a | S21: —
A22: 111900 | B22: Tobacco, cotton, sugarcane, peanuts, sugar beets, herbs and spices, and other crops | C22: production | D22: 0.115 | E22: 0 | F22: 0 | G22: 0 | H22: 0 | I22: 0.147 | J22: 0 | K22: 0 | L22: 0 | M22: 0 | N22: 0 | O22: 0 | P22: 0.853 | Q22: 0 | R22: a | S22: a
A23: 112120 | B23: Dairies | C23: production | D23: 1 | E23: 0 | F23: 0 | G23: 0 | H23: 0 | I23: 0 | J23: 0 | K23: 0 | L23: 0 | M23: 0 | N23: 1 | O23: 0 | P23: 0 | Q23: 0 | R23: — | S23: —
A24: 1121A0 | B24: Cattle ranches and feedlots | C24: production | D24: 1 | E24: 0 | F24: 0 | G24: 0 | H24: 0 | I24: 0 | J24: 0 | K24: 1 | L24: 0 | M24: 0 | N24: 0 | O24: 0 | P24: 0 | Q24: 0 | R24: — | S24: —
A25: 112300 | B25: Poultry farms | C25: production | D25: 1 | E25: 0 | F25: 0 | G25: 0 | H25: 0 | I25: 0 | J25: 0 | K25: 0.302 | L25: 0 | M25: 0 | N25: 0 | O25: 0.698 | P25: 0 | Q25: 0 | R25: — | S25: a
A26: 112A00 | B26: Animal farms and aquaculture ponds (except cattle and poultry) | C26: production | D26: 0.365 | E26: 0 | F26: 0 | G26: 0 | H26: 0 | I26: 0 | J26: 0 | K26: 0.094 | L26: 0.596 | M26: 0 | N26: 0.044 | O26: 0 | P26: 0.265 | Q26: 0 | R26: a | S26: a
A27: 311210 | B27: Flours and malts | C27: processing | D27: 1 | E27: 1 | F27: 0 | G27: 0 | H27: 0 | I27: 0 | J27: 0 | K27: 0 | L27: 0 | M27: 0 | N27: 0 | O27: 0 | P27: 0 | Q27: 0 | R27: — | S27: —
A28: 311221 | B28: Corn products | C28: processing | D28: 1 | E28: 0.99 | F28: 0 | G28: 0 | H28: 0.01 | I28: 0 | J28: 0 | K28: 0 | L28: 0 | M28: 0 | N28: 0 | O28: 0 | P28: 0 | Q28: 0 | R28: — | S28: c, d
A29: 311225 | B29: Refined vegetable, olive, and seed oils | C29: processing | D29: 1 | E29: 0.448 | F29: 0 | G29: 0 | H29: 0.478 | I29: 0 | J29: 0.074 | K29: 0 | L29: 0 | M29: 0 | N29: 0 | O29: 0 | P29: 0 | Q29: 0 | R29: — | S29: c, d
A30: 31122A | B30: Vegetable oils and by-products | C30: processing | D30: 1 | E30: 0.006 | F30: 0 | G30: 0 | H30: 0.968 | I30: 0 | J30: 0.026 | K30: 0 | L30: 0 | M30: 0 | N30: 0 | O30: 0 | P30: 0 | Q30: 0 | R30: — | S30: c, d
A31: 311230 | B31: Breakfast cereals | C31: processing | D31: 1 | E31: 0.892 | F31: 0 | G31: 0 | H31: 0 | I31: 0 | J31: 0.108 | K31: 0 | L31: 0 | M31: 0 | N31: 0 | O31: 0 | P31: 0 | Q31: 0 | R31: — | S31: c, d
A32: 311300 | B32: Sugar, candy, and chocolate | C32: processing | D32: 1 | E32: 0 | F32: 0 | G32: 0 | H32: 0 | I32: 0 | J32: 0.404 | K32: 0 | L32: 0 | M32: 0 | N32: 0 | O32: 0.054 | P32: 0.542 | Q32: 0 | R32: — | S32: c, d
A33: 311410 | B33: Frozen food | C33: processing | D33: 1 | E33: 0.723 | F33: 0 | G33: 0.019 | H33: 0 | I33: 0 | J33: 0.221 | K33: 0 | L33: 0 | M33: 0.014 | N33: 0 | O33: 0.024 | P33: 0 | Q33: 0 | R33: — | S33: c, e
A34: 311420 | B34: Fruit and vegetable preservation | C34: processing | D34: 1 | E34: 0.075 | F34: 0 | G34: 0.018 | H34: 0 | I34: 0 | J34: 0.742 | K34: 0 | L34: 0 | M34: 0.15 | N34: 0 | O34: 0.013 | P34: 0 | Q34: 0 | R34: — | S34: c, e
A35: 311513 | B35: Cheese | C35: processing | D35: 1 | E35: 0 | F35: 0 | G35: 0 | H35: 0 | I35: 0 | J35: 0 | K35: 0 | L35: 0 | M35: 0 | N35: 1 | O35: 0 | P35: 0 | Q35: 0 | R35: — | S35: —
A36: 311514 | B36: Dry, condensed, and evaporated dairy | C36: processing | D36: 1 | E36: 0 | F36: 0 | G36: 0 | H36: 0 | I36: 0 | J36: 0 | K36: 0 | L36: 0 | M36: 0 | N36: 1 | O36: 0 | P36: 0 | Q36: 0 | R36: — | S36: —
A37: 31151A | B37: Fluid milk and butter | C37: processing | D37: 1 | E37: 0 | F37: 0 | G37: 0 | H37: 0 | I37: 0 | J37: 0 | K37: 0 | L37: 0 | M37: 0 | N37: 1 | O37: 0 | P37: 0 | Q37: 0 | R37: — | S37: —
A38: 311520 | B38: Ice cream and frozen desserts | C38: processing | D38: 1 | E38: 0 | F38: 0 | G38: 0 | H38: 0 | I38: 0 | J38: 0.293 | K38: 0 | L38: 0 | M38: 0 | N38: 0.499 | O38: 0.206 | P38: 0.002 | Q38: 0 | R38: — | S38: —
A39: 311615 | B39: Packaged poultry | C39: processing | D39: 1 | E39: 0 | F39: 0 | G39: 0 | H39: 0 | I39: 0 | J39: 0 | K39: 1 | L39: 0 | M39: 0 | N39: 0 | O39: 0 | P39: 0 | Q39: 0 | R39: — | S39: —
A40: 31161A | B40: Packaged meat (except poultry) | C40: processing | D40: 1 | E40: 0 | F40: 0 | G40: 0 | H40: 0 | I40: 0 | J40: 0 | K40: 1 | L40: 0 | M40: 0 | N40: 0 | O40: 0 | P40: 0 | Q40: 0 | R40: — | S40: —
A41: 311810 | B41: Bread and other baked goods | C41: processing | D41: 1 | E41: 0.811 | F41: 0 | G41: 0 | H41: 0 | I41: 0 | J41: 0.06 | K41: 0 | L41: 0 | M41: 0 | N41: 0 | O41: 0.13 | P41: 0 | Q41: 0 | R41: — | S41: c, d
A42: 3118A0 | B42: Cookies, crackers, pastas, and tortillas | C42: processing | D42: 1 | E42: 0.526 | F42: 0 | G42: 0 | H42: 0 | I42: 0 | J42: 0.178 | K42: 0 | L42: 0 | M42: 0 | N42: 0 | O42: 0.292 | P42: 0.004 | Q42: 0 | R42: — | S42: c, d
A43: 311910 | B43: Snack foods | C43: processing | D43: 1 | E43: 0.215 | F43: 0 | G43: 0.003 | H43: 0.041 | I43: 0 | J43: 0.397 | K43: 0.003 | L43: 0 | M43: 0 | N43: 0 | O43: 0 | P43: 0.294 | Q43: 0 | R43: — | S43: c, e, f
A44: 311920 | B44: Coffee and tea | C44: processing | D44: 1 | E44: 0 | F44: 0 | G44: 0 | H44: 0 | I44: 0 | J44: 0 | K44: 0 | L44: 0 | M44: 0 | N44: 0 | O44: 0 | P44: 0 | Q44: 1 | R44: — | S44: —
A45: 311930 | B45: Flavored drink concentrates | C45: processing | D45: 1 | E45: 0 | F45: 0 | G45: 0 | H45: 0 | I45: 0 | J45: 0 | K45: 0 | L45: 0 | M45: 0 | N45: 0 | O45: 0 | P45: 0 | Q45: 1 | R45: — | S45: —
A46: 311940 | B46: Seasonings and dressings | C46: processing | D46: 1 | E46: 0 | F46: 0 | G46: 0.006 | H46: 0.008 | I46: 0 | J46: 0.3 | K46: 0.015 | L46: 0 | M46: 0 | N46: 0 | O46: 0.116 | P46: 0.554 | Q46: 0 | R46: — | S46: c, f
A47: 311990 | B47: All other foods | C47: processing | D47: 1 | E47: 0.195 | F47: 0 | G47: 0.019 | H47: 0.001 | I47: 0 | J47: 0.455 | K47: 0.111 | L47: 0 | M47: 0 | N47: 0.061 | O47: 0.064 | P47: 0.005 | Q47: 0 | R47: — | S47: c, f
A48: 312110 | B48: Soft drinks, bottled water, and ice | C48: processing | D48: 1 | E48: 0 | F48: 0 | G48: 0 | H48: 0 | I48: 0 | J48: 0 | K48: 0 | L48: 0 | M48: 0 | N48: 0 | O48: 0 | P48: 0 | Q48: 1 | R48: — | S48: —
A49: 312120 | B49: Breweries and beer | C49: processing | D49: 1 | E49: 0 | F49: 0 | G49: 0 | H49: 0 | I49: 0 | J49: 0 | K49: 0 | L49: 0 | M49: 0 | N49: 0 | O49: 0 | P49: 0 | Q49: 1 | R49: — | S49: —
A50: 312130 | B50: Wineries and wine | C50: processing | D50: 1 | E50: 0 | F50: 0 | G50: 0 | H50: 0 | I50: 0 | J50: 0 | K50: 0 | L50: 0 | M50: 0 | N50: 0 | O50: 0 | P50: 0 | Q50: 1 | R50: — | S50: —
A51: 312140 | B51: Distilleries and spirits | C51: processing | D51: 1 | E51: 0 | F51: 0 | G51: 0 | H51: 0 | I51: 0 | J51: 0 | K51: 0 | L51: 0 | M51: 0 | N51: 0 | O51: 0 | P51: 0 | Q51: 1 | R51: — | S51: —
A52: 481000 | B52: Air transport | C52: transport | D52: 0.003 | E52: 0.01 | F52: 0 | G52: 0 | H52: 0 | I52: 0 | J52: 0.001 | K52: 0 | L52: 0 | M52: 0.258 | N52: 0 | O52: 0.002 | P52: 0 | Q52: 0.73 | R52: c, d | S52: c, d
A53: 482000 | B53: Rail transport | C53: transport | D53: 0.007 | E53: 0.226 | F53: 0 | G53: 0.003 | H53: 0.043 | I53: 0 | J53: 0.417 | K53: 0.003 | L53: 0 | M53: 0 | N53: 0 | O53: 0 | P53: 0.308 | Q53: 0 | R53: c, d | S53: c, d
A54: 483000 | B54: Water transport (boats, ships, ferries) | C54: transport | D54: 0.012 | E54: 0.07 | F54: 0 | G54: 0.001 | H54: 0.001 | I54: 0 | J54: 0.065 | K54: 0.09 | L54: 0 | M54: 0.28 | N54: 0.078 | O54: 0.018 | P54: 0.032 | Q54: 0.363 | R54: c, d | S54: c, d
... A56: 485000 | B56: Passenger ground transport | C56: transport | D56: 0.011 | E56: 0.226 | F56: 0 | G56: 0.003 | H56: 0.043 | I56: 0 | J56: 0.417 | K56: 0.003 | L56: 0 | M56: 0 | N56: 0 | O56: 0 | P56: 0.308 | Q56: 0 | R56: c, d | S56: c, d
A57: 48A000 | B57: Scenic and sightseeing transportation and support activities for transportation | C57: transport | D57: 0.007 | E57: 0.011 | F57: 0.07 | G57: 0 | H57: 0 | I57: 0.453 | J57: 0.013 | K57: 0.041 | L57: 0.152 | M57: 0.02 | N57: 0.016 | O57: 0.006 | P57: 0.081 | Q57: 0.137 | R57: c, d | S57: c, d
A58: 420000 | B58: Wholesale trade | C58: retail | D58: 0.104 | E58: 0.32 | F58: 0 | G58: 0 | H58: 0.346 | I58: 0.013 | J58: 0.012 | K58: 0.154 | L58: 0.024 | M58: 0 | N58: 0.092 | O58: 0.004 | P58: 0.012 | Q58: 0.023 | R58: b | S58: c, d
A59: 452000 | B59: General merchandise stores | C59: retail | D59: 0.209 | E59: 0.534 | F59: 0 | G59: 0.001 | H59: 0.07 | I59: 0.003 | J59: 0.052 | K59: 0.063 | L59: 0.001 | M59: 0.015 | N59: 0.136 | O59: 0.043 | P59: 0.043 | Q59: 0.039 | R59: b | S59: c, d
A60: 4A0000 | B60: Other retail | C60: retail | D60: 0.17 | E60: 0.056 | F60: 0.001 | G60: 0 | H60: 0.003 | I60: 0.268 | J60: 0.045 | K60: 0.115 | L60: 0 | M60: 0.07 | N60: 0.27 | O60: 0.019 | P60: 0.022 | Q60: 0.13 | R60: b | S60: c, d
A61: 493000 | B61: Warehousing | C61: retail | D61: 0.092 | E61: 0.32 | F61: 0 | G61: 0 | H61: 0.346 | I61: 0.013 | J61: 0.012 | K61: 0.154 | L61: 0.024 | M61: 0 | N61: 0.092 | O61: 0.004 | P61: 0.012 | Q61: 0.023 | R61: b | S61: c, d
A62: 445000 | B62: Food and beverage stores | C62: retail | D62: 1 | E62: 0.44 | F62: 0.001 | G62: 0 | H62: 0.021 | I62: 0.09 | J62: 0.035 | K62: 0.051 | L62: 0.133 | M62: 0.027 | N62: 0.1 | O62: 0.038 | P62: 0.013 | Q62: 0.05 | R62: — | S62: c, d
A63: 722110 | B63: Full-service restaurants | C63: foodservice | D63: 1 | E63: 0.066 | F63: 0.001 | G63: 0.002 | H63: 0.015 | I63: 0.007 | J63: 0.079 | K63: 0.195 | L63: 0.089 | M63: 0.101 | N63: 0.115 | O63: 0.019 | P63: 0.036 | Q63: 0.276 | R63: — | S63: c, d
A64: 722211 | B64: Limited-service restaurants | C64: foodservice | D64: 1 | E64: 0.062 | F64: 0.001 | G64: 0.001 | H64: 0.016 | I64: 0.004 | J64: 0.075 | K64: 0.199 | L64: 0.049 | M64: 0.107 | N64: 0.124 | O64: 0.02 | P64: 0.042 | Q64: 0.299 | R64: — | S64: c, d
A65: 722A00 | B65: All other food and drinking places | C65: foodservice | D65: 1 | E65: 0.062 | F65: 0.001 | G65: 0.001 | H65: 0.112 | I65: 0.005 | J65: 0.07 | K65: 0.123 | L65: 0.043 | M65: 0.094 | N65: 0.118 | O65: 0.012 | P65: 0.032 | Q65: 0.326 | R65: — | S65: c, d
A66: 512100 | B66: Movies and film | C66: foodservice | D66: 0.001 | E66: 0 | F66: 0 | G66: 0 | H66: 0 | I66: 0 | J66: 0.231 | K66: 0 | L66: 0 | M66: 0.214 | N66: 0 | O66: 0.031 | P66: 0.31 | Q66: 0.214 | R66: c, d | S66: c, d
A67: 711100 | B67: Performances | C67: foodservice | D67: 0.003 | E67: 0.059 | F67: 0 | G67: 0 | H67: 0.004 | I67: 0 | J67: 0.041 | K67: 0.144 | L67: 0 | M67: 0.048 | N67: 0.335 | O67: 0.006 | P67: 0.028 | Q67: 0.335 | R67: c, d | S67: c, d
A68: 711200 | B68: Sports | C68: foodservice | D68: 0.027 | E68: 0.159 | F68: 0 | G68: 0.013 | H68: 0.002 | I68: 0 | J68: 0.322 | K68: 0.15 | L68: 0 | M68: 0.031 | N68: 0.15 | O68: 0.047 | P68: 0.019 | Q68: 0.107 | R68: c, d | S68: c, d
A69: 711A00 | B69: Promoters and agents | C69: foodservice | D69: 0.006 | E69: 0.065 | F69: 0 | G69: 0 | H69: 0.003 | I69: 0 | J69: 0.039 | K69: 0.179 | L69: 0 | M69: 0.085 | N69: 0.298 | O69: 0.01 | P69: 0.032 | Q69: 0.289 | R69: c, d | S69: c, d
A70: 712000 | B70: Museums, historical sites, zoos, and parks | C70: foodservice | D70: 0.01 | E70: 0.055 | F70: 0 | G70: 0 | H70: 0.002 | I70: 0 | J70: 0.025 | K70: 0.179 | L70: 0 | M70: 0.125 | N70: 0.233 | O70: 0.007 | P70: 0.016 | Q70: 0.358 | R70: c, d | S70: c, d
A71: 713100 | B71: Amusement parks and arcades | C71: foodservice | D71: 0.112 | E71: 0.041 | F71: 0 | G71: 0.002 | H71: 0.001 | I71: 0.009 | J71: 0.059 | K71: 0.189 | L71: 0.029 | M71: 0.034 | N71: 0.105 | O71: 0.011 | P71: 0.014 | Q71: 0.504 | R71: c, d | S71: c, d
A72: 713200 | B72: Gambling establishments (except casino hotels) | C72: foodservice | D72: 0.031 | E72: 0.044 | F72: 0 | G72: 0.001 | H72: 0.002 | I72: 0.029 | J72: 0.037 | K72: 0.116 | L72: 0.051 | M72: 0.056 | N72: 0.073 | O72: 0.012 | P72: 0.05 | Q72: 0.531 | R72: c, d | S72: c, d
A73: 713900 | B73: Golf courses, marinas, ski resorts, fitness and other rec centers and industries | C73: foodservice | D73: 0.047 | E73: 0.056 | F73: 0 | G73: 0.002 | H73: 0.001 | I73: 0.004 | J73: 0.065 | K73: 0.12 | L73: 0.085 | M73: 0.074 | N73: 0.111 | O73: 0.012 | P73: 0.036 | Q73: 0.434 | R73: c, d | S73: c, d
A74: 721000 | B74: Hotels and campgrounds | C74: foodservice | D74: 0.051 | E74: 0.068 | F74: 0 | G74: 0.001 | H74: 0.059 | I74: 0.001 | J74: 0.051 | K74: 0.189 | L74: 0.052 | M74: 0.122 | N74: 0.059 | O74: 0.017 | P74: 0.039 | Q74: 0.341 | R74: c, d | S74: c, d
A75: 611100 | B75: Elementary and secondary schools | C75: institutional | D75: 0.114 | E75: 0.054 | F75: 0.003 | G75: 0.004 | H75: 0.004 | I75: 0.019 | J75: 0.179 | K75: 0.146 | L75: 0.049 | M75: 0.086 | N75: 0.414 | O75: 0.014 | P75: 0.006 | Q75: 0.021 | R75: c, d | S75: c, d
A76: 611A00 | B76: Colleges, universities, junior colleges, and professional schools | C76: institutional | D76: 0.077 | E76: 0.123 | F76: 0.001 | G76: 0.002 | H76: 0.021 | I76: 0.007 | J76: 0.091 | K76: 0.229 | L76: 0.002 | M76: 0.095 | N76: 0.119 | O76: 0.034 | P76: 0.043 | Q76: 0.233 | R76: c, d | S76: c, d
A77: 611B00 | B77: Other educational services | C77: institutional | D77: 0.003 | E77: 0.123 | F77: 0.001 | G77: 0.002 | H77: 0.021 | I77: 0.007 | J77: 0.091 | K77: 0.229 | L77: 0.002 | M77: 0.095 | N77: 0.119 | O77: 0.034 | P77: 0.043 | Q77: 0.233 | R77: c, d | S77: c, d
A78: 622000 | B78: Hospitals | C78: institutional | D78: 0.03 | E78: 0.034 | F78: 0 | G78: 0.002 | H78: 0.001 | I78: 0 | J78: 0.083 | K78: 0.361 | L78: 0 | M78: 0.202 | N78: 0.149 | O78: 0.024 | P78: 0.025 | Q78: 0.121 | R78: c, d | S78: c, d
A79: 623A00 | B79: Nursing and community care facilities | C79: institutional | D79: 0.068 | E79: 0.105 | F79: 0 | G79: 0.004 | H79: 0.002 | I79: 0 | J79: 0.142 | K79: 0.459 | L79: 0 | M79: 0.067 | N79: 0.125 | O79: 0.031 | P79: 0.04 | Q79: 0.026 | R79: c, d | S79: c, d
A80: 623B00 | B80: Residential mental retardation, mental health, substance abuse and other facilities | C80: institutional | D80: 0.108 | E80: 0.067 | F80: 0 | G80: 0.002 | H80: 0.001 | I80: 0 | J80: 0.1 | K80: 0.561 | L80: 0 | M80: 0.13 | N80: 0.057 | O80: 0.031 | P80: 0.009 | Q80: 0.043 | R80: c, d | S80: c, d
A81: 624100 | B81: Individual and family services | C81: institutional | D81: 0.06 | E81: 0.147 | F81: 0 | G81: 0.002 | H81: 0.003 | I81: 0 | J81: 0.083 | K81: 0.46 | L81: 0 | M81: 0.104 | N81: 0.033 | O81: 0.04 | P81: 0.031 | Q81: 0.097 | R81: c, d | S81: c, d
A82: 624400 | B82: Child day care | C82: institutional | D82: 0.161 | E82: 0.084 | F82: 0 | G82: 0.003 | H82: 0 | I82: 0 | J82: 0.151 | K82: 0.215 | L82: 0 | M82: 0.02 | N82: 0.475 | O82: 0.04 | P82: 0.012 | Q82: 0 | R82: c, d | S82: c, d
A83: 624A00 | B83: Community food, housing, and other relief services, including rehabilitation services | C83: institutional | D83: 0.145 | E83: 0.051 | F83: 0 | G83: 0.001 | H83: 0.001 | I83: 0 | J83: 0.025 | K83: 0.767 | L83: 0 | M83: 0.066 | N83: 0.016 | O83: 0.015 | P83: 0.012 | Q83: 0.046 | R83: c, d | S83: c, d
A84: 813100 | B84: Religious organizations | C84: institutional | D84: 0.013 | E84: 0.103 | F84: 0.001 | G84: 0.003 | H84: 0 | I84: 0.043 | J84: 0.099 | K84: 0.147 | L84: 0.061 | M84: 0.116 | N84: 0.247 | O84: 0.016 | P84: 0.002 | Q84: 0.162 | R84: c, d | S84: c, d
A85: 813A00 | B85: Grantmaking, giving, and social advocacy organizations | C85: institutional | D85: 0.003 | E85: 0.043 | F85: 0 | G85: 0 | H85: 0 | I85: 0 | J85: 0.003 | K85: 0 | L85: 0 | M85: 0.447 | N85: 0 | O85: 0.007 | P85: 0 | Q85: 0.5 | R85: c, d | S85: c, d
A86: 813B00 | B86: Civic, social, professional, and similar organizations | C86: institutional | D86: 0.03 | E86: 0.107 | F86: 0 | G86: 0.002 | H86: 0.002 | I86: 0.007 | J86: 0.09 | K86: 0.113 | L86: 0.051 | M86: 0.097 | N86: 0.071 | O86: 0.026 | P86: 0.054 | Q86: 0.38 | R86: c, d | S86: c, d
A87: S00102 | B87: Other federal government enterprises | C87: institutional | D87: 0.038 | E87: 0.134 | F87: 0 | G87: 0.005 | H87: 0.001 | I87: 0 | J87: 0.156 | K87: 0.245 | L87: 0.013 | M87: 0.087 | N87: 0.166 | O87: 0.02 | P87: 0.03 | Q87: 0.142 | R87: c, d | S87: c, d
A88: S00203 | B88: Other state and local government enterprises | C88: institutional | D88: 0.003 | E88: 0.073 | F88: 0.001 | G88: 0.003 | H88: 0.01 | I88: 0.05 | J88: 0.133 | K88: 0.264 | L88: 0.009 | M88: 0.13 | N88: 0.166 | O88: 0.027 | P88: 0.034 | Q88: 0.101 | R88: c, d | S88: c, d
A89: S00500 | B89: Federal general government (defense) | C89: institutional | D89: 0.016 | E89: 0.06 | F89: 0 | G89: 0.001 | H89: 0.001 | I89: 0 | J89: 0.055 | K89: 0.66 | L89: 0.001 | M89: 0.071 | N89: 0.097 | O89: 0.01 | P89: 0.023 | Q89: 0.022 | R89: c, d | S89: c, d
A90: S00700 | B90: State and local general government | C90: institutional | D90: 0.065 | E90: 0.073 | F90: 0.001 | G90: 0.003 | H90: 0.01 | I90: 0.05 | J90: 0.133 | K90: 0.264 | L90: 0.009 | M90: 0.13 | N90: 0.166 | O90: 0.027 | P90: 0.034 | Q90: 0.101 | R90: c, d | S90: c, d
A92: Sources
A93: Read, Q.D., Brown, S., Cuéllar, A.D., Finn, S.M., Gephart, J.A., Marston, L.T., Meyer, E., Weitz, K.A., Muth, M.K., 2020. Assessing the environmental impacts of halving food loss and waste along the food supply chain. Sci. Total Environ. 712. https://doi.org/10.1016/j.scitotenv.2019.136255
A95: Notes
A96: Modified from original to exclude seafood sectors not used in this model
A97: fruit and vegetables, processed and roots and tubers, processed include only post-production stages. This change is accounted for in the Outputs LOCAL tab by allocating the price of fresh produce for the production stage only (73.38% of fresh prices) and then the remaining price difference between the fresh production stage was allocated to the processed fruit and vegetable category.
A98: Processing, food service and institution not adjusted between BASE and LOCAL scenarios
A99: Disaggregated waste sectors added (USEEIO V2) - LOCAL waste and losses require further validation
A100: Dried beans are included as fruit and vegetable, processed
A101: a | B101: Quarterly Census of Employment and Wages (QCEW, U.S. Bureau of Labor Statistics)
A102: b | B102: Statistics of United States Businesses (SUSB, U.S. Census Bureau)
A103: c | B103: Input-output table (U.S. Bureau of Economic Analysis)
A104: d | B104: Proportions assuming that relative inputs from upstream industries are equal to relative outputs
...

Sheet 8. Prices
A1: Table 8.1: Food prices
A2: Food types | B2: Food sub-groups | C2: BASE ($/MSA) | D2: LOCAL ($/MSA) | E2: Avg Retail Price ($/ kg or L) | F2: Retail price year | G2: Avg retail price 2012 ($/kg or L) | H2: Producer price 2012 ($/kg or L) | I2: Reference number or source
A3: Chicken | B3: Avg: Chicken-Fresh, Whole & Boneless Chicken Breast | C3: ='11. Diet'!J3*'8. Prices'!H3 -> 57915802 | D3: =('11. Diet'!J3*H3)*'7. BASE to LOCAL'!$O$4 -> 56233535 | E3: 6.7 | F3: 2018 | G3: =E3*'9. Price Adj'!K27 -> 6.469185 | H3: =G3*'9. Price Adj'!O27 -> 4.8533508 | I3: APU0200706111, APU0200FF1101
A4: Beef | B4: average across beef cuts: ground beef, steak, roast beef, all other | C4: ='11. Diet'!J4*'8. Prices'!H4 -> 86059153 | D4: =('11. Diet'!J4*H4)*'7. BASE to LOCAL'!$O$4 -> 83559413 | E4: 12.54 | F4: 2018 | G4: =E4*'9. Price Adj'!K28 -> 12.180604 | H4: =G4*'9. Price Adj'!O28 -> 9.156513 | I4: USDA-ERS
A5: Pork | B5: All Pork (excluding canned and luncheon) | C5: ='11. Diet'!J5*'8. Prices'!H5 -> 30600635 | D5: =('11. Diet'!J5*H5)*'7. BASE to LOCAL'!$O$4 -> 29711785 | E5: 5.71 | F5: 2018 | G5: ='9. Price Adj'!K28*E5 -> 5.5463514 | H5: =G5*'9. Price Adj'!O28 -> 4.1693532 | I5: APU0200FD4101
A6: Eggs | B6: Grade A Eggs | C6: ='11. Diet'!J6*'8. Prices'!H6 -> 16701263 | D6: =('11. Diet'!J6*H6)*'7. BASE to LOCAL'!$O$5 -> 16394708 | E6: 3.43 | F6: 2018 | G6: =E6*'9. Price Adj'!K12 -> 3.9290307 | H6: =G6*'9. Price Adj'!O12 -> 3.3211743 | I6: APU0200708111
A7: Dry Beans | B7: Beans-Dried, any type | C7: ='11. Diet'!J7*'8. Prices'!H7 -> 3874311.7 | D7: =('11. Diet'!J7*H7)*'7. BASE to LOCAL'!O9 -> 3354969.9 | E7: 2.99 | F7: 2011 | G7: =E7*'9. Price Adj'!D6 -> 3.2880133 | H7: ='8. Prices'!G7*'9. Price Adj'!O6 -> 1.8569515 | I7: APU0200714233
A8: Cheese | B8: Cheddar Cheese-Natural | C8: ='11. Diet'!J8*'8. Prices'!H8 -> 48567712 | D8: =('11. Diet'!J8*H8)*'7. BASE to LOCAL'!$O$6 -> 47981738 | E8: 11.75 | F8: 2018 | G8: =E8*'9. Price Adj'!K23 -> 11.273091 | H8: =G8*'9. Price Adj'!O23 -> 8.6093836 | I8: APU0200710212
A9: Milk | B9: Avg: Whole Milk, Skim Milk | C9: ='11. Diet'!J9*'8. Prices'!H9 -> 10597503 | D9: =('11. Diet'!J9*H9)*'7. BASE to LOCAL'!$O$6 -> 10469643 | E9: 0.62 | F9: 2018 | G9: =E9*'9. Price Adj'!K25 -> 0.63620122 | H9: =G9*'9. Price Adj'!O25 -> 0.45209095 | I9: APU0200709112, APU0200FJ1101
A10: Apple | B10: Apples | C10: ='11. Diet'!J10*'8. Prices'!H10 -> 10273259 | D10: =('11. Diet'!J10*H10)*'7. BASE to LOCAL'!$O$7 -> 3212256.1 | E10: =(1.62/453.6)*1000 -> 3.5714286 | F10: 2016 | G10: =E10*'9. Price Adj'!I7 -> 3.9992143 | H10: =G10*'9. Price Adj'!$O$7 -> 2.5072154 | I10: USDA-ERS
A11: Melon | B11: Watermelon, Cantaloupe, Honeydew | C11: ='11. Diet'!J11*'8. Prices'!H11 -> 3211780.3 | D11: =('11. Diet'!J11*H11)*'7. BASE to LOCAL'!$O$7 -> 1004263.7 | E11: =(((0.32/453.6)*1000) + ((0.52/453.6)*1000) + ((0.83/453.6)*1000))/3 -> 1.2272193 | F11: 2016 | G11: =E11*'9. Price Adj'!I7 -> 1.3742156 | H11: =G11*'9. Price Adj'!$O$7 -> 0.86153287 | I11: USDA-ERS
A12: Blueberries | B12: Blueberries | C12: ='11. Diet'!J12*'8. Prices'!H12 -> 3255397.6 | D12: =('11. Diet'!J12*H12)*'7. BASE to LOCAL'!$O$7 -> 1017902 | E12: =(4.39/453.6)*1000 -> 9.6781305 | F12: 2016 | G12: =E12*'9. Price Adj'!I7 -> 10.837377 | H12: =G12*'9. Price Adj'!$O$7 -> 6.7942442 | I12: USDA-ERS
A13: Cherries | B13: Cherries | C13: ='11. Diet'!J13*'8. Prices'!H13 -> 775433.07 | D13: =('11. Diet'!J13*H13)*'7. BASE to LOCAL'!$O$7 -> 242463.44 | E13: 8.22 | F13: 2018 | G13: =E13*'9. Price Adj'!K7 -> 8.8546662 | H13: =G13*'9. Price Adj'!$O$7 -> 5.5512293 | I13: APU0200711418
A14: Grapes | B14: Grapes-Seedless | C14: ='11. Diet'!J14*'8. Prices'!H14 -> 6310093.5 | D14: =('11. Diet'!J14*H14)*'7. BASE to LOCAL'!$O$7 -> 1973048.4 | E14: 5.76 | F14: 2018 | G14: =E14*'9. Price Adj'!K7 -> 6.2047296 | H14: =G14*'9. Price Adj'!$O$7 -> 3.8899125 | I14: APU0200711417
A15: Pears | B15: Pears | C15: ='11. Diet'!J15*'8. Prices'!H15 -> 1632429.4 | D15: =('11. Diet'!J15*H15)*'7. BASE to LOCAL'!$O$7 -> 510430.18 | E15: =(1.52/453.6)*1000 -> 3.35097 | F15: 2016 | G15: =E15*'9. Price Adj'!I7 -> 3.7523492 | H15: =G15*'9. Price Adj'!$O$7 -> 2.352449 | I15: USDA-ERS
A16: Raspberries | B16: Raspberries | C16: ='11. Diet'!J16*'8. Prices'!H16 -> 2319024.2 | D16: =('11. Diet'!J16*H16)*'7. BASE to LOCAL'!$O$7 -> 725115.55 | E16: =(6.88/453.6)*1000 -> 15.167549 | F16: 2016 | G16: =E16*'9. Price Adj'!I7 -> 16.984317 | H16: =G16*'9. Price Adj'!$O$7 -> 10.647927 | I16: USDA-ERS
A17: Strawberries | B17: Strawberries-Dry Pint | C17: ='11. Diet'!J17*'8. Prices'!H17 -> 4605116.5 | D17: =('11. Diet'!J17*H17)*'7. BASE to LOCAL'!$O$7 -> 1439933.9 | E17: 5.05 | F17: 2018 | G17: =E17*'9. Price Adj'!K7 -> 5.4399105 | H17: =G17*'9. Price Adj'!$O$7 -> 3.4104268 | I17: APU0200711415
A18: Fruits preserved | B18: canned, frozen and juice | C18: ='11. Diet'!J18*'8. Prices'!H18 -> 16987452 | D18: ='11. Diet'!J18*H18 -> 16987452 | E18: =(E53*('11. Diet'!B57/SUM('11. Diet'!B51:B59)))+(E54*('11. Diet'!B51/SUM('11. Diet'!B51:B59)))+('8. Prices'!E55*(SUM('11. Diet'!B52,'11. Diet'!B54,'11. Diet'!B55,'11. Diet'!B58,'11. Diet'!B59)/SUM('11. Diet'!B51:B59)))+(E56*(SUM('11. Diet'!B53,'11. Diet'!B56)/SUM('11. Diet'!B51:B59))) -> 2.4754993 | F18: 2016 | G18: =E18*'9. Price Adj'!I22 -> 2.5030145 | H18: =G18*'9. Price Adj'!O22 -> 1.703031 | I18: USDA-ERS
A19: Broccoli | B19: Broccoli | C19: ='11. Diet'!J19*'8. Prices'!H19 -> 2360285.4 | D19: =('11. Diet'!J19*H19)*'7. BASE to LOCAL'!$O$8 -> 565677.92 | E19: 3.79 | F19: 2017 | G19: =E19*'9. Price Adj'!J6 -> 4.6836062 | H19: =G19*'9. Price Adj'!O6 -> 2.6451322 | I19: APU0200712412
A20: Collard Greens | B20: avg fresh collard green | C20: ='11. Diet'!J20*'8. Prices'!H20 -> 416737.48 | D20: =('11. Diet'!J20*H20)*'7. BASE to LOCAL'!$O$8 -> 99877.411 | E20: =(2.6294683753/453.6)*1000 -> 5.796888 | F20: 2016 | G20: =E20*'9. Price Adj'!I6 -> 6.3455634 | H20: =G20*'9. Price Adj'!O6 -> 3.5837458 | I20: USDA-ERS
A21: Kale | B21: avg fresh kale | C21: ='11. Diet'!J21*'8. Prices'!H21 -> 130412.45 | D21: =('11. Diet'!J21*H21)*'7. BASE to LOCAL'!$O$8 -> 31255.307 | E21: =(2.88/453.6)*1000 -> 6.3492063 | F21: 2016 | G21: =E21*'9. Price Adj'!I6 -> 6.9501587 | H21: =G21*'9. Price Adj'!O6 -> 3.9251994 | I21: USDA-ERS
A22: Lettuce, loose-leaf | B22: Lettuce-Romaine | C22: ='11. Diet'!J22*'8. Prices'!H22 -> 3296469 | D22: =('11. Diet'!J22*H22)*'7. BASE to LOCAL'!$O$8 -> 790048.42 | E22: =(1.501/453.6)*1000 -> 3.3090829 | F22: 2016 | G22: =E22*'9. Price Adj'!I6 -> 3.6222876 | H22: =G22*'9. Price Adj'!O6 -> 2.0457376 | I22: APU0200FL2101
A23: Spinach | B23: Spinach -Raw | C23: ='11. Diet'!J23*'8. Prices'!H23 -> 1647589.2 | D23: =('11. Diet'!J23*H23)*'7. BASE to LOCAL'!$O$8 -> 394869.56 | E23: =(3.83/453.6)*1000 -> 8.4435626 | F23: 2016 | G23: =E23*'9. Price Adj'!I6 -> 9.2427458 | H23: =G23*'9. Price Adj'!O6 -> 5.2199701 | I23: USDA-ERS
A24: Vegetables preserved | B24: Frozen Broccoli & Kale | C24: ='11. Diet'!J24*'8. Prices'!H24 -> 1410622 | D24: =('11. Diet'!J24*H24)*'7. BASE to LOCAL'!$O$8 -> 338076.8 | E24: =(((1.82+2.07)/2)/453.6)*1000 -> 4.2879189 | F24: 2016 | G24: =E24*'9. Price Adj'!I22 -> 4.3355791 | H24: =G24*'9. Price Adj'!O22 -> 2.9498933 | I24: USDA-ERS
A25: Carrots | B25: Carrot-short trimmed and topped | C25: ='11. Diet'!J25*'8. Prices'!H25 -> 1523743.5 | D25: =('11. Diet'!J25*H25)*'7. BASE to LOCAL'!$O$8 -> 365188.07 | E25: =(0.935/453.6)*1000 -> 2.0612875 | F25: 2014 | G25: =E25*'9. Price Adj'!G6 -> 2.273765 | H25: =G25*'9. Price Adj'!O6 -> 1.2841406 | I25: APU0200712403
A26: Pumpkin | B26: Pumpkin | C26: ='11. Diet'!J26*'8. Prices'!H26 -> 196056.5 | D26: =('11. Diet'!J26*H26)*'7. BASE to LOCAL'!$O$8 -> 46987.892 | E26: =(4.08/3.4) -> 1.2 | F26: 2020 | G26: 1.06 | H26: =G26*'9. Price Adj'!O6 -> 0.59864984
A27: Sweet Potatoes | B27: Sweet Potato | C27: ='11. Diet'!J27*'8. Prices'!H27 -> 1150700.1 | D27: =('11. Diet'!J27*H27)*'7. BASE to LOCAL'!$O$8 -> 275782.59 | E27: 2.31 | F27: 2016 | G27: =E27*'9. Price Adj'!I7 -> 2.5866918 | H27: =G27*'9. Price Adj'!O7 -> 1.6216669 | I27: USDA-ERS
A28: Tomatoes | B28: Tomatoes | C28: ='11. Diet'!J28*'8. Prices'!H28 -> 9758653 | D28: =('11. Diet'!J28*H28)*'7. BASE to LOCAL'!$O$8 -> 2338808.1 | E28: 4.03 | F28: 2017 | G28: =E28*'9. Price Adj'!J6 -> 4.9801934 | H28: =G28*'9. Price Adj'!O6 -> 2.8126339 | I28: APU0200712311
A29: Vegetables preserved | B29: Canned tomato | C29: ='11. Diet'!J29*'8. Prices'!H29 -> 10310563 | D29: =('11. Diet'!J29*H29)*'7. BASE to LOCAL'!$O$8 -> 2471081.6 | E29: =((1.22/453.6)*1000) -> 2.6895944 | F29: 2016 | G29: =E29*'9. Price Adj'!I7 -> 3.011754 | H29: =G29*'9. Price Adj'!O7 -> 1.8881499 | I29: USDA-ERS
A30: Corn, Sweet | B30: Sweet Corn | C30: ='11. Diet'!J30*'8. Prices'!H30 -> 2056130.8 | D30: =('11. Diet'!J30*H30)*'7. BASE to LOCAL'!$O$8 -> 492782.7 | E30: =(3.26/453.6)*1000 -> 7.1869489 | F30: 2016 | G30: =E30*'9. Price Adj'!I6 -> 7.8671936 | H30: =G30*'9. Price Adj'!O6 -> 4.4431077 | I30: USDA-ERS
A31: Green Peas
A32: Potatoes | B32: Potato-White | C32: ='11. Diet'!J32*'8. Prices'!H32 -> 7156136.3 | D32: =('11. Diet'!J32*H32)*'7. BASE to LOCAL'!$O$8 -> 1715075.8 | E32: 1.68 | F32: 2018 | G32: =E32*'9. Price Adj'!K6 -> 1.7797584 | H32: =G32*'9. Price Adj'!O6 -> 1.0051435 | I32: APU0200712112
A33: Vegetables preserved | B33: Frozen green peas, Frozen potato/french fry | C33: ='11. Diet'!J33*'8. Prices'!H33 -> 13569397 | D33: =('11. Diet'!J33*H33)*'7. BASE to LOCAL'!$O$8 -> 3252110.2 | E33: =(((1.6584330893/453.6)*1000)+((1.22/453.6)*1000))/2 -> 3.172876 | F33: 2016 | G33: =E33*'9. Price Adj'!I22 -> 3.2081425 | H33: =G33*'9. Price Adj'!O22 -> 2.1827945
A34: Beans, Snap | B34: Green Beans | C34: ='11. Diet'!J34*'8. Prices'!H34 -> 3815303.6 | D34: =('11. Diet'!J34*H34)*'7. BASE to LOCAL'!$O$8 -> 914394.93 | E34: =(2.13/453.6)*1000 -> 4.6957672 | F34: 2016 | G34: =E34*'9. Price Adj'!I6 -> 5.1402216 | H34: =G34*'9. Price Adj'!O6 -> 2.9030121
A35: Cabbage | B35: Green Cabbage | C35: ='11. Diet'!J35*'8. Prices'!H35 -> 220588.52 | D35: =('11. Diet'!J35*H35)*'7. BASE to LOCAL'!$O$8 -> 52867.359 | E35: =(0.62/453.6)*1000 -> 1.366843 | F35: 2016 | G35: =E35*'9. Price Adj'!I6 -> 1.4962147 | H35: =G35*'9. Price Adj'!O6 -> 0.84500821
A36: Cucumber | B36: Cucumbers | C36: ='11. Diet'!J36*'8. Prices'!H36 -> 1577175.6 | D36: =('11. Diet'!J36*H36)*'7. BASE to LOCAL'!$O$8 -> 377993.87 | E36: =(1.26/453.6)*1000 -> 2.7777778 | F36: 2016 | G36: =E36*'9. Price Adj'!I6 -> 3.0406944 | H36: =G36*'9. Price Adj'!O6 -> 1.7172748
A37: Lettuce, Iceberg | B37: Lettuce-Iceberg | C37: ='11. Diet'!J37*'8. Prices'!H37 -> 1083302.7 | D37: =('11. Diet'!J37*H37)*'7. BASE to LOCAL'!$O$8 -> 259629.8 | E37: 1.87 | F37: 2018 | G37: =E37*'9. Price Adj'!K6 -> 1.9810406 | H37: =G37*'9. Price Adj'!O6 -> 1.1188204 | I37: APU0200712211
A38: Onions | B38: Onions | C38: ='11. Diet'!J38*'8. Prices'!H38 -> 2258444.8 | D38: =('11. Diet'!J38*H38)*'7. BASE to LOCAL'!$O$8 -> 541270.29 | E38: =(1.05/453.6)*1000 -> 2.3148148 | F38: 2016 | G38: =E38*'9. Price Adj'!I6 -> 2.533912 | H38: =G38*'9. Price Adj'!O6 -> 1.4310623
A39: Squash | B39: Summer Squash | C39: ='11. Diet'!J39*'8. Prices'!H39 -> 6789727.6 | D39: =('11. Diet'!J39*H39)*'7. BASE to LOCAL'!$O$8 -> 1627260.4 | E39: =(1.64/453.6)*1000 -> 3.6155203 | F39: 2016 | G39: =E39*'9. Price Adj'!I6 -> 3.9577293 | H39: =G39*'9. Price Adj'!O6 -> 2.235183
A40: Vegetables preserved | B40: Frozen green beans | C40: ='11. Diet'!J40*'8. Prices'!H40 -> 1899881.5 | D40: =('11. Diet'!J40*H40)*'7. BASE to LOCAL'!$O$8 -> 455335.21 | E40: =(1.7/453.6)*1000 -> 3.7477954 | F40: 2016 | G40: =E40*'9. Price Adj'!I22 -> 3.7894522 | H40: =G40*'9. Price Adj'!O22 -> 2.5783129
A41: Wheat - Cereal | B41: Breakfast cereal | C41: =('11. Diet'!$J$42*'11. Diet'!B81)*'8. Prices'!H41 -> 10628586 | D41: =(('11. Diet'!$J$42*'11. Diet'!B81)*H41)*'7. BASE to LOCAL'!$O$11 -> 9332231.1 | E41: =6.48 -> 6.48 | F41: 2016 | G41: =E41*'9. Price Adj'!I30 -> 7.2284659 | H41: =G41*'9. Price Adj'!O19 -> 4.5547503
A42: Wheat - Bread | B42: 75% white, 25% whole wheat bread | C42: =('11. Diet'!$J$42*'11. Diet'!B82)*'8. Prices'!H42 -> 32603718 | D42: =(('11. Diet'!$J$42*'11. Diet'!B82)*H42)*'7. BASE to LOCAL'!$O$11 -> 28627086 | E42: =(E58*0.75)+(E57*0.25) -> 2.9475 | F42: 2018 | G42: =E42*'9. Price Adj'!K30 -> 3.4948301 | H42: =G42*'9. Price Adj'!O30 -> 2.2443589
A43: Wheat - Cookies, Crackers, Pasta, Tortillas | B43: includes cookies (25%) and pasta (75%) prices (missing tortilla and crackers) | C43: =('11. Diet'!$J$42*'11. Diet'!B83)*'8. Prices'!H43 -> 11393346 | D43: =(('11. Diet'!$J$42*'11. Diet'!B83)*H43)*'7. BASE to LOCAL'!$O$11 -> 10003714 | F43: 2012 | G43: =(0.25*G59)+(0.75*G60) -> 3.5280668 | H43: =G43*'9. Price Adj'!O31 -> 2.2590811
A44: Corn flour | B44: Corn Flour | C44: ='11. Diet'!J43*'8. Prices'!$H44 -> 3305815.2 | D44: =('11. Diet'!J43*$H44)*'7. BASE to LOCAL'!$O$11 -> 2902609.3 | E44: 0.6 | F44: 2021 | G44: 0.51 | H44: =G44 -> 0.51
A45: Soybean Oil | B45: Soybean oil | C45: ='11. Diet'!J44*'8. Prices'!H45 -> 6205334.2 | D45: =('11. Diet'!J44*H45)*'7. BASE to LOCAL'!$O$12 -> 5334646 | E45: 1.25 | F45: 2021 | G45: 1.06 | H45: =G45*'9. Price Adj'!O15 -> 0.80790338
A46: Canola Oil | B46: Canola Oil | C46: ='11. Diet'!J45*'8. Prices'!H46 -> 4190329.7 | D46: =('11. Diet'!J45*H46)*'7. BASE to LOCAL'!$O$12 -> 3602372.5 | E46: 2.71 | F46: 2013 | G46: =E46*'9. Price Adj'!F18 -> 2.6886859 | H46: =G46*'9. Price Adj'!O18 -> 2.1822396
A47: Corn Syrup | B47: Corn syrup dry | C47: ='11. Diet'!J46*'8. Prices'!H47 -> 16924415 | D47: =('11. Diet'!J46*H47)*'7. BASE to LOCAL'!$O$13 -> 14808876 | E47: 0.95 | F47: 2020 | G47: 0.84 | H47: =G47 -> 0.84
A48: Sugar,cane and beet | B48: White Sugar | C48: ='11. Diet'!J47*'8. Prices'!H48 -> 1542138.5 | D48: =('11. Diet'!J47*H48)*'7. BASE to LOCAL'!$O$13 -> 1349372.3 | E48: 1.22 | F48: 2018 | G48: =E48*'9. Price Adj'!K20 -> 1.1976325 | H48: =G48*'9. Price Adj'!O20 -> 0.83997633 | I48: APU0200715211
A49: Corn, Commodity | C49: ='14. Land Req '!B49*H49 -> 3.2241588e+08 | D49: ='14. Land Req '!C49*H49 -> 2.7334466e+08 | F49: 2012 | H49: 0.2724
A50: Soybean, Commodity | C50: ='14. Land Req '!B50 *H50 -> 1.7882354e+08 | D50: ='14. Land Req '!C50 *H50 -> 1.5160687e+08 | F50: 2012 | H50: 0.5291
A52: Table 8.2: Food prices within sub-groups
A53: Fruits preserved prices | B53: Fruit cocktail (average $ of packed in juice and syrup/water) | E53: =((1.41+1.26/2)/453.6)*1000 -> 4.4973545 | F53: 2016 | I53: USDA-ERS
B54: Apple sauce | E54: 2.31 | F54: 2016 | I54: USDA-ERS
B55: Frozen strawberries | E55: 5.75 | F55: 2016 | I55: USDA-ERS
B56: Apple juice | E56: 1.35 | F56: 2016 | I56: USDA-ERS
A57: Wheat prices | B57: Wheat - bread (whole) | E57: 4.05 | F57: 2018 | G57: =E57*'9. Price Adj'!K30 -> 4.8020566 | H57: =G57*'9. Price Adj'!O30 -> 3.083852
B58: Wheat - bread (white) | E58: 2.58 | F58: 2018 | G58: =E58*'9. Price Adj'!K30 -> 3.0590879 | H58: =G58*'9. Price Adj'!O30 -> 1.9645279
B59: crackers and cookies | E59: =(6.31 +6.02)/2 -> 6.165 | F59: 2010 | G59: =E59*'9. Price Adj'!C31 -> 5.7068665 | H59: =G59*'9. Price Adj'!O31 -> 3.6542036
B60: pasta and tortillas | E60: 2.76 | F60: 2017 | G60: =E60*'9. Price Adj'!J31 -> 2.8018002 | H60: =G60*'9. Price Adj'!O31 -> 1.7940403
A62: Sources
A63: Midwest prices (Reference APU number) | B63: U.S. Bureau of Labor Statistics, 2018. CPI Average Price Data [WWW Document]. United States Department of Labor. URL https://data.bls.gov/cgi-bin/dsrv?ap (accessed 5.17.22).
A64: Fruit and vegetable prices (USA) | B64: USDA-ERS, 2018. Fruit and Vegetable Prices [WWW Document]. United States Department of Agriculture Economic Research Service. URL https://www.ers.usda.gov/data-products/fruit-and-vegetable-prices.aspx (accessed 5.17.22).
A65: Fruit and vegetable densities (USA) | B65: Haytowitz, D., Ahuja, J., Wu, X., Somanchi, M., Nickle, M., Nguyen, Q., Roseland, J., Williams, J., Patterson, K., Li, Y., Pehrsson, P., 2022. USDA National Nutrient Database for Standard Reference, Legacy Release [WWW Document]. United States Department of Agriculture Agricultural Research Service. URL https://data.nal.usda.gov/dataset/usda-national-nutrient-database-standard-reference-legacy-release (accessed 5.17.22).
A66: Carrots | B66: USDA-NASS, n.d. Quick Stats Carrots [WWW Document]. Unnited States Department of Agriculture National Agricultural Statistics Service. URL https://quickstats.nass.usda.gov/results/7700140D-4226-3004-82C5-EE0A30C7FB32 (accessed 5.17.22).
A67: Pumpkin prices | B67: USDA-ERS, 2022. Pumpkins: Background and Statistics [WWW Document]. United States Department of Agriculture Economic Research Service. URL https://www.ers.usda.gov/newsroom/trending-topics/pumpkins-background-statistics/ (accessed 5.17.22).
A68: Sweet potato prices | B68: USDA-ERS, 2016. Sweet Potatoes- Average retail Price per pound and per cup equivilant [WWW Document]. United States Department of Agriculture Economic Research Service. URL https://www.ers.usda.gov/webdocs/DataFiles/51035/sweet_potatoes.xlsx?v=115.1 (accessed 5.17.22).
A69: Sweet potato servings | B69: Shanthy, B., John, C., James, F., Krystal, L., Alanna, M., 2017. Food Patterns Equivalents Data 2013-14: Methodology and User Guide [WWW Document]. United States Department of Agriculture Agricultural Research Service. URL https://www.ars.usda.gov/ARSUserFiles/80400530/pdf/fped/FPED_1314.pdf (accessed 5.17.22).
A70: Wheat prices | B70: USDA-ERS, 2019. Price Spreads from Farm to Consumer [WWW Document]. United States Department of Agriculture Economic Research Service. URL https://www.ers.usda.gov/data-products/price-spreads-from-farm-to-consumer/price-spreads-from-farm-to-consumer/#Field%20crops (accessed 5.17.22).
A71: Wheat- Bread | B71: USDA-ERS, 2020. Price Spreads from Farm to Consumer [WWW Document]. United States Department of Agriculture Economic Research Services. URL https://www.ers.usda.gov/data-products/price-spreads-from-farm-to-consumer (accessed 5.17.22).
A72: Pasta and tortilla prices | B72: Mid-Atlantic Information Office, 2022. Average retail Food and Energy Prices [WWW Document]. United States Bureau of Labor Statistics. URL https://www.bls.gov/regions/mid-atlantic/data/averageretailfoodandenergyprices_usandmidwest_table.htm (accessed 5.17.22).
A73: Crackers and cookie prices | B73: USDA-ERS, 2010. Snacks—average retail price and cost per portion for calorie-dense snack foods [WWW Document]. 2010 Nielsen Homescan data, 2005-08 National Health and Nutrition Examination Survey, and various USDA data sets. URL https://www.ers.usda.gov/webdocs/DataFiles/51035/snackprices.xls?v=0 (accessed 7.29.21).
A74: Cereal prices | B74: Statista Research Department, 2016. Average Price per Unit of Breakfast Food in the United States [WWW Document]. Statista Research Department. URL https://www.statista.com/statistics/378915/us-breakfast-food-average-price-category/ (accessed 5.17.22).
... A82: 2021 and 2020 inflation adjustments | B82: US Inflation Calculator, 2022. Inflation Calculator [WWW Document]. United States Inflation Calculator. URL https://www.usinflationcalculator.com/ (accessed 5.17.22).
A84: Notes
A85: LOCAL $/MSA | B85: Prices are assumed constant for each food type in the Base and Local scenarios. Prices for Local are adjusted to incorporate differences in environmental impacts per dollar.
A86: Pumpkin | B86: Retail price for 2020 Howden pumpkin - avg in season (1st week sept - 4th week oct)= $4.08 for a 7.5 lbs (3.4 kg) pumpkin (producer price in states like Indiana, Michigan, and Virginia received prices ranging from about $136 per 1,000 pounds to $183 in 2018 to 2020.
A87: Cereal | B87: Price per box in 2016 at an average of 500 g /box
A88: Eggs | B88: 24 oz = minimum net weight / dozen for large eggs, 35.27396 oz/kg
A89: Peas | B89: Only processed (canned and frozen)
A90: Corn flour | B90: $0.60/ kg in 2018
A91: Bread | B91: 25% consumption whole wheat, 75% white
A92: Inflation adjustments | B92: From 2021 to 2012 for pumpkin, cookies, corn flour, canola oil. From 2020 to 2012 for corn syrup
A94: Equations
A95: Table 8.1 Column C, Base ($/MSA) | B95: Producer price 2012 ($/kg or L) * 11.1 Diet 50% MSA consumption (kg/MSA/yr)
A96: Table 8.1 Column D, LOCAL ($/MSA) | B96: Producer price 2012 ($/kg or L) * 11.1 Diet 50% MSA consumption (kg/MSA/yr) * BASE to LOCAL Adjustment factor by food group
A97: Table 8.1 Column G, Avg retail price 2012 ($/kg or L) | B97: Price ($/kg or L) * 9.1 Price Adj Annual price adjustment (inflation)
A98: Table 8.1 Column H, Producer price 2012 ($/kg or L) | B98: Avg retail price 2012 ($/kg or L) * 9.1 Price Adj Purchaser to Producer price adjustment

Sheet 9. Price Adj
A1: Table 9.1: Price adjustment ratios by year
C2: Annual price adjustment (inflation) | M2: Purchaser to Producer price adjustment
C3: 2010 | D3: 2011 | E3: 2012 | F3: 2013 | G3: 2014 | H3: 2015 | I3: 2016 | J3: 2017 | K3: 2018 | M3: 2010 | N3: 2011 | O3: 2012 | P3: 2013 | Q3: 2014 | R3: 2015 | S3: 2016 | T3: 2017 | U3: 2018
A4: 1111A0/US | B4: Fresh soybeans, canola, flaxseeds, and other oilseeds | C4: 0.72316 | D4: 0.896 | E4: 1 | F4: 0.99529 | G4: 0.8745 | H4: 0.67423 | I4: 0.66126 | J4: 0.66774 | K4: 0.65976 | M4: 0.853959 | N4: 0.873465 | O4: 0.882345 | P4: 0.880209 | Q4: 0.863981 | R4: 0.831804 | S4: 0.829467 | T4: 0.827757 | U4: 0.820197
A5: 1111B0/US | B5: Fresh wheat, corn, rice, and other grains | C5: 0.62663 | D5: 0.91829 | E5: 1 | F5: 0.93862 | G5: 0.6755 | H5: 0.60148 | I5: 0.5477 | J5: 0.54222 | K5: 0.55968 | M5: 0.817108 | N5: 0.861857 | O5: 0.86865 | P5: 0.859388 | Q5: 0.812284 | R5: 0.79552 | S5: 0.780391 | T5: 0.774934 | U5: 0.773517
A6: 111200/US | B6: Fresh vegetables, melons, and potatoes | C6: 1.03725 | D6: 1.09967 | E6: 1 | F6: 1.1285 | G6: 1.10308 | H6: 1.16798 | I6: 1.09465 | J6: 1.23578 | K6: 1.05938 | M6: 0.58641 | N6: 0.593908 | O6: 0.564764 | P6: 0.59049 | Q6: 0.582044 | R6: 0.593991 | S6: 0.577922 | T6: 0.60491 | U6: 0.562517
A7: 111300/US | B7: Fresh fruits and tree nuts | C7: 0.81255 | D7: 0.9234 | E7: 1 | F7: 1.02277 | G7: 1.17815 | H7: 1.19541 | I7: 1.11978 | J7: 1.0736 | K7: 1.07721 | M7: 0.590172 | N7: 0.613975 | O7: 0.626927 | P7: 0.628535 | Q7: 0.658184 | R7: 0.659899 | S7: 0.644733 | T7: 0.632606 | U7: 0.628306
A8: 111400/US | B8: Greenhouse crops, mushrooms, nurseries, and flowers | C8: 0.746114 | D8: 0.943207 | E8: 1 | F8: 0.994009 | G8: 0.827652 | H8: 0.742132 | I8: 0.696062 | J8: 0.708595 | K8: 0.716908 | M8: 0.476211 | N8: 0.528393 | O8: 0.536838 | P8: 0.531672 | Q8: 0.482943 | R8: 0.453407 | S8: 0.437394 | T8: 0.439919 | U8: 0.438368
A9: 111900/US | B9: Tobacco, cotton, sugarcane, peanuts, sugar beets, herbs and spices, and other crops | C9: 0.69474 | D9: 0.94318 | E9: 1 | F9: 0.97075 | G9: 0.78279 | H9: 0.69741 | I9: 0.65455 | J9: 0.65967 | K9: 0.66206 | M9: 0.671269 | N9: 0.728671 | O9: 0.735238 | P9: 0.72629 | Q9: 0.678724 | R9: 0.6521 | S9: 0.637331 | T9: 0.636244 | U9: 0.631275
A10: 112120/US | B10: Dairies | C10: 0.88986 | D10: 1.08424 | E10: 1 | F10: 1.08167 | G10: 1.27712 | H10: 0.91529 | I10: 0.86752 | J10: 0.94363 | K10: 0.84184 | M10: 0.827421 | N10: 0.849083 | O10: 0.83494 | P10: 0.84329 | Q10: 0.86241 | R10: 0.818056 | S10: 0.809763 | T10: 0.819902 | U10: 0.797408
A11: 1121A0/US | B11: Cattle ranches and feedlots | C11: 0.80643 | D11: 0.95867 | E11: 1 | F11: 1.02839 | G11: 1.22877 | H11: 1.13006 | I11: 0.94688 | J11: 0.97484 | K11: 0.95819 | M11: 0.856585 | N11: 0.872029 | O11: 0.87383 | P11: 0.875111 | Q11: 0.891918 | R11: 0.883969 | S11: 0.864578 | T11: 0.865816 | U11: 0.859724
A12: 112300/US | B12: Poultry farms | C12: 0.94269 | D12: 0.9229 | E12: 1 | F12: 1.1302 | G12: 1.2086 | H12: 1.15207 | I12: 0.90641 | J12: 0.97697 | K12: 1.14549 | M12: 0.845605 | N12: 0.83801 | O12: 0.845291 | P12: 0.858776 | Q12: 0.865109 | R12: 0.85933 | S12: 0.82785 | T12: 0.836328 | U12: 0.853457
A13: 112A00/US | B13: Animal farms and aquaculture ponds (except cattle and poultry) | C13: 0.819541 | D13: 0.961781 | E13: 1 | F13: 1.031538 | G13: 1.219129 | H13: 1.114175 | I13: 0.946246 | J13: 0.978097 | K13: 0.960048 | M13: 0.77016 | N13: 0.792085 | O13: 0.794345 | P13: 0.796941 | Q13: 0.820724 | R13: 0.806429 | S13: 0.779665 | T13: 0.783343 | U13: 0.775991
A14: 311119/US | B14: Other animal food | C14: 0.759836 | D14: 0.92613 | E14: 1 | F14: 1.008274 | G14: 0.931802 | H14: 0.86873 | I14: 0.837379 | J14: 0.832221 | K14: 0.869675 | M14: 0.591107 | N14: 0.631263 | O14: 0.643365 | P14: 0.641336 | Q14: 0.620293 | R14: 0.602103 | S14: 0.592344 | T14: 0.587844 | U14: 0.592747
A15: 311210/US | B15: Flours and malts | C15: 0.817898 | D15: 0.971332 | E15: 1 | F15: 1.010004 | G15: 0.993788 | H15: 0.91789 | I15: 0.866225 | J15: 0.864799 | K15: 0.892852 | M15: 0.734678 | N15: 0.761395 | O15: 0.762173 | P15: 0.761087 | Q15: 0.755862 | R15: 0.73984 | S15: 0.728204 | T15: 0.725551 | U15: 0.7272
... A40: 312140/US | B40: Distilleries and spirits | C40: 0.976198 | D40: 0.999991 | E40: 1 | F40: 0.99803 | G40: 0.992751 | H40: 0.958929 | I40: 0.950261 | J40: 0.985146 | K40: 0.983993 | M40: 0.606494 | N40: 0.605945 | O40: 0.600114 | P40: 0.595806 | Q40: 0.591742 | R40: 0.581231 | S40: 0.578408 | T40: 0.58484 | U40: 0.579645
A42: Sources
A43: Ingwersen, W.W., Li, M., Young, B., Vendries, J., Birney, C., 2022. USEEIO v2.0, The US Environmentally-Extended Input-Output Model v2.0. Scientific Data 9, 194. https://doi.org/10.1038/s41597-022-01293-7
A45: Notes
A46: Adjustment factors to 2018 - We will either need to find inflation adjustments to adjust back from 2021, 2020 and 2019 to 2012 or find data for before 2018 so they are all prices for the same year (2012).

Sheet 10. Population
A1: Table 10.1: Population projections for the DM-MSA
A2: Year | B2: Total MSA Population
A3: 2019 | B3: 698748
A4: 2020 | B4: 704990
A5: 2021 | B5: 711405
A6: 2022 | B6: 717575
A7: 2023 | B7: 723768
A8: 2024 | B8: 729975
A9: 2025 | B9: 736174
A10: 2026 | B10: 742344
A11: 2027 | B11: 748484
A12: 2028 | B12: 754583
A13: 2029 | B13: 760636
A14: 2030 | B14: 766643
... A34: 2050 | B34: 877459
A36: Sources
A37: Woods and Poole, n.d. Data Pamphlet Des Moines - West Des Moines [WWW Document]. Woods and Poole Economics. URL https://www.woodsandpoole.com/product/data-pamphlet-des-moines-west-des-moines-ia-msa-fips-19780/ (accessed 5.17.22).

Sheet 11. Diet
A1: Table 11.1: Diet Compositions | I1: BASE & LOCAL Diets | K1: Unit Conversions
A2: Food group | B2: Food type | C2: Unit | D2: Consumption (unit/capita/day) | E2: Fresh | F2: Canned | G2: Frozen | H2: Juice | I2: 50% consumption (unit/capita/day) | J2: 50% MSA consumption (kg/MSA/yr) | K2: Fresh (g/unit) | L2: Canned (g/unit) | M2: Frozen (g/unit) | N2: Juice (g/unit)
A3: Protein | B3: Chicken | C3: oz eq | D3: 2.26 | I3: =D3*$E$51 -> 1.4012 | J3: =(I3*(K3/1000))*365*'1. LCA Controls'!$B$6 -> 11933158 | K3: 28.35
A4: Protein | B4: Beef | C4: oz eq | D4: 1.78 | I4: =D4*$E$51 -> 1.1036 | J4: =(I4*(K4/1000))*365*'1. LCA Controls'!$B$6 -> 9398681.9 | K4: 28.35
A5: Protein | B5: Pork | C5: oz eq | D5: 1.39 | I5: =1.39*$E$51 -> 0.8618 | J5: =(I5*(K5/1000))*365*'1. LCA Controls'!$B$6 -> 7339420.2 | K5: 28.35
A6: Protein | B6: Eggs | C6: oz eq | D6: 0.54 | I6: =0.54*$E$51 -> 0.3348 | J6: =(I6*(K6/1000))*365*'1. LCA Controls'!$B$6 -> 5028722.3 | K6: 50
A7: Protein | B7: Dry Beans | C7: oz eq | D7: =0.2*6.35 -> 1.27 | I7: =D7*$E$52 -> 0.15875 | J7: =(I7*(K7/1000))*365*'1. LCA Controls'!$B$6 -> 2086382.8 | K7: =175/4 -> 43.75
A8: Dairy | B8: Cheese | C8: cup eq | D8: 0.69 | I8: =D8*$E$53 -> 0.4416 | J8: =(I8*(K8/1000))*365*'1. LCA Controls'!$B$6 -> 5641253.1 | K8: =1.5*28.35 -> 42.525
A9: Dairy | B9: Milk | C9: cup eq | D9: 0.49 | I9: =D9*$E$54 -> 0.3185 | J9: =(I9*(K9/1000))*365*'1. LCA Controls'!$B$6 -> 23441086 | K9: 245
A10: Fruit/Berries | B10: Apple | C10: cup eq | D10: =SUM(E10:H10) -> 0.22 | E10: 0.124 | F10: 0.025 | G10: 0.001 | H10: 0.07 | I10: =SUM(E10) -> 0.124 | J10: =(I10*(K10/1000))*365*'1. LCA Controls'!$B$6 -> 4097477.4 | K10: 110 | L10: 250 | M10: 115 | N10: 250
A11: Fruit/Berries | B11: Melon (all types) | C11: cup eq | D11: =0.012+0.02+0.041 -> 0.073 | E11: 0.073 | I11: =SUM(E11) -> 0.073 | J11: =(I11*(K11/1000))*365*'1. LCA Controls'!$B$6 -> 3727983.5 | K11: 170
A12: Fruit/Berries | B12: Blueberries | C12: cup eq | D12: =SUM(E12:H12) -> 0.014 | E12: 0.011 | G12: 0.003 | I12: =SUM(E12) -> 0.011 | J12: =(I12*(K12/1000))*365*'1. LCA Controls'!$B$6 -> 479140.5 | K12: 145 | M12: 150
A13: Fruit/Berries | B13: Cherries | C13: cup eq | D13: =SUM(E13:H13) -> 0.007 | E13: 0.003 | G13: 0.004 | I13: =SUM(E13) -> 0.003 | J13: =(I13*(K13/1000))*365*'1. LCA Controls'!$B$6 -> 139686.73 | K13: 155 | M13: 160
A14: Fruit/Berries | B14: Grapes | C14: cup eq | D14: =SUM(E14:H14) -> 0.049 | E14: 0.036 | H14: 0.013 | I14: =SUM(E14) -> 0.036 | J14: =(I14*(K14/1000))*365*'1. LCA Controls'!$B$6 -> 1622168.5 | K14: 150 | N14: 250
A15: Fruit/Berries | B15: Pears | C15: cup eq | D15: =SUM(E15:F15) -> 0.025 | E15: 0.014 | F15: 0.011 | I15: =SUM(E15) -> 0.014 | J15: =(I15*(K15/1000))*365*'1. LCA Controls'!$B$6 -> 693927.63 | K15: 165 | L15: 250
A16: Fruit/Berries | B16: Raspberries | C16: cup eq | D16: =SUM(E16:G16) -> 0.008 | E16: 0.005 | G16: 0.003 | I16: =SUM(E16) -> 0.005 | J16: =(I16*(K16/1000))*365*'1. LCA Controls'!$B$6 -> 217791.14 | K16: 145 | M16: 150
A17: Fruit/Berries | B17: Strawberries | C17: cup eq | D17: =SUM(E17:G17) -> 0.043 | E17: 0.031 | G17: 0.012 | I17: =SUM(E17) -> 0.031 | J17: =(I17*(K17/1000))*365*'1. LCA Controls'!$B$6 -> 1350305.1 | K17: 145 | M17: 150
A18: Fruit/Berries | B18: Fruits preserved | C18: cup eq | D18: =SUM(F10:H17) -> 0.142 | I18: =D18 -> 0.142 | J18: =(I18*(K18/1000))*365*'1. LCA Controls'!$B$6 -> 9974834.1 | K18: 233.83803
A19: Vegetables: Dark Green | B19: Broccoli | C19: cup eq | D19: =SUM(E19:G19) -> 0.058 | E19: 0.047 | G19: 0.011 | I19: =E19*0.79 -> 0.03713 | J19: =(I19*(K19/1000))*365*'1. LCA Controls'!$B$6 -> 892312.82 | K19: 80 | M19: 155
A20: Vegetables: Dark Green | B20: Collard Greens | C20: cup eq | D20: =SUM(E20:G20) -> 0.007 | E20: 0.007 | I20: =E20*0.79 -> 0.00553 | J20: =(I20*(K20/1000))*365*'1. LCA Controls'!$B$6 -> 116285.45 | K20: 70
A21: Vegetables: Dark Green | B21: Kale | C21: cup eq | D21: =SUM(E21:G21) -> 0.002 | E21: 0.002 | I21: =E21*0.79 -> 0.00158 | J21: =(I21*(K21/1000))*365*'1. LCA Controls'!$B$6 -> 33224.414 | K21: 70
A22: Vegetables: Dark Green | B22: Lettuce, loose-leaf | C22: cup eq | D22: 0.097 | E22: 0.097 | I22: =E22*0.79 -> 0.07663 | J22: =(I22*(K22/1000))*365*'1. LCA Controls'!$B$6 -> 1611384.1 | K22: 70
A23: Vegetables: Dark Green | B23: Spinach | C23: cup eq | D23: =SUM(E23:G23) -> 0.021 | E23: 0.019 | G23: 0.002 | I23: =E23*0.79 -> 0.01501 | J23: =(I23*(K23/1000))*365*'1. LCA Controls'!$B$6 -> 315631.93 | K23: 70 | M23: 155
A24: Vegetables: Dark Green | B24: Vegetables preserved | C24: cup eq | D24: =SUM(F19:G23) -> 0.013 | I24: =SUM(F19:H23)*0.79 -> 0.01027 | J24: =(I24*(K24/1000))*365*'1. LCA Controls'!$B$6 -> 478194.24 | K24: =155 -> 155
A25: Vegetables: Red & Orange | B25: Carrots | C25: cup eq | D25: =SUM(E25:G25) -> 0.05 | E25: 0.04 | F25: 0.004 | G25: 0.006 | I25: =E25*0.79 -> 0.0316 | J25: =(I25*(K25/1000))*365*'1. LCA Controls'!$B$6 -> 1186586.2 | K25: 125 | L25: 145 | M25: 145
A26: Vegetables: Red & Orange | B26: Pumpkin | C26: cup eq | D26: 0.012 | E26: 0.012 | I26: =E26*0.79 -> 0.00948 | J26: =(I26*(K26/1000))*365*'1. LCA Controls'!$B$6 -> 327497.79 | K26: 115
A27: Vegetables: Red & Orange | B27: Sweet Potatoes | C27: cup eq | D27: 0.023 | E27: 0.023 | I27: =E27*0.79 -> 0.01817 | J27: =(I27*(K27/1000))*365*'1. LCA Controls'!$B$6 -> 709578.55 | K27: 130
A28: Vegetables: Red & Orange | B28: Tomatoes | C28: cup eq | D28: =SUM(E28:F28) -> 0.174 | E28: 0.086 | F28: 0.088 | I28: =E28*0.79 -> 0.06794 | J28: =(I28*(K28/1000))*365*'1. LCA Controls'!$B$6 -> 3469578.1 | K28: 170 | L28: 245
A29: Vegetables: Red & Orange | B29: Vegetables preserved | C29: cup eq | D29: =SUM(F25:G28) -> 0.098 | I29: =SUM(F25:H28)*0.79 -> 0.07742 | J29: =(I29*(K29/1000))*365*'1. LCA Controls'!$B$6 -> 5460669.7 | K29: 234.79592
A30: Vegetables: Starchy | B30: Corn, Sweet | C30: cup eq | D30: =SUM(E30:G30) -> 0.046 | E30: 0.013 | F30: 0.024 | G30: 0.009 | I30: =E30*0.79 -> 0.01027 | J30: =(I30*(K30/1000))*365*'1. LCA Controls'!$B$6 -> 462768.62 | K30: 150 | L30: 165 | M30: 165
A31: Vegetables: Starchy | B31: Green Peas | C31: cup eq | D31: =SUM(E31:G31) -> 0.008 | F31: 0.003 | G31: 0.005 | I31: =E31*0.79 -> 0 | J31: =(I31*(K31/1000))*365*'1. LCA Controls'!$B$6 -> 0 | K31: 60 | L31: 175 | M31: 175
A32: Vegetables: Starchy | B32: Potatoes | C32: cup eq | D32: =SUM(E32:G32) -> 0.329 | E32: 0.2 | F32: 0.001 | G32: 0.128 | I32: =E32*0.79 -> 0.158 | J32: =(I32*(K32/1000))*365*'1. LCA Controls'!$B$6 -> 7119517.2 | K32: 150 | L32: 150 | M32: 150
A33: Vegetables: Starchy | B33: Vegetables preserved | C33: cup eq | D33: =SUM(F30:G32) -> 0.17 | I33: =SUM(F30:H32)*0.79 -> 0.1343 | J33: =(I33*(K33/1000))*365*'1. LCA Controls'!$B$6 -> 6216525.1 | K33: =(L30*B68)+(M30*B69)+(L31*B70)+(M31*B71)+(L32*B72)+(M32*B73) -> 154.08824
A34: Vegetables: Legumes | B34: Dry Beans | C34: cup eq | D34: =D7/6.35 -> 0.2 | I34: =(D7/6.35)*0.125 -> 0.025 | J34: =(I34*(K34/1000))*365*'1. LCA Controls'!$B$6 -> 1314256.9 | K34: 175
A35: Vegetables: Other | B35: Beans, Snap | C35: cup eq | D35: =SUM(E35:G35) -> 0.034 | E35: 0.01 | F35: 0.013 | G35: 0.011 | I35: =E35*0.79 -> 0.0079 | J35: =(I35*(K35/1000))*365*'1. LCA Controls'!$B$6 -> 261048.96 | K35: 110 | L35: 135 | M35: 135
A36: Vegetables: Other | B36: Cabbage | C36: cup eq | D36: =SUM(E36:F36) -> 0.046 | E36: 0.043 | F36: 0.003 | I36: =E36*0.79 -> 0.03397 | J36: =(I36*(K36/1000))*365*'1. LCA Controls'!$B$6 -> 918417.72 | K36: 90 | L36: 150
A37: Vegetables: Other | B37: Cucumber | C37: cup eq | D37: =SUM(E37:F37) -> 0.043 | E37: 0.034 | F37: 0.009 | I37: =E37*0.79 -> 0.02686 | J37: =(I37*(K37/1000))*365*'1. LCA Controls'!$B$6 -> 968254.34 | K37: 120 | L37: 180
A38: Vegetables: Other | B38: Lettuce, Iceberg | C38: cup eq | D38: =SUM(E38:F38) -> 0.095 | E38: 0.095 | I38: =E38*0.79 -> 0.07505 | J38: =(I38*(K38/1000))*365*'1. LCA Controls'!$B$6 -> 1578159.6 | K38: 70
A39: Vegetables: Other | B39: Onions | C39: cup eq | D39: =SUM(E39:F39) -> 0.08 | E39: 0.08 | I39: =E39*0.79 -> 0.0632 | J39: =(I39*(K39/1000))*365*'1. LCA Controls'!$B$6 -> 3037660.7 | K39: 160
A40: Vegetables: Other | B40: Squash | C40: cup eq | D40: =SUM(E40:F40) -> 0.027 | E40: 0.027 | I40: =E40*0.79 -> 0.02133 | J40: =(I40*(K40/1000))*365*'1. LCA Controls'!$B$6 -> 736870.03 | K40: 115
A41: Vegetables: Other | B41: Vegetables preserved | D41: =SUM(F35:G40) -> 0.036 | I41: =SUM(F35:G36)*0.79 -> 0.02133 | J41: =(I41*(K41/1000))*365*'1. LCA Controls'!$B$6 -> 945115.91 | K41: =(L35*B75)+(M35*B76)+(L36*B77)+(L37*B78) -> 147.5
A42: Grains | B42: Whole Wheat / All Purpose Flour | C42: oz eq | D42: 4.8 | I42: =D42*$E$57 -> 2.5728 | J42: =(I42*(K42/1000))*365*'1. LCA Controls'!$B$6 -> 21910954 | K42: 28.35
A43: Grains | B43: Corn flour | C43: oz eq | D43: =1+0.42 -> 1.42 | I43: =D43*E57 -> 0.76112 | J43: =(I43*(K43/1000))*365*'1. LCA Controls'!$B$6 -> 6481990.6 | K43: 28.35
A44: Oil | B44: Soybean Oil | C44: grams | D44: =44.7*0.8 -> 35.76 | I44: =D44*$E$58 -> 25.5684 | J44: =(I44*(K44/1000))*365*'1. LCA Controls'!$B$6 -> 7680787.5 | K44: 1
A45: Oil | B45: Canola Oil | C45: grams | D45: =44.7*0.2 -> 8.94 | I45: =D45*$E$58 -> 6.3921 | J45: =(I45*(K45/1000))*365*'1. LCA Controls'!$B$6 -> 1920196.9 | K45: 1
A46: Sugar | B46: Corn Syrup | C46: teaspoons | D46: 9.82 | I46: 9.82 | J46: =(I46*(K46/1000))*365*'1. LCA Controls'!$B$6 -> 20148114 | K46: 6.83
A47: Sugar | B47: Sugar,cane and beet | C47: teaspoons | D47: 12.11 | I47: =12.11*0.12 -> 1.4532 | J47: =(I47*(K47/1000))*365*'1. LCA Controls'!$B$6 -> 1835930.9 | K47: 4.2056075
A49: Table 11.2: Preserved Fruit/ Vegetable Weights | D49: Table 11.4: Percent of consumption for each food type included in each food category
A50: =A10 -> Fruit/Berries | D50: Food Categories | E50: % of total consumption included in 50% diet
A51: Canned Apples & Applesauce | B51: =SUM(F$10)/SUM($F$10:$H$17) -> 0.17605634 | D51: Protein (animal based) | E51: 0.62
A52: Frozen Apples | B52: =SUM(G$10)/SUM($F$10:$H$17) -> 0.0070422535 | D52: Protein (plant based) | E52: 0.125
A53: Juiced Apples | B53: =SUM(H$10)/SUM($F$10:$H$17) -> 0.49295775 | D53: Cheese | E53: 0.64
A54: Frozen Blueberries | B54: =SUM(G12)/SUM($F$10:$H$17) -> 0.021126761 | D54: Milk | E54: 0.65
A55: Frozen Cherries | B55: =SUM(G13)/SUM($F$10:$H$17) -> 0.028169014 | D55: Fruit | E55: 1
A56: Juiced Grapes | B56: =SUM(H14)/SUM($F$10:$H$17) -> 0.091549296 | D56: Vegetable (Legumes: Dried Beans not included) | E56: 0.79
A57: Canned Pears | B57: =SUM(F15)/SUM($F$10:$H$17) -> 0.077464789 | D57: Grain | E57: 0.536
A58: Raspberries | B58: =SUM(G16)/SUM($F$10:$H$17) -> 0.021126761 | D58: Oil | E58: 0.715
A59: Frozen Strawberries | B59: =SUM(G17)/SUM($F$10:$H$17) -> 0.084507042
A60: =A19 -> Vegetables: Dark Green | D60: Table 11.5: ABM-LCA preserved fruit/ vegetable weights
A61: Spinach, Frozen | B61: 0.15 | D61: Fruit (orchard/vineyard) | E61: =SUM(B51:B53, B55:B57) -> 0.87323944
A62: Broccoli | B62: 0.85 | D62: Fruit (berry/melon) | E62: =SUM(B54, B58:B59) -> 0.12676056
A63: =A25 -> Vegetables: Red & Orange | D63: Starchy vegetables (specialty) | E63: =SUM(B72:B73) -> 0.75882353
A64: Carrot, Canned | B64: =0.1*0.4 -> 0.04 | D64: Starchy vegetables (field) | E64: =SUM(B68:B71) -> 0.24117647
A65: Carrot, Frozen | B65: =0.1*0.6 -> 0.06 | D65: Other vegetables (specialty) | E65: =SUM(B77:B78) -> 0.33333333
A66: Tomatoes, Canned | B66: 0.9 | D66: Other vegetables (field) | E66: =SUM(B75:B76) -> 0.66666667
A67: =A30 -> Vegetables: Starchy | D67: Dark green (specialty) | E67: 1
A68: Corn, Sweet, Canned | B68: =F$30/SUM(F$30:G$32) -> 0.14117647 | D68: Red & Orange (specialty) | E68: 1
A69: Corn, Sweet, Frozen | B69: =G$30/SUM(F$30:G$32) -> 0.052941176
A70: Green Peas, Canned | B70: =F$31/SUM(F$30:G$32) -> 0.017647059
A71: Green Peas, Frozen | B71: =G$31/SUM(F$30:G$32) -> 0.029411765
A72: Potatoes, Canned | B72: =F$32/SUM(F$30:G$32) -> 0.0058823529
A73: Potatoes, Frozen | B73: =G$32/SUM(F$30:G$32) -> 0.75294118
A74: =A35 -> Vegetables: Other
A75: Snap Beans, Canned | B75: =F$35/SUM(F$35:G$37) -> 0.36111111
A76: Snap Beans, Frozen | B76: =G$35/SUM(F$35:G$37) -> 0.30555556
A77: Cabbage, Canned | B77: =F$36/SUM(F$35:G$37) -> 0.083333333
A78: Cucumber, Canned | B78: =F$37/SUM(F$35:G$37) -> 0.25
A80: Table 11.3: Processed Grain Weights
A81: Cereal | B81: =0.142*0.75 -> 0.1065
A82: Bread | B82: =0.352+0.311 -> 0.663
A83: Cookies, Crackers, Pasta, Tortillas | B83: =0.0389+0.1557+(0.1423*0.25) -> 0.230175
A85: Sources
A86: Table 1 | B86: United States Department of Agriculture Economic Research Service, 2016. Food availability (per capita) data system [WWW Document]. USDA ERS. URL https://www.ers.usda.gov/data-products/food-availability-per-capita-data-system/
A87: Table 1 | B87: HHS-USDA, 2015. 2015 – 2020 Dietary Guidelines for Americans, 2015 – 2020 Dietary Guidelines for Americans (8th edition). https://doi.org/10.1097/NT.0b013e31826c50af
A88: Table 1 | B88: USDA, 2022. Oil Crops Data: Yearbook Tables [WWW Document]. URL https://www.ers.usda.gov/data-products/oil-crops-yearbook/ (accessed 1.5.22).
A89: Table 3 | B89: AgMRC, 2022. Wheat [WWW Document]. Agricultureal Marketing Resource Center. URL https://www.agmrc.org/commodities-products/grains-oilseeds/wheat (accessed 5.17.22).
A90: Table 3 | B90: USDA, 2019b. How is the county average yield determined? [WWW Document]. United States Department of Agriculture. URL https://ask.usda.gov/s/article/How-is-the-county-average-yield-determined (accessed 5.17.22).
A92: Notes
A93: Bread is 25% white, 75% whole wheat and the Cookies, Crackers, Pasta, Tortilla category is 25% cookies and crackers, 75% pasta and tortillas
A94: For the sugar category, Corn Syrup is modeled as HFCS and all consumption is included, while for Cane and Beet Sugar only 12% is included
A95: Iceburg is used as a proxy for all head lettuce
A96: Squash is modeled as zuchinni (summer squash)
A97: Whole wheat and white consumption were not differentiated
A98: The modeled diet excluded potato consumption via chips/shoestring (0.166 cup eq/person/day), or dehydration for potato (0.063 cup eq/person/day) and onion (0.007 cup eq/person/day)
A111: Grain Category | B111: Production | C111: Proportion | D111: %
A112: bread flour | B112: 661 | C112: =B112/B117 -> 0.35234542 | D112: =C112*100 -> 35.234542
A113: bread flours and high-protein blending | B113: 583 | C113: =B113/B117 -> 0.31076759 | D113: =C113*100 -> 31.076759
A114: cakes, cookies, crackers | B114: 292 | C114: =B114/B117 -> 0.15565032 | D114: =C114*100 -> 15.565032
A115: noodles, crackers, cereal | B115: 267 | C115: =B115/B117 -> 0.14232409 | D115: =C115*100 -> 14.232409
A116: pasta | B116: 73 | C116: =B116/B117 -> 0.03891258 | D116: =C116*100 -> 3.891258
...

Sheet 12. Nutrition
A1: Table 12.1: Dietary macronutrient summary
A2: Table 1: Dietary nutrient summary | B2: Units | C2: BASE/ LOCAL Diet
A3: Total energy | B3: Kcal/day | C3: =SUM(J$11:J$55) -> 1352.3117
A4: Protein | B4: g/day | C4: =SUM(K11:K55) -> 50.944417
A5: Fat | B5: g/day | C5: =SUM(L$11:L$55) -> 57.08334
A6: Carbohydrate | B6: g/day | C6: =SUM(M$11:M$55) -> 169.95921
A8: Table 12.2: Dietary macronutrients
D9: Per 100 g | J9: BASE/LOCAL
A10: Food | B10: g /Serving | C10: BASE (g) | D10: Calories (g) | E10: Protein (g) | F10: Fat (g) | G10: Carbohydrates (g) | H10: Total Fat (% kcal) | I10: Sat Fat (% kcal) | J10: Calories (Kcal) | K10: Protein (g) | L10: Fat (g) | M10: Carbs (g) | N10: Total Fat (% kcal) | O10: Sat Fat (% kcal)
A11: Chicken | B11: ='11. Diet'!K3 -> 28.35 | C11: ='11. Diet'!I3*B11 -> 39.72402 | D11: 156 | E11: 23.9 | F11: 5.95 | G11: 1.79 | H11: 1.79 | I11: 0.89 | J11: =$C11*(D11/100) -> 61.969471 | K11: =$C11*(E11/100) -> 9.4940408 | L11: =$C11*(F11/100) -> 2.3635792 | M11: =$C11*(G11/100) -> 0.71105996 | N11: =$C11*(H11/100) -> 0.71105996 | O11: =$C11*(I11/100) -> 0.35354378
A12: Beef | B12: ='11. Diet'!K4 -> 28.35 | C12: ='11. Diet'!I4*B12 -> 31.28706 | D12: 260 | E12: 25.54 | F12: 16.82 | G12: 0 | J12: =$C12*(D12/100) -> 81.346356 | K12: =$C12*(E12/100) -> 7.9907151 | L12: =$C12*(F12/100) -> 5.2624835 | M12: =$C12*(G12/100) -> 0 | N12: =$C12*(H12/100) -> 0 | O12: =$C12*(I12/100) -> 0
A13: Pork | B13: ='11. Diet'!K5 -> 28.35 | C13: ='11. Diet'!I5*B13 -> 24.43203 | D13: 297 | E13: 25.7 | F13: 20.8 | G13: 1.18 | H13: 0 | I13: 0 | J13: =$C13*(D13/100) -> 72.563129 | K13: =$C13*(E13/100) -> 6.2790317 | L13: =$C13*(F13/100) -> 5.0818622 | M13: =$C13*(G13/100) -> 0.28829795 | N13: =$C13*(H13/100) -> 0 | O13: =$C13*(I13/100) -> 0
A14: Eggs | B14: ='11. Diet'!K6 -> 50 | C14: ='11. Diet'!I6*B14 -> 16.74 | D14: 136 | E14: 13.64 | F14: 9.09 | G14: 0 | I14: 0 | J14: =$C14*(D14/100) -> 22.7664 | K14: =$C14*(E14/100) -> 2.283336 | L14: =$C14*(F14/100) -> 1.521666 | M14: =$C14*(G14/100) -> 0 | N14: =$C14*(H14/100) -> 0 | O14: =$C14*(I14/100) -> 0
A15: Beans, dry | B15: ='11. Diet'!K7 -> 43.75 | C15: ='11. Diet'!I7*B15 -> 6.9453125 | D15: 333 | E15: 24.44 | F15: 0 | G15: 57.78 | H15: 2.22 | I15: 0 | J15: =$C15*(D15/100) -> 23.127891 | K15: =$C15*(E15/100) -> 1.6974344 | L15: =$C15*(F15/100) -> 0 | M15: =$C15*(G15/100) -> 4.0130016 | N15: =$C15*(H15/100) -> 0.15418594 | O15: =$C15*(I15/100) -> 0
A16: Cheese | B16: ='11. Diet'!K8 -> 42.525 | C16: ='11. Diet'!I8*B16 -> 18.77904 | D16: 400 | E16: 26.79 | F16: 32.14 | G16: 3.57 | H16: 10 | I16: 21.43 | J16: =$C16*(D16/100) -> 75.11616 | K16: =$C16*(E16/100) -> 5.0309048 | L16: =$C16*(F16/100) -> 6.0355835 | M16: =$C16*(G16/100) -> 0.67041173 | N16: =$C16*(H16/100) -> 1.877904 | O16: =$C16*(I16/100) -> 4.0243483
A17: Milk | B17: ='11. Diet'!K9 -> 245 | C17: ='11. Diet'!I9*B17 -> 78.0325 | D17: 67 | E17: 3.75 | F17: 3.33 | G17: 5.42 | H17: 5 | I17: 2.08 | J17: =$C17*(D17/100) -> 52.281775 | K17: =$C17*(E17/100) -> 2.9262187 | L17: =$C17*(F17/100) -> 2.5984822 | M17: =$C17*(G17/100) -> 4.2293615 | N17: =$C17*(H17/100) -> 3.901625 | O17: =$C17*(I17/100) -> 1.623076
A18: Apple | B18: ='11. Diet'!K10 -> 110 | C18: ='11. Diet'!I10*B18 -> 13.64 | D18: 54 | E18: 0.41 | F18: 0 | G18: 14.05 | H18: 0 | I18: 0 | J18: =$C18*(D18/100) -> 7.3656 | K18: =$C18*(E18/100) -> 0.055924 | L18: =$C18*(F18/100) -> 0 | M18: =$C18*(G18/100) -> 1.91642 | N18: =$C18*(H18/100) -> 0 | O18: =$C18*(I18/100) -> 0
A19: Melon | B19: ='11. Diet'!K11 -> 170 | C19: ='11. Diet'!I11*B19 -> 12.41 | D19: 35 | E19: 0.7 | G19: 9.15 | H19: 8.45 | I19: 0 | J19: =$C19*(D19/100) -> 4.3435 | K19: =$C19*(E19/100) -> 0.08687 | L19: =$C19*(F19/100) -> 0 | M19: =$C19*(G19/100) -> 1.135515 | N19: =$C19*(H19/100) -> 1.048645 | O19: =$C19*(I19/100) -> 0
A20: Blueberries | B20: ='11. Diet'!K12 -> 145 | C20: ='11. Diet'!I12*B20 -> 1.595 | D20: 57 | E20: 0.71 | F20: 0.71 | G20: 12.14 | H20: 8.57 | I20: 0 | J20: =$C20*(D20/100) -> 0.90915 | K20: =$C20*(E20/100) -> 0.0113245 | L20: =$C20*(F20/100) -> 0.0113245 | M20: =$C20*(G20/100) -> 0.193633 | N20: =$C20*(H20/100) -> 0.1366915 | O20: =$C20*(I20/100) -> 0
A21: Cherries | B21: ='11. Diet'!K13 -> 155 | C21: ='11. Diet'!I13*B21 -> 0.465 | D21: 65 | E21: 1.3 | G21: 16.23 | H21: 12.99 | I21: 0 | J21: =$C21*(D21/100) -> 0.30225 | K21: =$C21*(E21/100) -> 0.006045 | L21: =$C21*(F21/100) -> 0 | M21: =$C21*(G21/100) -> 0.0754695 | N21: =$C21*(H21/100) -> 0.0604035 | O21: =$C21*(I21/100) -> 0
A22: Grapes | B22: ='11. Diet'!K14 -> 150 | C22: ='11. Diet'!I14*B22 -> 5.4 | D22: 71 | E22: 0.88 | F22: 0.29 | G22: 18.08 | H22: 15.43 | I22: 0.09 | J22: =$C22*(D22/100) -> 3.834 | K22: =$C22*(E22/100) -> 0.04752 | L22: =$C22*(F22/100) -> 0.01566 | M22: =$C22*(G22/100) -> 0.97632 | N22: =$C22*(H22/100) -> 0.83322 | O22: =$C22*(I22/100) -> 0.00486
A23: Pears | B23: ='11. Diet'!K15 -> 165 | C23: ='11. Diet'!I15*B23 -> 2.31 | D23: 60 | E23: 0.6 | F23: 0 | G23: 15.06 | H23: 9.04 | I23: 0 | J23: =$C23*(D23/100) -> 1.386 | K23: =$C23*(E23/100) -> 0.01386 | L23: =$C23*(F23/100) -> 0 | M23: =$C23*(G23/100) -> 0.347886 | N23: =$C23*(H23/100) -> 0.208824 | O23: =$C23*(I23/100) -> 0
A24: Raspberries | B24: ='11. Diet'!K16 -> 145 | C24: ='11. Diet'!I16*B24 -> 0.725 | D24: 50 | E24: 1.43 | F24: 0.71 | G24: 12.14 | H24: 4.29 | I24: 0 | J24: =$C24*(D24/100) -> 0.3625 | K24: =$C24*(E24/100) -> 0.0103675 | L24: =$C24*(F24/100) -> 0.0051475 | M24: =$C24*(G24/100) -> 0.088015 | N24: =$C24*(H24/100) -> 0.0311025 | O24: =$C24*(I24/100) -> 0
A25: Strawberries | B25: ='11. Diet'!K17 -> 145 | C25: ='11. Diet'!I17*B25 -> 4.495 | D25: 350 | E25: 0 | F25: 0 | G25: 87.5 | H25: 85 | I25: 0 | J25: =$C25*(D25/100) -> 15.7325 | K25: =$C25*(E25/100) -> 0 | L25: =$C25*(F25/100) -> 0 | M25: =$C25*(G25/100) -> 3.933125 | N25: =$C25*(H25/100) -> 3.82075 | O25: =$C25*(I25/100) -> 0
A26: Preserved, Fruit | B26: ='11. Diet'!K18 -> 233.83803 | C26: ='11. Diet'!I18*B26 -> 33.205 | J26: =$C26*(D26/100) -> 0 | K26: =$C26*(E26/100) -> 0 | L26: =$C26*(F26/100) -> 0 | M26: =$C26*(G26/100) -> 0 | N26: =$C26*(H26/100) -> 0 | O26: =$C26*(I26/100) -> 0
A27: Broccoli | B27: ='11. Diet'!K19 -> 80 | C27: ='11. Diet'!I19*B27 -> 2.9704 | D27: 34 | E27: 2.7 | F27: 0.34 | G27: 5.41 | H27: 1.35 | I27: 0 | J27: =$C27*(D27/100) -> 1.009936 | K27: =$C27*(E27/100) -> 0.0802008 | L27: =$C27*(F27/100) -> 0.01009936 | M27: =$C27*(G27/100) -> 0.16069864 | N27: =$C27*(H27/100) -> 0.0401004 | O27: =$C27*(I27/100) -> 0
A28: Collard Greens | B28: ='11. Diet'!K20 -> 70 | C28: ='11. Diet'!I20*B28 -> 0.3871 | D28: 32 | E28: 3.02 | F28: 0.61 | G28: 5.42 | J28: =$C28*(D28/100) -> 0.123872 | K28: =$C28*(E28/100) -> 0.01169042 | L28: =$C28*(F28/100) -> 0.00236131 | M28: =$C28*(G28/100) -> 0.02098082 | N28: =$C28*(H28/100) -> 0 | O28: =$C28*(I28/100) -> 0
A29: Kale | B29: ='11. Diet'!K21 -> 70 | C29: ='11. Diet'!I21*B29 -> 0.1106 | D29: 35 | E29: 2.92 | F29: 1.49 | G29: 4.42 | J29: =$C29*(D29/100) -> 0.03871 | K29: =$C29*(E29/100) -> 0.00322952 | L29: =$C29*(F29/100) -> 0.00164794 | M29: =$C29*(G29/100) -> 0.00488852 | N29: =$C29*(H29/100) -> 0 | O29: =$C29*(I29/100) -> 0
A30: Lettuce, loose-leaf | B30: ='11. Diet'!K22 -> 70 | C30: ='11. Diet'!I22*B30 -> 5.3641 | D30: 12 | E30: 1.18 | F30: 0 | G30: 3.53 | H30: 2.35 | I30: 0 | J30: =$C30*(D30/100) -> 0.643692 | K30: =$C30*(E30/100) -> 0.06329638 | L30: =$C30*(F30/100) -> 0 | M30: =$C30*(G30/100) -> 0.18935273 | N30: =$C30*(H30/100) -> 0.12605635 | O30: =$C30*(I30/100) -> 0
A31: Spinach | B31: ='11. Diet'!K23 -> 70 | C31: ='11. Diet'!I23*B31 -> 1.0507 | D31: 24 | E31: 2.35 | F31: 0 | G31: 3.53 | H31: 0 | I31: 0 | J31: =$C31*(D31/100) -> 0.252168 | K31: =$C31*(E31/100) -> 0.02469145 | L31: =$C31*(F31/100) -> 0 | M31: =$C31*(G31/100) -> 0.03708971 | N31: =$C31*(H31/100) -> 0 | O31: =$C31*(I31/100) -> 0
A32: Preserved, Dark Green | B32: ='11. Diet'!K24 -> 155 | C32: ='11. Diet'!I24*B32 -> 1.59185 | D32: 32.5 | E32: 2.6475 | F32: 0.289 | G32: 5.128 | H32: 1.1475 | I32: 0 | J32: =$C32*(D32/100) -> 0.51735125 | K32: =$C32*(E32/100) -> 0.042144229 | L32: =$C32*(F32/100) -> 0.0046004465 | M32: =$C32*(G32/100) -> 0.081630068 | N32: =$C32*(H32/100) -> 0.018266479 | O32: =$C32*(I32/100) -> 0
A33: Carrots | B33: ='11. Diet'!K25 -> 125 | C33: ='11. Diet'!I25*B33 -> 3.95 | D33: 41 | E33: 0.93 | F33: 0.24 | G33: 9.58 | H33: 4.74 | J33: =$C33*(D33/100) -> 1.6195 | K33: =$C33*(E33/100) -> 0.036735 | L33: =$C33*(F33/100) -> 0.00948 | M33: =$C33*(G33/100) -> 0.37841 | N33: =$C33*(H33/100) -> 0.18723 | O33: =$C33*(I33/100) -> 0
A34: Pumpkin | B34: ='11. Diet'!K26 -> 115 | C34: ='11. Diet'!I26*B34 -> 1.0902 | D34: 33 | E34: 0.83 | G34: 8.33 | H34: 3.33 | I34: 0 | J34: =$C34*(D34/100) -> 0.359766 | K34: =$C34*(E34/100) -> 0.00904866 | L34: =$C34*(F34/100) -> 0 | M34: =$C34*(G34/100) -> 0.09081366 | N34: =$C34*(H34/100) -> 0.03630366 | O34: =$C34*(I34/100) -> 0
A35: Sweet Potatoes | B35: ='11. Diet'!K27 -> 130 | C35: ='11. Diet'!I27*B35 -> 2.3621 | D35: 73 | E35: 1.18 | F35: 0 | G35: 17.65 | H35: 5.88 | J35: =$C35*(D35/100) -> 1.724333 | K35: =$C35*(E35/100) -> 0.02787278 | L35: =$C35*(F35/100) -> 0 | M35: =$C35*(G35/100) -> 0.41691065 | N35: =$C35*(H35/100) -> 0.13889148 | O35: =$C35*(I35/100) -> 0
A36: Tomatoes | B36: ='11. Diet'!K28 -> 170 | C36: ='11. Diet'!I28*B36 -> 11.5498 | D36: 21 | E36: 0.83 | G36: 4.13 | H36: 2.48 | I36: 0 | J36: =$C36*(D36/100) -> 2.425458 | K36: =$C36*(E36/100) -> 0.09586334 | L36: =$C36*(F36/100) -> 0 | M36: =$C36*(G36/100) -> 0.47700674 | N36: =$C36*(H36/100) -> 0.28643504 | O36: =$C36*(I36/100) -> 0
A37: Preserved, Orange & Red | B37: ='11. Diet'!K29 -> 234.79592 | C37: ='11. Diet'!I29*B37 -> 18.1779 | D37: 21 | E37: 0.83 | F37: 0 | G37: 4.13 | H37: 2.48 | I37: 0 | J37: =$C37*(D37/100) -> 3.817359 | K37: =$C37*(E37/100) -> 0.15087657 | L37: =$C37*(F37/100) -> 0 | M37: =$C37*(G37/100) -> 0.75074727 | N37: =$C37*(H37/100) -> 0.45081192 | O37: =$C37*(I37/100) -> 0
A38: Corn, Sweet | B38: ='11. Diet'!K30 -> 150 | C38: ='11. Diet'!I30*B38 -> 1.5405 | D38: 84 | E38: 3.16 | F38: 1.05 | G38: 15.79 | H38: 6.32 | I38: 0 | J38: =$C38*(D38/100) -> 1.29402 | K38: =$C38*(E38/100) -> 0.0486798 | L38: =$C38*(F38/100) -> 0.01617525 | M38: =$C38*(G38/100) -> 0.24324495 | N38: =$C38*(H38/100) -> 0.0973596 | O38: =$C38*(I38/100) -> 0
A39: Green Peas | B39: ='11. Diet'!K31 -> 60 | C39: ='11. Diet'!I31*B39 -> 0 | D39: 81 | E39: 5.42 | F39: 0.4 | G39: 14.45 | J39: =$C39*(D39/100) -> 0 | K39: =$C39*(E39/100) -> 0 | L39: =$C39*(F39/100) -> 0 | M39: =$C39*(G39/100) -> 0 | N39: =$C39*(H39/100) -> 0 | O39: =$C39*(I39/100) -> 0
A40: Potatoes | B40: ='11. Diet'!K32 -> 150 | C40: ='11. Diet'!I32*B40 -> 23.7 | D40: 74 | E40: 2.7 | F40: 0 | G40: 16.89 | H40: 0.68 | I40: 0 | J40: =$C40*(D40/100) -> 17.538 | K40: =$C40*(E40/100) -> 0.6399 | L40: =$C40*(F40/100) -> 0 | M40: =$C40*(G40/100) -> 4.00293 | N40: =$C40*(H40/100) -> 0.16116 | O40: =$C40*(I40/100) -> 0
A41: Preserved, Starchy | B41: ='11. Diet'!K33 -> 154.08824 | C41: ='11. Diet'!I33*B41 -> 20.69405 | D41: 76.35 | E41: 2.928 | F41: 0.23 | G41: 16.548 | H41: 1.774 | I41: 0 | J41: =$C41*(D41/100) -> 15.799907 | K41: =$C41*(E41/100) -> 0.60592178 | L41: =$C41*(F41/100) -> 0.047596315 | M41: =$C41*(G41/100) -> 3.4244514 | N41: =$C41*(H41/100) -> 0.36711245 | O41: =$C41*(I41/100) -> 0
A42: Beans, dry | B42: ='11. Diet'!K34 -> 175 | C42: ='11. Diet'!I34*B42 -> 4.375 | D42: 333 | E42: 24.44 | F42: 0 | G42: 57.78 | H42: 2.22 | I42: 0 | J42: =$C42*(D42/100) -> 14.56875 | K42: =$C42*(E42/100) -> 1.06925 | L42: =$C42*(F42/100) -> 0 | M42: =$C42*(G42/100) -> 2.527875 | N42: =$C42*(H42/100) -> 0.097125 | O42: =$C42*(I42/100) -> 0
A43: Beans, Snap | B43: ='11. Diet'!K35 -> 110 | C43: ='11. Diet'!I35*B43 -> 0.869 | D43: 29 | E43: 2.35 | F43: 0 | G43: 7.06 | H43: 3.53 | I43: 0 | J43: =$C43*(D43/100) -> 0.25201 | K43: =$C43*(E43/100) -> 0.0204215 | L43: =$C43*(F43/100) -> 0 | M43: =$C43*(G43/100) -> 0.0613514 | N43: =$C43*(H43/100) -> 0.0306757 | O43: =$C43*(I43/100) -> 0
A44: Cabbage | B44: ='11. Diet'!K36 -> 90 | C44: ='11. Diet'!I36*B44 -> 3.0573 | D44: 25 | E44: 1.28 | F44: 0.1 | G44: 5.8 | H44: 3.2 | J44: =$C44*(D44/100) -> 0.764325 | K44: =$C44*(E44/100) -> 0.03913344 | L44: =$C44*(F44/100) -> 0.0030573 | M44: =$C44*(G44/100) -> 0.1773234 | N44: =$C44*(H44/100) -> 0.0978336 | O44: =$C44*(I44/100) -> 0
A45: Cucumber | B45: ='11. Diet'!K37 -> 120 | C45: ='11. Diet'!I37*B45 -> 3.2232 | D45: 10 | E45: 1.01 | F45: 0 | G45: 2.02 | H45: 1.01 | I45: 0 | J45: =$C45*(D45/100) -> 0.32232 | K45: =$C45*(E45/100) -> 0.03255432 | L45: =$C45*(F45/100) -> 0 | M45: =$C45*(G45/100) -> 0.06510864 | N45: =$C45*(H45/100) -> 0.03255432 | O45: =$C45*(I45/100) -> 0
A46: Lettuce, Iceberg | B46: ='11. Diet'!K38 -> 70 | C46: ='11. Diet'!I38*B46 -> 5.2535 | D46: 12 | E46: 1.18 | F46: 0 | G46: 2.35 | H46: 1.18 | I46: 0 | J46: =$C46*(D46/100) -> 0.63042 | K46: =$C46*(E46/100) -> 0.0619913 | L46: =$C46*(F46/100) -> 0 | M46: =$C46*(G46/100) -> 0.12345725 | N46: =$C46*(H46/100) -> 0.0619913 | O46: =$C46*(I46/100) -> 0
A47: Onions | B47: ='11. Diet'!K39 -> 160 | C47: ='11. Diet'!I39*B47 -> 10.112 | D47: 41 | E47: 1.18 | F47: 0 | G47: 9.41 | H47: 1.2 | I47: 0 | J47: =$C47*(D47/100) -> 4.14592 | K47: =$C47*(E47/100) -> 0.1193216 | L47: =$C47*(F47/100) -> 0 | M47: =$C47*(G47/100) -> 0.9515392 | N47: =$C47*(H47/100) -> 0.121344 | O47: =$C47*(I47/100) -> 0
A48: Squash | B48: ='11. Diet'!K40 -> 115 | C48: ='11. Diet'!I40*B48 -> 2.45295 | D48: 53 | E48: 1.18 | F48: 0 | G48: 11.76 | H48: 2.35 | I48: 0 | J48: =$C48*(D48/100) -> 1.3000635 | K48: =$C48*(E48/100) -> 0.02894481 | L48: =$C48*(F48/100) -> 0 | M48: =$C48*(G48/100) -> 0.28846692 | N48: =$C48*(H48/100) -> 0.057644325 | O48: =$C48*(I48/100) -> 0
A49: Preserved, Other | B49: ='11. Diet'!K41 -> 147.5 | C49: ='11. Diet'!I41*B49 -> 3.146175 | D49: 367 | E49: 10 | F49: 0 | G49: 76.67 | H49: 0 | I49: 0 | J49: =$C49*(D49/100) -> 11.546462 | K49: =$C49*(E49/100) -> 0.3146175 | L49: =$C49*(F49/100) -> 0 | M49: =$C49*(G49/100) -> 2.4121724 | N49: =$C49*(H49/100) -> 0 | O49: =$C49*(I49/100) -> 0
A50: Wheat flour | B50: ='11. Diet'!K42 -> 28.35 | C50: ='11. Diet'!I42*B50 -> 72.93888 | D50: 340 | E50: 13.21 | F50: 2.5 | G50: 71.97 | H50: 0.41 | J50: =$C50*(D50/100) -> 247.99219 | K50: =$C50*(E50/100) -> 9.635226 | L50: =$C50*(F50/100) -> 1.823472 | M50: =$C50*(G50/100) -> 52.494112 | N50: =$C50*(H50/100) -> 0.29904941 | O50: =$C50*(I50/100) -> 0
A51: Corn flour | B51: ='11. Diet'!K43 -> 28.35 | C51: ='11. Diet'!I43*B51 -> 21.577752 | D51: 371 | E51: 8.57 | F51: 1.43 | G51: 77.14 | H51: 1.43 | J51: =$C51*(D51/100) -> 80.05346 | K51: =$C51*(E51/100) -> 1.8492133 | L51: =$C51*(F51/100) -> 0.30856185 | M51: =$C51*(G51/100) -> 16.645078 | N51: =$C51*(H51/100) -> 0.30856185 | O51: =$C51*(I51/100) -> 0
A52: Soybean Oil | B52: ='11. Diet'!K44 -> 1 | C52: ='11. Diet'!I44*B52 -> 25.5684 | D52: 857 | E52: 0 | F52: 100 | G52: 0 | I52: 0 | J52: =$C52*(D52/100) -> 219.12119 | K52: =$C52*(E52/100) -> 0 | L52: =$C52*(F52/100) -> 25.5684 | M52: =$C52*(G52/100) -> 0 | N52: =$C52*(H52/100) -> 0 | O52: =$C52*(I52/100) -> 0
A53: Canola Oil | B53: ='11. Diet'!K45 -> 1 | C53: ='11. Diet'!I45*B53 -> 6.3921 | D53: 857 | E53: 0 | F53: 100 | G53: 0 | H53: 0 | I53: 7.14 | J53: =$C53*(D53/100) -> 54.780297 | K53: =$C53*(E53/100) -> 0 | L53: =$C53*(F53/100) -> 6.3921 | M53: =$C53*(G53/100) -> 0 | N53: =$C53*(H53/100) -> 0 | O53: =$C53*(I53/100) -> 0.45639594
A54: Corn Syrup | B54: ='11. Diet'!K46 -> 6.83 | C54: ='11. Diet'!I46*B54 -> 67.0706 | D54: 333 | E54: 0 | F54: 0 | G54: 88.33 | H54: 43.33 | J54: =$C54*(D54/100) -> 223.3451 | K54: =$C54*(E54/100) -> 0 | L54: =$C54*(F54/100) -> 0 | M54: =$C54*(G54/100) -> 59.243461 | N54: =$C54*(H54/100) -> 29.061691 | O54: =$C54*(I54/100) -> 0
A55: Sugar,cane and beet | B55: ='11. Diet'!K47 -> 4.2056075 | C55: ='11. Diet'!I47*B55 -> 6.1115888 | D55: 375 | E55: 0 | F55: 0 | G55: 100 | H55: 100 | I55: 0 | J55: =$C55*(D55/100) -> 22.918458 | K55: =$C55*(E55/100) -> 0 | L55: =$C55*(F55/100) -> 0 | M55: =$C55*(G55/100) -> 6.1115888 | N55: =$C55*(H55/100) -> 6.1115888 | O55: =$C55*(I55/100) -> 0
A57: Sources
A58: USA average nutritional values | B58: USDA, 2021. Food Central Data [WWW Document]. United States Department of Agriculture. URL https://fdc.nal.usda.gov/ (accessed 7.16.21).
A59: Average current consumption | B59: USDA-ERS, 2016. Food availability (per capita) data system [WWW Document]. USDA ERS. URL https://www.ers.usda.gov/data-products/food-availability-per-capita-data-system/ (assessed 6.6.20).
A60: Oil Soybean oil, USA | B60: USDA-ERS, 2021.Soybean and oil crops. https://www.ers.usda.gov/topics/crops/soybeans-oil-crops/#:~:text=The%20United%20States%20is%20the,flax%E2%80%94make%20up%20the%20remainder (assessed 9.3.21)
A61: Oil cooking/salad oil, USA | B61: Wunsch, Nils-Gerrit, Statista. U.S. Consumption of edible oils by type 2020. (2020). https://www.statista.com/statistics/301044/edible-oils-consumption-united-states-by-type/ (assessed 8.3.21).
A63: Notes
A64: Nutritional content from USDA using SR Legacy or Survey data.
A65: Wheat Flour | B65: No SR legacy or survey data avaiable, used Bob's Red Mill Natural Foods, Inc.
A67: Equations
A68: Table 12.2 BASE/LOCAL [columns J:O] | B68: BASE (g) * (Per 100 g [Table 12.2 Columns E:I]/100)

Sheet 13. Yields
A1: Table 13.1: Agricultural yields
A2: Food | B2: Feed/ Fuel | C2: Peters (Ibs/year) | D2: Peters (ac) | E2: US yield (lbs/ac/yr) | F2: US yield (kg/m2/yr) | G2: 2020 US yield (kg/hectare/yr) | H2: US to MSA yield conversion factor | I2: MSA yield (kg/m2/yr) | J2: 2020 MSA yield (kg/ha/yr) | K2: Modeled MSA yield (kg/ha/yr)
A3: Chicken | B3: Corn grain | C3: 82.6 | D3: 0.00997 | E3: =C3/D3 -> 8284.8546 | F3: =E3*B$125 -> 0.9287322 | G3: =E3*B$126 -> 9287.322 | H3: 1 | I3: =F3*H3 -> 0.9287322 | J3: =G3*H3 -> 9287.322 | K3: =J3 -> 9287.322
A4: Chicken | B4: Soybean meal | C4: 47.9 | D4: 0.01963 | E4: =C4/D4 -> 2440.1426 | F4: =(E4*B$125)/B$127 -> 0.21709523 | G4: =(E4*B$126)/B$127 -> 2170.9523 | H4: 1 | I4: =F4*H4 -> 0.21709523 | J4: =G4*H4 -> 2170.9523 | K4: =J4 -> 2170.9523
A5: Beef | B5: Hay/halage (excluding alfalfa) | C5: 295.8 | D5: 0.07633 | E5: =C5/D5 -> 3875.2784 | F5: =E5*B$125 -> 0.43441871 | G5: =E5*B$126 -> 4344.1871 | H5: 1 | I5: =J5*H5*B$125 -> 0.90801 | J5: =8100*H5 -> 8100 | K5: =J5 -> 8100
A6: Beef | B6: Grazing land | C6: 401 | D6: 0.87481 | E6: =C6/D6 -> 458.38525 | F6: =E6*B$125 -> 0.051384986 | G6: =E6*B$126 -> 513.84986 | H6: 1 | I6: =J6*H6*B$125 -> 1.06495 | J6: =9500*H6 -> 9500 | K6: =J6 -> 9500
A7: Beef | B7: Corn grain | C7: 119.3 | D7: 0.0144 | E7: =C7/D7 -> 8284.7222 | F7: =E7*B$125 -> 0.92871736 | G7: =E7*B$126 -> 9287.1736 | H7: 1 | I7: =F7*H7 -> 0.92871736 | J7: =G7*H7 -> 9287.1736 | K7: =J7 -> 9287.1736
A8: Beef | B8: Soybean meal | C8: 9 | D8: 0.00368 | E8: =C8/D8 -> 2445.6522 | F8: =(E8*B$125)/B$127 -> 0.2175854 | G8: =(E8*B$126)/B$127 -> 2175.854 | H8: 1 | I8: =F8*H8 -> 0.2175854 | J8: =G8*H8 -> 2175.854 | K8: =J8 -> 2175.854
A9: Pork | B9: Corn grain | C9: 138.9 | D9: 0.01676 | E9: =C9/D9 -> 8287.5895 | F9: =E9*B$125 -> 0.92903878 | G9: =E9*B$126 -> 9290.3878 | H9: 1 | I9: =F9*H9 -> 0.92903878 | J9: =G9*H9 -> 9290.3878 | K9: =J9 -> 9290.3878
A10: Pork | B10: Soybean meal | C10: 41.2 | D10: 0.01689 | E10: =C10/D10 -> 2439.3132 | F10: =(E10*B$125)/B$127 -> 0.21702144 | G10: =(E10*B$126)/B$127 -> 2170.2144 | H10: 1 | I10: =F10*H10 -> 0.21702144 | J10: =G10*H10 -> 2170.2144 | K10: =J10 -> 2170.2144
A11: Eggs | B11: Corn grain | C11: 72.269831 | D11: 0.00872 | E11: =C11/D11 -> 8287.8247 | F11: =E11*B$125 -> 0.92906515 | G11: =E11*B$126 -> 9290.6515 | H11: 1 | I11: =F11*H11 -> 0.92906515 | J11: =G11*H11 -> 9290.6515 | K11: =J11 -> 9290.6515
A12: Eggs | B12: Soybean meal | C12: 24.934482 | D12: 0.01022 | E12: =C12/D12 -> 2439.7732 | F12: =(E12*B$125)/B$127 -> 0.21706236 | G12: =(E12*B$126)/B$127 -> 2170.6236 | H12: 1 | I12: =F12*H12 -> 0.21706236 | J12: =G12*H12 -> 2170.6236 | K12: =J12 -> 2170.6236
A13: Dry Beans | C13: 13.9 | D13: 0.00827 | E13: =C13/D13 -> 1680.7739 | F13: =E13*B$125 -> 0.18841475 | G13: =E13*B$126 -> 1884.1475 | H13: 1 | I13: =F13*H13 -> 0.18841475 | J13: =G13*H13 -> 1884.1475 | K13: =J13 -> 1884.1475
A14: Cheese | B14: Alfalfa hay/haylage | C14: 76.4 | D14: 0.01140076 | E14: =C14/D14 -> 6701.3076 | F14: =E14*B$125 -> 0.75121658 | G14: =E14*B$126 -> 7512.1658 | H14: 1 | I14: =J14*H14*B$125 -> 0.84211378 | J14: =G14*H14 -> 7512.1658 | K14: =J14 -> 7512.1658
A15: Cheese | B15: Hay/halage (excluding alfalfa) | C15: 96.4 | D15: 0.02487472 | E15: =C15/D15 -> 3875.4206 | F15: =E15*B$125 -> 0.43443465 | G15: =E15*B$126 -> 4344.3465 | H15: 1 | I15: =J15*H15*B$125 -> 0.48700124 | J15: =G15*H15 -> 4344.3465 | K15: =J15 -> 4344.3465
A16: Cheese | B16: Corn silage | C16: 343.6 | D16: 0.01002 | E16: =C16/D16 -> 34291.417 | F16: =E16*B$125 -> 3.8440679 | G16: =E16*B$126 -> 38440.679 | H16: 1 | I16: =F16*H16 -> 3.8440679 | J16: =G16*H16 -> 38440.679 | K16: =J16 -> 38440.679
A17: Cheese | B17: Corn grain | C17: 50.5 | D17: 0.0061 | E17: =C17/D17 -> 8278.6885 | F17: =E17*B$125 -> 0.92804098 | G17: =E17*B$126 -> 9280.4098 | H17: 1 | I17: =F17*H17 -> 0.92804098 | J17: =G17*H17 -> 9280.4098 | K17: =J17 -> 9280.4098
A18: Cheese | B18: Soybean meal | C18: 34.3 | D18: 0.01405 | E18: =C18/D18 -> 2441.2811 | F18: =(E18*B$125)/B$127 -> 0.21719652 | G18: =(E18*B$126)/B$127 -> 2171.9652 | H18: 1 | I18: =F18*H18 -> 0.21719652 | J18: =G18*H18 -> 2171.9652 | K18: =J18 -> 2171.9652
A19: Milk | B19: Alfalfa hay/haylage | C19: 76.4 | D19: 0.01140076 | E19: =C19/D19 -> 6701.3076 | F19: =E19*B$125 -> 0.75121658 | G19: =E19*B$126 -> 7512.1658 | H19: 1 | I19: =J19*H19*B$125 -> 0.99769 | J19: 8900 | K19: =J19 -> 8900
A20: Milk | B20: Hay/halage (excluding alfalfa) | C20: 96.4 | D20: 0.02487472 | E20: =C20/D20 -> 3875.4206 | F20: =E20*B$125 -> 0.43443465 | G20: =E20*B$126 -> 4344.3465 | H20: 1 | I20: =J20*H20*B$125 -> 0.90801 | J20: 8100 | K20: =J20 -> 8100
A21: Milk | B21: Corn silage | C21: 343.6 | D21: 0.01002 | E21: =C21/D21 -> 34291.417 | F21: =E21*B$125 -> 3.8440679 | G21: =E21*B$126 -> 38440.679 | H21: 1 | I21: =F21*H21 -> 3.8440679 | J21: =G21*H21 -> 38440.679 | K21: =J21 -> 38440.679
A22: Milk | B22: Corn grain | C22: 50.5 | D22: 0.0061 | E22: =C22/D22 -> 8278.6885 | F22: =E22*B$125 -> 0.92804098 | G22: =E22*B$126 -> 9280.4098 | H22: 1 | I22: =F22*H22 -> 0.92804098 | J22: =G22*H22 -> 9280.4098 | K22: =J22 -> 9280.4098
A23: Milk | B23: Soybean meal | C23: 34.3 | D23: 0.01405 | E23: =C23/D23 -> 2441.2811 | F23: =(E23*B$125)/B$127 -> 0.21719652 | G23: =(E23*B$126)/B$127 -> 2171.9652 | H23: 1 | I23: =F23*H23 -> 0.21719652 | J23: =G23*H23 -> 2171.9652 | K23: =J23 -> 2171.9652
A24: Apple | C24: 47 | D24: 0.00181 | E24: =C24/D24 -> 25966.851 | F24: =E24*B$125 -> 2.910884 | G24: =E24*B$126 -> 29108.84 | H24: 0.621 | I24: =F24*H24 -> 1.807659 | J24: =G24*H24 -> 18076.59 | K24: =J24 -> 18076.59
A25: Melon | C25: 11.85 | D25: 0.00048 | E25: =C25/D25 -> 24687.5 | F25: =E25*B$125 -> 2.7674687 | G25: =E25*B$126 -> 27674.688 | H25: 0.98126 | I25: =F25*H25 -> 2.7156064 | J25: =G25*H25 -> 27156.064 | K25: =J25 -> 27156.064
A26: Blueberries | F26: =G26/10000 -> 0.743124 | G26: 7431.24 | H26: 0.6032 | I26: =F26*H26 -> 0.4482524 | J26: =G26*H26 -> 4482.524 | K26: =J26 -> 4482.524
A27: Cherries | C27: 2.5 | D27: 0.00035 | E27: =C27/D27 -> 7142.8571 | F27: =E27*B$125 -> 0.80071429 | G27: =E27*B$126 -> 8007.1429 | H27: 1 | I27: =F27*H27 -> 0.80071429 | J27: =G27*H27 -> 8007.1429 | K27: =J27 -> 8007.1429
A28: Grapes | C28: 12.3 | D28: 0.00082 | E28: =C28/D28 -> 15000 | F28: =E28*B$125 -> 1.6815 | G28: =E28*B$126 -> 16815 | H28: 0.4 | I28: =F28*H28 -> 0.6726 | J28: =G28*H28 -> 6726 | K28: =J28 -> 6726
A29: Pears | C29: 6.1 | D29: 0.00021 | E29: =C29/D29 -> 29047.619 | F29: =E29*B$125 -> 3.2562381 | G29: =E29*B$126 -> 32562.381 | H29: 0.6196 | I29: =F29*H29 -> 2.0175651 | J29: =G29*H29 -> 20175.651 | K29: =J29 -> 20175.651
A30: Raspberries | C30: 0.8 | D30: 0.00012 | E30: =C30/D30 -> 6666.6667 | F30: =E30*B$125 -> 0.74733333 | G30: =E30*B$126 -> 7473.3333 | H30: 0.555 | I30: =F30*H30 -> 0.41477 | J30: =G30*H30 -> 4147.7 | K30: =J30 -> 4147.7
A31: Strawberries | C31: 16 | D31: 0.00035 | E31: =C31/D31 -> 45714.286 | F31: =E31*B$125 -> 5.1245714 | G31: =E31*B$126 -> 51245.714 | H31: 0.28434 | I31: =F31*H31 -> 1.4571206 | J31: =G31*H31 -> 14571.206 | K31: =J31 -> 14571.206
A32: ='[5]Waste, Losses'!A18 -> Preserved, Fruit | C32: 37.450647 | D32: 0.0014952462 | E32: =C32/D32 -> 25046.475 | F32: =E32*B$125 -> 2.8077098 | G32: =E32*B$126 -> 28077.098 | H32: 0.715 | I32: =(I76*'11. Diet'!B51)+(I77*'11. Diet'!$B52)+(I78*'11. Diet'!$B53)+(I79*'11. Diet'!$B54)+(I80*'11. Diet'!$B55)+(I81*'11. Diet'!$B56)+(I82*'11. Diet'!$B57)+(I83*'11. Diet'!$B58)+(I84*'11. Diet'!$B59) -> 2.7593357 | J32: =(J76*'11. Diet'!B51)+(J77*'11. Diet'!$B52)+(J78*'11. Diet'!$B53)+(J79*'11. Diet'!$B54)+(J80*'11. Diet'!$B55)+(J81*'11. Diet'!$B56)+(J82*'11. Diet'!$B57)+(J83*'11. Diet'!$B58)+(J84*'11. Diet'!$B59) -> 27593.357 | K32: =J32 -> 27593.357
A33: Broccoli | C33: 8 | D33: 0.00054 | E33: =C33/D33 -> 14814.815 | F33: =E33*B$125 -> 1.6607407 | G33: =E33*B$126 -> 16607.407 | H33: 0.9137 | I33: =F33*H33 -> 1.5174188 | J33: =G33*H33 -> 15174.188 | K33: =J33 -> 15174.188
A34: Collard Greens | C34: 0.6 | D34: 5e-05 | E34: =C34/D34 -> 12000 | F34: =E34*B$125 -> 1.3452 | G34: =E34*B$126 -> 13452 | H34: 1 | I34: =F34*H34 -> 1.3452 | J34: =G34*H34 -> 13452 | K34: =J34 -> 13452
A35: Kale | C35: 0.5 | D35: 2e-05 | E35: =C35/D35 -> 25000 | F35: =E35*B$125 -> 2.8025 | G35: =E35*B$126 -> 28025 | H35: 1 | I35: =F35*H35 -> 2.8025 | J35: =G35*H35 -> 28025 | K35: =J35 -> 28025
A36: Lettuce, Loose leaf | C36: 10.2 | D36: 0.00037 | E36: =C36/D36 -> 27567.568 | F36: =E36*B$125 -> 3.0903243 | G36: =E36*B$126 -> 30903.243 | H36: 0.975 | I36: =F36*H36 -> 3.0130662 | J36: =G36*H36 -> 30130.662 | K36: =J36 -> 30130.662
A37: Spinach | C37: 1.4 | D37: 9e-05 | E37: =C37/D37 -> 15555.556 | F37: =E37*B$125 -> 1.7437778 | G37: =E37*B$126 -> 17437.778 | H37: 0.88569 | I37: =F37*H37 -> 1.5444465 | J37: =G37*H37 -> 15444.465 | K37: =J37 -> 15444.465
A38: ='[5]Waste, Losses'!A24 -> Preserved, Dark Green | C38: 3.01 | D38: 0.000203 | E38: =C38/D38 -> 14827.586 | F38: =E38*B$125 -> 1.6621724 | G38: =E38*B$126 -> 16621.724 | H38: =(H85*0.85)+(H86*0.15) -> 0.95 | I38: =(I85*0.85)+(I86*0.15) -> 1.5937208 | J38: =(J85*0.85)+(J86*0.15) -> 15937.208 | K38: =J38 -> 15937.208
A39: Carrots | C39: 22.6 | D39: 0.00071 | E39: =C39/D39 -> 31830.986 | F39: =E39*B$125 -> 3.5682535 | G39: =E39*B$126 -> 35682.535 | H39: 1.10322 | I39: =F39*H39 -> 3.9365686 | J39: =G39*H39 -> 39365.686 | K39: =J39 -> 39365.686
A40: Pumpkin | C40: 12 | D40: 0.00052 | E40: =C40/D40 -> 23076.923 | F40: =E40*B$125 -> 2.5869231 | G40: =E40*B$126 -> 25869.231 | H40: 1.2582 | I40: =F40*H40 -> 3.2548666 | J40: =G40*H40 -> 32548.666 | K40: =J40 -> 32548.666
A41: Sweet Potatoes | C41: 22399.94 | D41: 1 | E41: =C41/D41 -> 22399.94 | F41: =E41*B$125 -> 2.5110333 | G41: =E41*B$126 -> 25110.333 | H41: 0.89635 | I41: =F41*H41 -> 2.2507647 | J41: =G41*H41 -> 22507.647 | K41: =J41 -> 22507.647
A42: Tomatoes | C42: 42.9 | D42: 0.00143 | E42: =C42/D42 -> 30000 | F42: =E42*B$125 -> 3.363 | G42: =E42*B$126 -> 33630 | H42: 0.94992 | I42: =F42*H42 -> 3.194581 | J42: =G42*H42 -> 31945.81 | K42: =J42 -> 31945.81
A43: ='[5]Waste, Losses'!A29 -> Preserved, Orange & Red | C43: 173.21633 | D43: 0.002254892 | E43: =C43/D43 -> 76818.014 | F43: =E43*B$125 -> 8.6112993 | G43: =E43*B$126 -> 86112.993 | H43: =(H87*'11. Diet'!B64)+ (H88*'11. Diet'!B65) + (H89*'11. Diet'!B66) -> 0.95 | I43: =(I87*'11. Diet'!$B64)+(I88*'11. Diet'!$B65)+(I89*'11. Diet'!$B66) -> 7.9363046 | J43: =(J87*'11. Diet'!$B64)+(J88*'11. Diet'!$B65)+(J89*'11. Diet'!$B66) -> 79363.046 | K43: =J43 -> 79363.046
A44: Corn, Sweet | C44: 2 | D44: 0.00017 | E44: =C44/D44 -> 11764.706 | F44: =E44*B$125 -> 1.3188235 | G44: =E44*B$126 -> 13188.235 | H44: 0.88244 | I44: =F44*H44 -> 1.1637826 | J44: =G44*H44 -> 11637.826 | K44: =J44 -> 11637.826
A45: Green Peas | F45: =E45*B$125 -> 0 | G45: =E45*B$126 -> 0 | K45: =J45 -> 0
A46: Potatoes | C46: 92.5 | D46: 0.0024 | E46: =C46/D46 -> 38541.667 | F46: =E46*B$125 -> 4.3205208 | G46: =E46*B$126 -> 43205.208 | H46: 0.90399 | I46: =F46*H46 -> 3.9057076 | J46: =G46*H46 -> 39057.076 | K46: =J46 -> 39057.076
A47: ='[5]Waste, Losses'!A33 -> Preserved, Starchy | C47: 72.077059 | D47: 0.0020053529 | E47: =C47/D47 -> 35942.331 | F47: =E47*B$125 -> 4.0291353 | G47: =E47*B$126 -> 40291.353 | H47: =(H90*SUM('11. Diet'!B68:B69) )+ (H93 * SUM('11. Diet'!B70:B71))+(H95*SUM('11. Diet'!B72:B73)) -> 0.95 | I47: =(I90*'11. Diet'!$B68)+(I91*'11. Diet'!$B69)+(I92*'11. Diet'!$B70)+(I93*'11. Diet'!$B71)+(I94*'11. Diet'!$B72)+(I95*'11. Diet'!$B73) -> 3.4400152 | J47: =(J90*'11. Diet'!$B68)+(J91*'11. Diet'!$B69)+(J92*'11. Diet'!$B70)+(J93*'11. Diet'!$B71)+(J94*'11. Diet'!$B72)+(J95*'11. Diet'!$B73) -> 34400.152 | K47: =J47 -> 34400.152
A48: ='[5]Waste, Losses'!A34 -> Beans, dry | C48: 13.9 | D48: 0.00827 | E48: =C48/D48 -> 1680.7739 | F48: =E48*B$125 -> 0.18841475 | G48: =E48*B$126 -> 1884.1475 | H48: 0.95 | I48: =F48*H48 -> 0.17899401 | J48: =G48*H48 -> 1789.9401 | K48: =J48 -> 1789.9401
A49: Beans, Snap | C49: 2.4 | D49: 0.00039 | E49: =C49/D49 -> 6153.8462 | F49: =E49*B$125 -> 0.68984615 | G49: =E49*B$126 -> 6898.4615 | H49: 1.9623 | I49: =F49*H49 -> 1.3536851 | J49: =G49*H49 -> 13536.851 | K49: =J49 -> 13536.851
A50: Cabbage | C50: 10.1 | D50: 0.0003 | E50: =C50/D50 -> 33666.667 | F50: =E50*B$125 -> 3.7740333 | G50: =E50*B$126 -> 37740.333 | H50: 1.04397 | I50: =F50*H50 -> 3.9399776 | J50: =G50*H50 -> 39399.776 | K50: =J50 -> 39399.776
A51: Cucumber | C51: 3.3 | D51: 0.00018 | E51: =C51/D51 -> 18333.333 | F51: =E51*B$125 -> 2.0551667 | G51: =E51*B$126 -> 20551.667 | H51: 0.8863 | I51: =F51*H51 -> 1.8214942 | J51: =G51*H51 -> 18214.942 | K51: =J51 -> 18214.942
A52: Lettuce, Iceberg (head lettuce) | C52: 15.4 | D52: 0.00042 | E52: =C52/D52 -> 36666.667 | F52: =E52*B$125 -> 4.1103333 | G52: =E52*B$126 -> 41103.333 | H52: 0.88403 | I52: =F52*H52 -> 3.633658 | J52: =G52*H52 -> 36336.58 | K52: =J52 -> 36336.58
A53: Onions | C53: 24.7 | D53: 0.00053 | E53: =C53/D53 -> 46603.774 | F53: =E53*B$125 -> 5.224283 | G53: =E53*B$126 -> 52242.83 | H53: 1.03637 | I53: =F53*H53 -> 5.4142902 | J53: =G53*H53 -> 54142.902 | K53: =J53 -> 54142.902
A54: Squash | C54: 3.1 | D54: 0.0002 | E54: =C54/D54 -> 15500 | F54: =E54*B$125 -> 1.73755 | G54: =E54*B$126 -> 17375.5 | H54: 1.14505 | I54: =F54*H54 -> 1.9895816 | J54: =G54*H54 -> 19895.816 | K54: =J54 -> 19895.816
A55: ='[5]Waste, Losses'!A41 -> Preserved, Other | C55: 3.3166667 | D55: 0.00032555556 | E55: =C55/D55 -> 10187.713 | F55: =E55*B$125 -> 1.1420427 | G55: =E55*B$126 -> 11420.427 | H55: =(H96*SUM('11. Diet'!B75:B76))+(H98*'11. Diet'!B77)+(H99*'11. Diet'!B78) -> 0.95 | I55: =(I97*'11. Diet'!$B75)+(I98*'11. Diet'!$B76)+(I96*'11. Diet'!$B77)+(I99*'11. Diet'!$B78) -> 1.3296604 | J55: =(J97*'11. Diet'!$B75)+(J98*'11. Diet'!$B76)+(J96*'11. Diet'!$B77)+(J99*'11. Diet'!$B78) -> 13296.604 | K55: =J55 -> 13296.604
A56: ='[5]Waste, Losses'!A42 -> Wheat flour | C56: 167.6 | D56: 0.06663 | E56: =C56/D56 -> 2515.3835 | F56: =E56*B$125 -> 0.28197449 | G56: =E56*B$126 -> 2819.7449 | H56: 1 | I56: =F56*H56 -> 0.28197449 | J56: =G56*H56 -> 2819.7449 | K56: =J56 -> 2819.7449
A57: Corn flour | C57: 38.2 | D57: 0.00461 | E57: =C57/D57 -> 8286.3341 | F57: =E57*B$125 -> 0.92889805 | G57: =E57*B$126 -> 9288.9805 | H57: 1 | I57: =F57*H57 -> 0.92889805 | J57: =G57*H57 -> 9288.9805 | K57: =J57 -> 9288.9805
A58: Soybean Oil | C58: 68.7 | D58: 0.02817 | E58: =C58/D58 -> 2438.7646 | F58: =E58*B$125 -> 0.27338552 | G58: =E58*B$126 -> 2733.8552 | H58: 1 | I58: =F58*H58 -> 0.27338552 | J58: =G58*H58 -> 2733.8552 | K58: =J58 -> 2733.8552
A59: Canola Oil | C59: 3.8 | D59: 0.00259 | E59: =C59/D59 -> 1467.1815 | F59: =E59*B$125 -> 0.16447104 | G59: =E59*B$126 -> 1644.7104 | H59: 1 | I59: =F59*H59 -> 0.16447104 | J59: =G59*H59 -> 1644.7104 | K59: =J59 -> 1644.7104
A60: Corn Syrup (HFCS) | C60: 27.3 | D60: 0.0033 | E60: =C60/D60 -> 8272.7273 | F60: =E60*B$125 -> 0.92737273 | G60: =E60*B$126 -> 9273.7273 | H60: 1 | I60: =F60*H60 -> 0.92737273 | J60: =G60*H60 -> 9273.7273 | K60: =J60 -> 9273.7273
A61: Sugar,cane and beet | C61: 102.6 | D61: 0.00185 | E61: =C61/D61 -> 55459.459 | F61: =E61*B$125 -> 6.2170054 | G61: =E61*B$126 -> 62170.054 | H61: 1 | I61: =F61*H61 -> 6.2170054 | J61: =G61*H61 -> 62170.054 | K61: =J61 -> 62170.054
A62: Ag Dallas County | B62: Corn, Commodity | C62: =139.7*25.40117272 -> 3548.5438 | D62: 1 | E62: =C62/D62 -> 3548.5438 | F62: =E62*B$125 -> 0.39779176 | G62: =E62*B$126 -> 3977.9176 | H62: 1 | I62: =F62*H62 -> 0.39779176 | J62: =G62*H62 -> 3977.9176 | K62: =J62 -> 3977.9176
A63: Ag Dallas County | B63: Soybean , Commodity | C63: =47.1* 27.2155 -> 1281.8501 | D63: 1 | E63: =C63/D63 -> 1281.8501 | F63: =E63*B$125 -> 0.14369539 | G63: =E63*B$126 -> 1436.9539 | H63: 1 | I63: =F63*H63 -> 0.14369539 | J63: =G63*H63 -> 1436.9539 | K63: =J63 -> 1436.9539
A64: Ag Guthrie County | B64: Corn, Commodity | C64: =151.3*25.40117272 -> 3843.1974 | D64: 1 | E64: =C64/D64 -> 3843.1974 | F64: =E64*B$125 -> 0.43082243 | G64: =E64*B$126 -> 4308.2243 | H64: 1 | I64: =F64*H64 -> 0.43082243 | J64: =G64*H64 -> 4308.2243 | K64: =J64 -> 4308.2243
A65: Ag Guthrie County | B65: Soybean , Commodity | C65: =45.5* 27.2155 -> 1238.3052 | D65: 1 | E65: =C65/D65 -> 1238.3052 | F65: =E65*B$125 -> 0.13881402 | G65: =E65*B$126 -> 1388.1402 | H65: 1 | I65: =F65*H65 -> 0.13881402 | J65: =G65*H65 -> 1388.1402 | K65: =J65 -> 1388.1402
A66: Ag Jasper County | B66: Corn, Commodity | C66: =209.3*25.40117272 -> 5316.4655 | D66: 1 | E66: =C66/D66 -> 5316.4655 | F66: =E66*B$125 -> 0.59597578 | G66: =E66*B$126 -> 5959.7578 | H66: 1 | I66: =F66*H66 -> 0.59597578 | J66: =G66*H66 -> 5959.7578 | K66: =J66 -> 5959.7578
A67: Ag Jasper County | B67: Soybean , Commodity | C67: =56.5* 27.2155 -> 1537.6757 | D67: 1 | E67: =C67/D67 -> 1537.6757 | F67: =E67*B$125 -> 0.17237345 | G67: =E67*B$126 -> 1723.7345 | H67: 1 | I67: =F67*H67 -> 0.17237345 | J67: =G67*H67 -> 1723.7345 | K67: =J67 -> 1723.7345
A68: Ag Madison County | B68: Corn, Commodity | C68: =172*25.40117272 -> 4369.0017 | D68: 1 | E68: =C68/D68 -> 4369.0017 | F68: =E68*B$125 -> 0.48976509 | G68: =E68*B$126 -> 4897.6509 | H68: 1 | I68: =F68*H68 -> 0.48976509 | J68: =G68*H68 -> 4897.6509 | K68: =J68 -> 4897.6509
A69: Ag Madison County | B69: Soybean , Commodity | C69: =51.4* 27.2155 -> 1398.8767 | D69: 1 | E69: =C69/D69 -> 1398.8767 | F69: =E69*B$125 -> 0.15681408 | G69: =E69*B$126 -> 1568.1408 | H69: 1 | I69: =F69*H69 -> 0.15681408 | J69: =G69*H69 -> 1568.1408 | K69: =J69 -> 1568.1408
A70: Ag Polk County | B70: Corn, Commodity | C70: =150.2*25.40117272 -> 3815.2561 | D70: 1 | E70: =C70/D70 -> 3815.2561 | F70: =E70*B$125 -> 0.42769021 | G70: =E70*B$126 -> 4276.9021 | H70: 1 | I70: =F70*H70 -> 0.42769021 | J70: =G70*H70 -> 4276.9021 | K70: =J70 -> 4276.9021
A71: Ag Polk County | B71: Soybean , Commodity | C71: =50.2* 27.2155 -> 1366.2181 | D71: 1 | E71: =C71/D71 -> 1366.2181 | F71: =E71*B$125 -> 0.15315305 | G71: =E71*B$126 -> 1531.5305 | H71: 1 | I71: =F71*H71 -> 0.15315305 | J71: =G71*H71 -> 1531.5305 | K71: =J71 -> 1531.5305
A72: Ag Warren County | B72: Corn, Commodity | C72: =168*25.40117272 -> 4267.397 | D72: 1 | E72: =C72/D72 -> 4267.397 | F72: =E72*B$125 -> 0.47837521 | G72: =E72*B$126 -> 4783.7521 | H72: 1 | I72: =F72*H72 -> 0.47837521 | J72: =G72*H72 -> 4783.7521 | K72: =J72 -> 4783.7521
A73: Ag Warren County | B73: Soybean , Commodity | C73: =49.5* 27.2155 -> 1347.1672 | D73: 1 | E73: =C73/D73 -> 1347.1672 | F73: =E73*B$125 -> 0.15101745 | G73: =E73*B$126 -> 1510.1745 | H73: 1 | I73: =F73*H73 -> 0.15101745 | J73: =G73*H73 -> 1510.1745 | K73: =J73 -> 1510.1745
A75: Table 13.2: Preserved fruit and vegetable yields
A76: Apples & Applesauce | C76: 10.802803 | D76: 0.00041584786 | E76: =(C76/D76) -> 25977.778 | F76: =E76*B$125 -> 2.9121089 | G76: =E76*B$126 -> 29121.089 | H76: 0.95 | I76: =F76*H76 -> 2.7665034 | J76: =G76*H76 -> 27665.034 | K76: =J76 -> 27665.034
A77: Frozen Apples | C77: 0.12056078 | D77: 4.64e-06 | E77: =(C77/D77) -> 25982.927 | F77: =E77*B$125 -> 2.9126861 | G77: =E77*B$126 -> 29126.861 | H77: 0.95 | I77: =F77*H77 -> 2.7670518 | J77: =G77*H77 -> 27670.518 | K77: =J77 -> 27670.518
A78: Juiced Apples | C78: 68.0262 | D78: 0.0026186304 | E78: =(C78/D78) -> 25977.778 | F78: =E78*B$125 -> 2.9121089 | G78: =E78*B$126 -> 29121.089 | H78: 0.95 | I78: =F78*H78 -> 2.7665034 | J78: =G78*H78 -> 27665.034 | K78: =J78 -> 27665.034
A79: Frozen Blueberries | C79: 4.6 | D79: 0.00088 | E79: =(4.6/D79) -> 5227.2727 | F79: =E79*B$125 -> 0.58597727 | G79: =E79*B$126 -> 5859.7727 | H79: 0.95 | I79: =F79*H79 -> 0.55667841 | J79: =G79*H79 -> 5566.7841 | K79: =J79 -> 5566.7841
A80: Frozen Cherries | C80: 1.9168172 | D80: 0.0003 | E80: =(C80/D80) -> 6389.3906 | F80: =E80*B$125 -> 0.71625068 | G80: =E80*B$126 -> 7162.5068 | H80: 0.95 | I80: =F80*H80 -> 0.68043815 | J80: =G80*H80 -> 6804.3815 | K80: =J80 -> 6804.3815
A81: Juiced Grapes | C81: 13.7 | D81: 0.00091 | E81: =(13.7/D81) -> 15054.945 | F81: =E81*B$125 -> 1.6876593 | G81: =E81*B$126 -> 16876.593 | H81: 0.95 | I81: =F81*H81 -> 1.6032764 | J81: =G81*H81 -> 16032.764 | K81: =J81 -> 16032.764
A82: Canned Pears | C82: 6 | D82: 0.0002 | E82: =(6/D82) -> 30000 | F82: =E82*B$125 -> 3.363 | G82: =E82*B$126 -> 33630 | H82: 0.95 | I82: =F82*H82 -> 3.19485 | J82: =G82*H82 -> 31948.5 | K82: =J82 -> 31948.5
A83: Frozen Raspberries | C83: 0.8 | D83: 0.00013 | E83: =(0.8/D83) -> 6153.8462 | F83: =E83*B$125 -> 0.68984615 | G83: =E83*B$126 -> 6898.4615 | H83: 0.95 | I83: =F83*H83 -> 0.65535385 | J83: =G83*H83 -> 6553.5385 | K83: =J83 -> 6553.5385
A84: Frozen Strawberries | C84: 1.5 | D84: 3e-05 | E84: =(1.5/D84) -> 50000 | F84: =E84*B$125 -> 5.605 | G84: =E84*B$126 -> 56050 | H84: 0.95 | I84: =F84*H84 -> 5.32475 | J84: =G84*H84 -> 53247.5 | K84: =J84 -> 53247.5
A85: Broccoli, Frozen | C85: 3.4 | D85: 0.00023 | E85: =(3.4/D85) -> 14782.609 | F85: =E85*B$125 -> 1.6571304 | G85: =E85*B$126 -> 16571.304 | H85: 0.95 | I85: =F85*H85 -> 1.5742739 | J85: =G85*H85 -> 15742.739 | K85: =J85 -> 15742.739
A86: Spinach, Frozen | C86: 0.8 | D86: 5e-05 | E86: =(C86/D86) -> 16000 | F86: =E86*B$125 -> 1.7936 | G86: =E86*B$126 -> 17936 | H86: 0.95 | I86: =F86*H86 -> 1.70392 | J86: =G86*H86 -> 17039.2 | K86: =J86 -> 17039.2
A87: Carrots, Canned | C87: 4.4 | D87: 8.2487351e-05 | E87: =(C87/D87) -> 53341.512 | F87: =E87*B$125 -> 5.9795835 | G87: =E87*B$126 -> 59795.835 | H87: 0.95 | I87: =F87*H87 -> 5.6806043 | J87: =G87*H87 -> 56806.043 | K87: =J87 -> 56806.043
A88: Carrots, Frozen | C88: 4.4 | D88: 8.3218458e-05 | E88: =(C88/D88) -> 52872.886 | F88: =E88*B$125 -> 5.9270505 | G88: =E88*B$126 -> 59270.505 | H88: 0.95 | I88: =F88*H88 -> 5.630698 | J88: =G88*H88 -> 56306.98 | K88: =J88 -> 56306.98
A89: Tomato, Canned | C89: 192.4 | D89: 0.0025017063 | E89: =(C89/D89) -> 76907.508 | F89: =E89*B$125 -> 8.6213316 | G89: =E89*B$126 -> 86213.316 | H89: 0.95 | I89: =F89*H89 -> 8.190265 | J89: =G89*H89 -> 81902.65 | K89: =J89 -> 81902.65
A90: Corn, Sweet, Canned | C90: 12.7 | D90: 0.00087 | E90: =(C90/D90) -> 14597.701 | F90: =E90*B$125 -> 1.6364023 | G90: =E90*B$126 -> 16364.023 | H90: 0.95 | I90: =F90*H90 -> 1.5545822 | J90: =G90*H90 -> 15545.822 | K90: =J90 -> 15545.822
A91: Corn, Sweet, Frozen | C91: 17 | D91: 0.00105 | E91: =(C91/D91) -> 16190.476 | F91: =E91*B$125 -> 1.8149524 | G91: =E91*B$126 -> 18149.524 | H91: 0.95 | I91: =F91*H91 -> 1.7242048 | J91: =G91*H91 -> 17242.048 | K91: =J91 -> 17242.048
A92: Green Peas, Canned | C92: 1.6 | D92: 0.00044 | E92: =(C92/D92) -> 3636.3636 | F92: =E92*B$125 -> 0.40763636 | G92: =E92*B$126 -> 4076.3636 | H92: 0.95 | I92: =F92*H92 -> 0.38725455 | J92: =G92*H92 -> 3872.5455 | K92: =J92 -> 3872.5455
A93: Green Peas, Frozen | C93: 2.6 | D93: 0.00066 | E93: =(C93/D93) -> 3939.3939 | F93: =E93*B$125 -> 0.44160606 | G93: =E93*B$126 -> 4416.0606 | H93: 0.95 | I93: =F93*H93 -> 0.41952576 | J93: =G93*H93 -> 4195.2576 | K93: =J93 -> 4195.2576
A94: Potatoes, Canned | C94: 1.5 | D94: 4e-05 | E94: =(C94/D94) -> 37500 | F94: =E94*B$125 -> 4.20375 | G94: =E94*B$126 -> 42037.5 | H94: 0.95 | I94: =F94*H94 -> 3.9935625 | J94: =G94*H94 -> 39935.625 | K94: =J94 -> 39935.625
A95: Potatoes, Frozen | C95: 92 | D95: 0.00239 | E95: =(C95/D95) -> 38493.724 | F95: =E95*B$125 -> 4.3151464 | G95: =E95*B$126 -> 43151.464 | H95: 0.95 | I95: =F95*H95 -> 4.0993891 | J95: =G95*H95 -> 40993.891 | K95: =J95 -> 40993.891
A96: Canned Cabbage | C96: 1.6 | D96: 3e-05 | E96: =(C96/D96) -> 53333.333 | F96: =E96*B$125 -> 5.9786667 | G96: =E96*B$126 -> 59786.667 | H96: 0.95 | I96: =F96*H96 -> 5.6797333 | J96: =G96*H96 -> 56797.333 | K96: =J96 -> 56797.333
A97: Snap Beans, Canned | C97: 5.2 | D97: 0.00067 | E97: =(C97/D97) -> 7761.194 | F97: =E97*B$125 -> 0.87002985 | G97: =E97*B$126 -> 8700.2985 | H97: 0.95 | I97: =F97*H97 -> 0.82652836 | J97: =G97*H97 -> 8265.2836 | K97: =J97 -> 8265.2836
... A100: Dried Peas (and lentils) | C100: 2.2 | D100: 0.00147 | E100: =(C100/D100) -> 1496.5986 | F100: =E100*B$125 -> 0.16776871 | G100: =E100*B$126 -> 1677.6871 | H100: 0.95 | I100: =F100*H100 -> 0.15938027 | J100: =G100*H100 -> 1593.8027 | K100: =J100 -> 1593.8027
A102: Sources
A103: Peters, C.J., Picardy, J., Darrouzet-Nardi, A.F., Wilkins, J.L., Griffin, T.S., Fick, G.W., 2016. Carrying capacity of U.S. agricultural land: Ten diet scenarios. Elementa 2016. https://doi.org/10.12952/journal.elementa.000116
A104: USDA, n.d. Conversion Factors and Tables [WWW Document]. United States Department of Agriculture. URL https://efotg.sc.egov.usda.gov/references/Delete/2017-1-21/Archived_Conversion_Factor_Tables_170118.pdf (accessed 5.31.21b).
...

Sheet 14. Land Req 
A1: Table 14.1: Agricultural land requirements
B2: Ag production nationwide for 50% MSA (includes waste/loss) | C2: Ag production in MSA for 50% MSA (includes waste/loss) | D2: Cropland | F2: Grazing/forage land
A3: =[5]Diets!B2 -> Food | B3: BASE (kg/MSA/yr) | C3: LOCAL (kg/MSA/yr) | D3: BASE (ha/MSA/yr) | E3: LOCAL (ha/MSA/yr) | F3: BASE (ha/MSA/yr) | G3: LOCAL (ha/MSA/yr)
A4: Chicken | B4: ='11. Diet'!J3*(PRODUCT('18. Waste, Losses'!D4:H4)) -> 47477289 | C4: ='11. Diet'!J3*(PRODUCT('18. Waste, Losses'!H4:L4)) -> 40543749 | D4: =B4/(('13. Yields'!G3/('6. ABM-LCA Inputs'!B52))+('13. Yields'!G4/'6. ABM-LCA Inputs'!C52)) -> 4901.0293 | E4: =(C4/(('13. Yields'!K3/'6. ABM-LCA Inputs'!B52)+('13. Yields'!K4/'6. ABM-LCA Inputs'!C52))*'15. Ag Prod'!G45) -> 4185.2875 | G4: =E4*('15. Ag Prod'!E45/'15. Ag Prod'!F45) -> 334.823
A5: Beef | B5: ='11. Diet'!J4*(PRODUCT('18. Waste, Losses'!D5:H5)) -> 35853401 | C5: ='11. Diet'!J4*(PRODUCT('18. Waste, Losses'!H5:L5)) -> 32269842 | D5: =B5/(('13. Yields'!G7/('6. ABM-LCA Inputs'!$B53))+('13. Yields'!G8/('6. ABM-LCA Inputs'!$C53))) -> 1701.0563 | E5: =(C5/(('13. Yields'!K7/'6. ABM-LCA Inputs'!$B53)+('13. Yields'!K8/'6. ABM-LCA Inputs'!$C53)))*'15. Ag Prod'!G46 -> 765.51758 | F5: =B5/ (('13. Yields'!G5/'6. ABM-LCA Inputs'!$D53) + ('13. Yields'!G6/'6. ABM-LCA Inputs'!$F53)) -> 38928.865 | G5: =(C5/ (('13. Yields'!K5/'6. ABM-LCA Inputs'!$D53) + ('13. Yields'!K6/'6. ABM-LCA Inputs'!$F53))) * '15. Ag Prod'!H46 -> 36932.248
A6: Pork | B6: ='11. Diet'!J5*(PRODUCT('18. Waste, Losses'!D6:H6)) -> 23813788 | C6: ='11. Diet'!J5*(PRODUCT('18. Waste, Losses'!H6:L6)) -> 21398036 | D6: =B6/(('13. Yields'!G9/('6. ABM-LCA Inputs'!$B54))+('13. Yields'!G10/('6. ABM-LCA Inputs'!$C54))) -> 3081.7382 | E6: =(C6/(('13. Yields'!K9/'6. ABM-LCA Inputs'!$B54)+('13. Yields'!K10/'6. ABM-LCA Inputs'!$C54)))*'15. Ag Prod'!G47 -> 3599.851 | G6: =E6*('15. Ag Prod'!E47/'15. Ag Prod'!F47) -> 443.05858
A7: Eggs | B7: ='11. Diet'!J6*(PRODUCT('18. Waste, Losses'!D7:H7)) -> 7500296.5 | C7: ='11. Diet'!J6*(PRODUCT('18. Waste, Losses'!H7:L7)) -> 6819240.4 | D7: =B7/(('13. Yields'!G11/('6. ABM-LCA Inputs'!$B55))+('13. Yields'!G12/('6. ABM-LCA Inputs'!$C55))) -> 889.68046 | E7: =(C7/(('13. Yields'!K11/'6. ABM-LCA Inputs'!$B55)+('13. Yields'!K12/'6. ABM-LCA Inputs'!$C55)))*'15. Ag Prod'!G48 -> 808.89402 | G7: =E7*('15. Ag Prod'!E48/'15. Ag Prod'!F48) -> 40.444701
A8: Dry Beans | B8: ='11. Diet'!J7*(PRODUCT('18. Waste, Losses'!D8:H8)) -> 2466173.5 | C8: ='11. Diet'!J7*(PRODUCT('18. Waste, Losses'!H8:L8)) -> 2368451.4 | D8: =B8/'13. Yields'!G13 -> 1308.9068 | E8: =C8/'13. Yields'!$K13 -> 1257.0414
A9: Cheese | B9: ='11. Diet'!J8*(PRODUCT('18. Waste, Losses'!D9:H9)) -> 45182450 | C9: ='11. Diet'!J8*(PRODUCT('18. Waste, Losses'!H9:L9)) -> 42264126 | D9: =B9/(('13. Yields'!G16/('6. ABM-LCA Inputs'!$E56)) + ('13. Yields'!G17/('6. ABM-LCA Inputs'!$B56)) + ('13. Yields'!G18/('6. ABM-LCA Inputs'!$C56))) -> 317.16283 | E9: =(C9/(('13. Yields'!K16/'6. ABM-LCA Inputs'!$E56)+('13. Yields'!K17/'6. ABM-LCA Inputs'!$B56)+('13. Yields'!K18/'6. ABM-LCA Inputs'!$C56)))*'15. Ag Prod'!G49 -> 178.00641 | F9: =B9/ (('13. Yields'!G14/'6. ABM-LCA Inputs'!$D56) + ('13. Yields'!G15/'6. ABM-LCA Inputs'!$D56)) -> 2515.1087 | G9: =(C9/ (('13. Yields'!K14/'6. ABM-LCA Inputs'!$D56) + ('13. Yields'!K15/'6. ABM-LCA Inputs'!$D56))) *'15. Ag Prod'!H49 -> 4705.3168
A10: Milk | B10: ='11. Diet'!J9*(PRODUCT('18. Waste, Losses'!D10:H10)) -> 29634327 | C10: ='11. Diet'!J9*(PRODUCT('18. Waste, Losses'!H10:L10)) -> 26178223 | D10: =B10/(('13. Yields'!G16/('6. ABM-LCA Inputs'!$E56))+('13. Yields'!G17/('6. ABM-LCA Inputs'!$B56))+('13. Yields'!G18/('6. ABM-LCA Inputs'!$C56))) -> 208.02118 | E10: =(C10/(('13. Yields'!K16/'6. ABM-LCA Inputs'!$E56) + ('13. Yields'!K17/'6. ABM-LCA Inputs'!$B56) + ('13. Yields'!K18/'6. ABM-LCA Inputs'!$C56))) *'15. Ag Prod'!G50 -> 110.25643 | F10: =B10/ (('13. Yields'!G19/'6. ABM-LCA Inputs'!$D56) + ('13. Yields'!G20/'6. ABM-LCA Inputs'!$D56)) -> 1649.6129 | G10: =(C10/ (('13. Yields'!K19/'6. ABM-LCA Inputs'!$D56) + ('13. Yields'!K20/'6. ABM-LCA Inputs'!$D56)))*'15. Ag Prod'!H50 -> 2032.6621
A11: Apple | B11: ='11. Diet'!J10*(PRODUCT('18. Waste, Losses'!D11:H11)) -> 6487264.4 | C11: ='11. Diet'!J10*(PRODUCT('18. Waste, Losses'!H11:L11)) -> 5631601.7 | D11: =B11/'13. Yields'!G24 -> 222.86235 | E11: =C11/'13. Yields'!K24 -> 311.54116
A12: Melon (all types) | B12: ='11. Diet'!J11*(PRODUCT('18. Waste, Losses'!D12:H12)) -> 12741857 | C12: ='11. Diet'!J11*(PRODUCT('18. Waste, Losses'!H12:L12)) -> 9104410.3 | D12: =B12/'13. Yields'!G25 -> 460.41557 | E12: =C12/'13. Yields'!K25 -> 335.26252
A13: Blueberries | B13: ='11. Diet'!J12*(PRODUCT('18. Waste, Losses'!D13:H13)) -> 723215.01 | C13: ='11. Diet'!J12*(PRODUCT('18. Waste, Losses'!H13:L13)) -> 637045.91 | D13: =B13/'13. Yields'!G26 -> 97.320906 | E13: =C13/'13. Yields'!K26 -> 142.11768
A14: Cherries | B14: ='11. Diet'!J13*(PRODUCT('18. Waste, Losses'!D14:H14)) -> 216963.46 | C14: ='11. Diet'!J13*(PRODUCT('18. Waste, Losses'!H14:L14)) -> 189448.05 | D14: =B14/'13. Yields'!G27 -> 27.09624 | E14: =C14/'13. Yields'!K27 -> 23.659881
A15: Grapes | B15: ='11. Diet'!J14*(PRODUCT('18. Waste, Losses'!D15:H15)) -> 2511589.3 | C15: ='11. Diet'!J14*(PRODUCT('18. Waste, Losses'!H15:L15)) -> 2195179.8 | D15: =B15/'13. Yields'!G28 -> 149.366 | E15: =C15/'13. Yields'!K28 -> 326.37226
A16: Pears | B16: ='11. Diet'!J15*(PRODUCT('18. Waste, Losses'!D16:H16)) -> 1230891.9 | C16: ='11. Diet'!J15*(PRODUCT('18. Waste, Losses'!H16:L16)) -> 1033192.1 | D16: =B16/'13. Yields'!G29 -> 37.801042 | E16: =C16/'13. Yields'!K29 -> 51.209849
A17: Raspberries | B17: ='11. Diet'!J16*(PRODUCT('18. Waste, Losses'!D17:H17)) -> 308152.71 | C17: ='11. Diet'!J16*(PRODUCT('18. Waste, Losses'!H17:L17)) -> 276621.07 | D17: =B17/'13. Yields'!G30 -> 41.233637 | E17: =C17/'13. Yields'!K30 -> 66.692643
A18: Strawberries | B18: ='11. Diet'!J17*(PRODUCT('18. Waste, Losses'!D18:H18)) -> 2162709.4 | C18: ='11. Diet'!J17*(PRODUCT('18. Waste, Losses'!H18:L18)) -> 1870511.8 | D18: =B18/'13. Yields'!G31 -> 42.202737 | E18: =C18/'13. Yields'!K31 -> 128.37041
A19: Fruits preserved | B19: ='11. Diet'!J18*(PRODUCT('18. Waste, Losses'!D19:H19)) -> 14680270 | C19: ='11. Diet'!J18*(PRODUCT('18. Waste, Losses'!H19:L19)) -> 12899181 | D19: =B19/'13. Yields'!G32 -> 522.85569 | E19: =C19/'13. Yields'!K32 -> 467.47415
A20: Broccoli | B20: ='11. Diet'!J19*(PRODUCT('18. Waste, Losses'!D20:H20)) -> 2257360.8 | C20: ='11. Diet'!J19*(PRODUCT('18. Waste, Losses'!H20:L20)) -> 1772043.2 | D20: =B20/'13. Yields'!G33 -> 135.92494 | E20: =C20/'13. Yields'!K33 -> 116.7801
A21: Collard Greens | B21: ='11. Diet'!J20*(PRODUCT('18. Waste, Losses'!D21:H21)) -> 463412.28 | C21: ='11. Diet'!J20*(PRODUCT('18. Waste, Losses'!H21:L21)) -> 327043.19 | D21: =B21/'13. Yields'!G34 -> 34.449322 | E21: =C21/'13. Yields'!K34 -> 24.311864
A22: Kale | B22: ='11. Diet'!J21*(PRODUCT('18. Waste, Losses'!D22:H22)) -> 127194.56 | C22: ='11. Diet'!J21*(PRODUCT('18. Waste, Losses'!H22:L22)) -> 90460.285 | D22: =B22/'13. Yields'!G35 -> 4.5386105 | E22: =C22/'13. Yields'!K35 -> 3.2278425
... A31: Corn, Sweet | B31: ='11. Diet'!J30*(PRODUCT('18. Waste, Losses'!D31:H31)) -> 2067420 | C31: ='11. Diet'!J30*(PRODUCT('18. Waste, Losses'!H31:L31)) -> 1481862.8 | D31: =B31/'13. Yields'!G44 -> 156.76244 | E31: =C31/'13. Yields'!K44 -> 127.33158
A32: Green Peas | B32: ='11. Diet'!J31*(PRODUCT('18. Waste, Losses'!D32:H32)) -> 0 | C32: ='11. Diet'!J31*(PRODUCT('18. Waste, Losses'!H32:L32)) -> 0
A33: Potatoes | B33: ='11. Diet'!J32*(PRODUCT('18. Waste, Losses'!D33:H33)) -> 11330939 | C33: ='11. Diet'!J32*(PRODUCT('18. Waste, Losses'!H33:L33)) -> 10014448 | D33: =B33/'13. Yields'!G46 -> 262.25864 | E33: =C33/'13. Yields'!K46 -> 256.40547
A34: Vegetables preserved | B34: ='11. Diet'!J33*(PRODUCT('18. Waste, Losses'!D34:H34)) -> 18002477 | C34: ='11. Diet'!J33*(PRODUCT('18. Waste, Losses'!H34:L34)) -> 14472713 | D34: =B34/'13. Yields'!G47 -> 446.80745 | E34: =C34/'13. Yields'!K47 -> 420.71655
A35: Dry Beans | B35: ='11. Diet'!J34*(PRODUCT('18. Waste, Losses'!D35:H35)) -> 1553495.1 | C35: ='11. Diet'!J34*(PRODUCT('18. Waste, Losses'!H35:L35)) -> 1491937.9 | D35: =B35/'13. Yields'!G48 -> 824.50822 | E35: =C35/'13. Yields'!K48 -> 833.51272
A36: Beans, Snap | B36: ='11. Diet'!J35*(PRODUCT('18. Waste, Losses'!D36:H36)) -> 496811.32 | C36: ='11. Diet'!J35*(PRODUCT('18. Waste, Losses'!H36:L36)) -> 416313.05 | D36: =B36/'13. Yields'!G49 -> 72.017698 | E36: =C36/'13. Yields'!K49 -> 30.754054
A37: Cabbage | B37: ='11. Diet'!J36*(PRODUCT('18. Waste, Losses'!D37:H37)) -> 1795811.1 | C37: ='11. Diet'!J36*(PRODUCT('18. Waste, Losses'!H37:L37)) -> 1493503 | D37: =B37/'13. Yields'!G50 -> 47.583341 | E37: =C37/'13. Yields'!K50 -> 37.906383
A38: Cucumber | B38: ='11. Diet'!J37*(PRODUCT('18. Waste, Losses'!D38:H38)) -> 1919828.9 | C38: ='11. Diet'!J37*(PRODUCT('18. Waste, Losses'!H38:L38)) -> 1594984.6 | D38: =B38/'13. Yields'!G51 -> 93.414752 | E38: =C38/'13. Yields'!K51 -> 87.564625
A39: Lettuce, Iceberg | B39: ='11. Diet'!J38*(PRODUCT('18. Waste, Losses'!D39:H39)) -> 2766639.7 | C39: ='11. Diet'!J38*(PRODUCT('18. Waste, Losses'!H39:L39)) -> 2367899.4 | D39: =B39/'13. Yields'!G52 -> 67.309375 | E39: =C39/'13. Yields'!K52 -> 65.165719
A40: Onions | B40: ='11. Diet'!J39*(PRODUCT('18. Waste, Losses'!D40:H40)) -> 6121261.9 | C40: ='11. Diet'!J39*(PRODUCT('18. Waste, Losses'!H40:L40)) -> 5085333.6 | D40: =B40/'13. Yields'!G53 -> 117.16942 | E40: =C40/'13. Yields'!K53 -> 93.924289
A41: Squash | B41: ='11. Diet'!J40*(PRODUCT('18. Waste, Losses'!D41:H41)) -> 1408711.2 | C41: ='11. Diet'!J40*(PRODUCT('18. Waste, Losses'!H41:L41)) -> 1177671.6 | D41: =B41/'13. Yields'!G54 -> 81.074568 | E41: =C41/'13. Yields'!K54 -> 59.19192
A42: Vegetables preserved | B42: ='11. Diet'!J41*(PRODUCT('18. Waste, Losses'!D42:H42)) -> 2317754.8 | C42: ='11. Diet'!J41*(PRODUCT('18. Waste, Losses'!H42:L42)) -> 1935835.6 | D42: =B42/'13. Yields'!G55 -> 202.94818 | E42: =C42/'13. Yields'!K55 -> 145.58873
A43: Whole Wheat / All Purpose Flour | B43: ='11. Diet'!J42*(PRODUCT('18. Waste, Losses'!D43:H43)) -> 36103277 | C43: ='11. Diet'!J42*(PRODUCT('18. Waste, Losses'!H43:L43)) -> 31760965 | D43: =B43/'13. Yields'!G56 -> 12803.739 | E43: =C43/'13. Yields'!K56 -> 11263.773
A44: Corn flour | B44: ='11. Diet'!J43*(PRODUCT('18. Waste, Losses'!D44:H44)) -> 12429954 | C44: ='11. Diet'!J43*(PRODUCT('18. Waste, Losses'!H44:L44)) -> 10934944 | D44: =B44/'13. Yields'!G57 -> 1338.1397 | E44: =C44/'13. Yields'!K57 -> 1177.1953
... A48: Sugar,cane and beet | B48: ='11. Diet'!J47*(PRODUCT('18. Waste, Losses'!D48:H48)) -> 18385094 | C48: ='11. Diet'!J47*(PRODUCT('18. Waste, Losses'!H48:L48)) -> 16885107 | D48: =B48/'13. Yields'!G61 -> 295.72267 | E48: =C48/'13. Yields'!K61 -> 271.5955
A49: Corn, Commodity | B49: =(B54*'13. Yields'!J62)+(B55*'13. Yields'!J64)+(B56*'13. Yields'!J66)+(B57*'13. Yields'!J68)+(B58*'13. Yields'!J70)+(B59*'13. Yields'!J72) -> 1.1836119e+09 | C49: =(B49/D49)*E49 -> 1.0034679e+09 | D49: =SUM(B54:B59) -> 248670.24 | E49: =D49*(SUM(E$4:E$48)/SUM(D$4:D$48)) -> 210823
A50: Soybean, Commodity | B50: =(C54*'13. Yields'!J63)+(C55*'13. Yields'!J65)+(C56*'13. Yields'!J67)+(C57*'13. Yields'!J69)+(C58*'13. Yields'!J71)+(C59*'13. Yields'!J73) -> 3.3797684e+08 | C50: =(B50/D50)*E50 -> 2.8653727e+08 | D50: =SUM(C54:C59) -> 220011.59 | E50: =D50*(SUM(E$4:E$48)/SUM(D$4:D$48)) -> 186526.16
A52: Table 14.2: Corn and soybeans by county (ha)
B53: Corn, commodity (ha) | C53: Soybean, commodity (ha)
A54: Dallas | B54: =135452*B68 -> 54815.528 | C54: =100679*B68 -> 40743.382
A55: Guthrie | B55: =112718*B68 -> 45615.397 | C55: =101168*B68 -> 40941.273
A56: Jasper | B56: =155986*B68 -> 63125.35 | C56: =133023*B68 -> 53832.546
A57: Madison | B57: =62854*B68 -> 25436.134 | C57: =67071*B68 -> 27142.695
A58: Polk | B58: =84022*B68 -> 34002.527 | C58: =72965*B68 -> 29527.914
A59: Warren | B59: =63445*B68 -> 25675.303 | C59: =68754*B68 -> 27823.781
A61: Sources
A62: *Land Availability data from Ag Census 2017
A63: Peters, C.J., Picardy, J.A., Darrouzet-Nardi, A., Griffin, T.S., 2014. Feed conversions, ration compositions, and land use efficiencies of major livestock products in U.S. agricultural systems. Agric. Syst. 130, 35–43. https://doi.org/10.1016/j.agsy.2014.06.005
A65: Notes
A66: Total farmland in MSA | B66: =694348.5 -> 694348.5
A67: Total cropland in MSA | B67: 560461.34
A68: Conversion: Ac to Ha | B68: 0.404686
A69: Land use adjustments for animal products in the LOCAL scenario are added in this tab based on land use assumptions from Flachowsky et al. (2017) in the Ag Prod tab.
A71: Equations
A72: Table 14.1 column B, Ag production nationwide for 50% MSA (includes waste/loss) BASE (kg/MSA/yr) | B72: 11.1 50% MSA consumption (kg/MSA/yr) * (18.1 Conversion (kg farm commodity / kg product) + 18.1 LOCAL/LOCALDIET: Loss Adjustment Factors)
A73: Table 14.1 column C, Ag production in MSA for 50% MSA (includes waste/loss) LOCAL (kg/MSA/yr) | B73: 11.1 50% MSA consumption (kg/MSA/yr) * (18.1 Conversion (kg farm commodity / kg product) + 18.1 LOCAL/LOCALDIET: Loss Adjustment Factors )
A74: Table 14.1 column D, Cropland BASE (ha/MSA/yr) | B74: 14.1 BASE (kg/MSA/yr) / (13.1 2020 US yield (kg/hectare/yr) feed 1 / 6.2 feed 1 feed to liveweight conversion) + ... feed 2... )
A75: Table 14.1 column E, Cropland LOCAL (ha/MSA/yr) | B75: (14.1 LOCAL (kg/MSA/yr) / (13.1 Modeled MSA yield (kg/ha/yr) feed 1 / 6.2 feed 1 feed to liveweight conversion) +... feed 2...)) * 15.2 Cropland adjustment factor (BASE to LOCAL)
A76: Table 14.1 column G, Grazing / forage land LOCAL (ha/MSA/yr) - Chicken, Pork, Eggs | B76: 14.1 Cropland LOCAL (ha/MSA/yr) * (15.2 LOCAL Grassland (m2/kg protein) /15.2 LOCAL Grassland (m2/kg protein))
A77: Table 14.1 column G, Grazing / forage land LOCAL (ha/MSA/yr) -Beef, Cheese, Milk | B77: (14.1 Ag production: LOCAL (kg/MSA/yr) / ((13.1 yield forage 1 / 6.2 forage 1 feed to liveweight conversion) + … grazing pasture yield …)) * 15.2 Forage/grazing adjustment factor (BASE to LOCAL)
A78: Table 14.1 column C, Ag production in MSA for 50% MSA (includes waste/loss) LOCAL (kg/MSA/yr) - Corn, Commodity & Soybean, Commodity | B78: (14.1 Ag production: BASE (kg/MSA/yr) / 14.1 Cropland: BASE (ha/MSA/yr)) * 14.1 Cropland: LOCAL (ha/MSA/yr)
A79: Table 14.1 column E, Cropland LOCAL (kg/MSA/yr) - Corn, Commodity & Soybean, Commodity | B79: 14.1 Cropland: BASE (ha/MSA/yr) [Corn, commodity or Soybean, commodity] * (14.1 Cropland: LOCAL (ha/MSA/yr) [Sum - Corn or Soybean commodity] / 14.1 Cropland: BASE (ha/MSA/yr) [Sum - Corn or Soybean commodity])

Sheet 15. Ag Prod
A1: Table 15.1: Agricultural production BASE to LOCAL GWP and energy
B2: BASE | C2: LOCAL | D2: BASE | M2: LOCAL
B3: Total energy (MJ) | C3: Total energy (MJ) | D3: Total GWP (CO2eq) | E3: Fertilizer (CO2eq) | F3: Pesticide (CO2eq) | G3: Other farm input (CO2eq) | H3: Electricity (CO2eq) | I3: Fuel (CO2eq) | J3: Water (CO2eq) | K3: Production (%) | L3: Adjustment factor (BASE to LOCAL) GWP | M3: Total GWP (CO2eq) | N3: Fertilizer (CO2eq) | O3: Pesticide (CO2eq) | P3: Other farm input (CO2eq) | Q3: Electricity (CO2eq) | R3: Fuel (CO2eq) | S3: Water (CO2eq) | T3: Production (%)
A4: Chicken | B4: 20.64342 | C4: 20.418073 | D4: 1.9251 | L4: =(M4/D4) -> 0.85964912 | M4: 1.6549105
A5: Beef | B5: 63.412 | C5: 80.344 | D5: 24.568 | L5: =(M5/D5) -> 1.2972973 | M5: 31.872
A6: Pork | B6: 13.8 | C6: 17.606897 | D6: 3.5094828 | L6: =(M6/D6) -> 1.1084746 | M6: 3.8901724
A7: Eggs | B7: 11.2477 | C7: 11.4706 | D7: 2.4425 | L7: =(M7/D7) -> 0.98186285 | M7: 2.3982
A8: Cheese | B8: 25.8 | C8: 20 | D8: 12.8 | L8: =(M8/D8) -> 1.140625 | M8: 14.6
A9: Milk | B9: 2.58 | C9: 2 | D9: 1.28 | L9: =(M9/D9) -> 1.140625 | M9: 1.46
